Workbook

Sheet Comments
A1: Banchory-Ternan West Parish Church
A2: Accounts
A3: 46173
A6: Overall Funds
A7: Income is £5k above budget, giving and gift aid is £5k over budget, investment income is £2k above budget
A8: Expenditure is £3k over budget, salaries are £2k under budget, fabric is £3k over budget, heat and light is £2k over budget, Youth programme is £1k over budget
A9: Ordinary Income is £3k up from last year - this is giving and gift aid
A10: Expenditure is up £13k from last year, Giving 2Grow is up £2k, salaries £1k, fabric by £8k, heat and light by £1k, youth programme is down by £1k, music & IT by £4k
A11: We have c. £180k in our bank accounts
A13: Budgeted deficit for ordinary income and expenditure is £13k.
A14: Forecast deficit for ordinary income and expenditure is £13k.

Sheet Income - Overall
A1: Banchory-Ternan West Parish Church
A2: Income & Expenditure Statement | Y2: 5 | AB2: 5
A3: =Comments!A3 -> 46173 | AB3: Same
A4: OVERALL FUNDS: INCOME | AB4: Period
Q5: Gift Aid | R5: Wrong | S5: C Card | T5: Ministries | U5: ABA | V5: Church | Y5: YTD | AB5: 2025 | AD5: %
B6: Jan | C6: Feb | D6: Mar | E6: Apr | F6: May | G6: Jun | H6: Jul | I6: Aug | J6: Sep | K6: Oct | L6: Nov | M6: Dec | N6: Tot | O6: TB | P6: Variance | Q6: Transfer | R6: Year | S6: Transfer | T6: Council | U6: Funds | V6: Weekend | W6: Variance | Y6: Budget | Z6: Variance | AB6: Actual | AC6: Variance | AD6: Variance
A7: Incoming Resources from Generated Funds
A8: Voluntary Income
A9: Offerings
A10: Gift Aid Standing Orders | B10: ='Income - General'!C10+'Income - Fabric'!C10+'Income - FlowerFund'!C10+'Income - SSchoolFund'!C10+'Income - Guild'!C10+'Income - Organ'!C10+'Income - SfSFund'!C10+'Income - Benevolent'!C10+'Income - Friday'!C10 -> 5873 | C10: ='Income - General'!D10+'Income - Fabric'!D10+'Income - FlowerFund'!D10+'Income - SSchoolFund'!D10+'Income - Guild'!D10+'Income - Organ'!D10+'Income - SfSFund'!D10+'Income - Benevolent'!D10+'Income - Friday'!D10 -> 6113 | D10: ='Income - General'!E10+'Income - Fabric'!E10+'Income - FlowerFund'!E10+'Income - SSchoolFund'!E10+'Income - Guild'!E10+'Income - Organ'!E10+'Income - SfSFund'!E10+'Income - Benevolent'!E10+'Income - Friday'!E10 -> 6308 | E10: ='Income - General'!F10+'Income - Fabric'!F10+'Income - FlowerFund'!F10+'Income - SSchoolFund'!F10+'Income - Guild'!F10+'Income - Organ'!F10+'Income - SfSFund'!F10+'Income - Benevolent'!F10+'Income - Friday'!F10 -> 6178 | F10: ='Income - General'!G10+'Income - Fabric'!G10+'Income - FlowerFund'!G10+'Income - SSchoolFund'!G10+'Income - Guild'!G10+'Income - Organ'!G10+'Income - SfSFund'!G10+'Income - Benevolent'!G10+'Income - Friday'!G10 -> 7273.41 | G10: ='Income - General'!H10+'Income - Fabric'!H10+'Income - FlowerFund'!H10+'Income - SSchoolFund'!H10+'Income - Guild'!H10+'Income - Organ'!H10+'Income - SfSFund'!H10+'Income - Benevolent'!H10+'Income - Friday'!H10 -> 0 | H10: ='Income - General'!I10+'Income - Fabric'!I10+'Income - FlowerFund'!I10+'Income - SSchoolFund'!I10+'Income - Guild'!I10+'Income - Organ'!I10+'Income - SfSFund'!I10+'Income - Benevolent'!I10+'Income - Friday'!I10 -> 0 | I10: ='Income - General'!J10+'Income - Fabric'!J10+'Income - FlowerFund'!J10+'Income - SSchoolFund'!J10+'Income - Guild'!J10+'Income - Organ'!J10+'Income - SfSFund'!J10+'Income - Benevolent'!J10+'Income - Friday'!J10 -> 0 | ... M10: ='Income - General'!N10+'Income - Fabric'!N10+'Income - FlowerFund'!N10+'Income - SSchoolFund'!N10+'Income - Guild'!N10+'Income - Organ'!N10+'Income - SfSFund'!N10+'Income - Benevolent'!N10+'Income - Friday'!N10 -> 0 | N10: =SUM(B10:M10) -> 31745.41 | P10: =N10-O10 -> 31745.41 | W10: =SUM(P10:V10) -> 31745.41 | Y10: =SUMIF('Income - OverallBUD'!$C$4:$N$4,'Income - Overall'!$Y$2,'Income - OverallBUD'!$C10:$N10) -> 26000 | Z10: =N10-Y10 -> 5745.41 | AB10: =SUMIF('Income - OverallPY'!$B$4:$N$4,'Income - Overall'!$AB$2,'Income - OverallPY'!$B10:$M10) -> 31440.76 | AC10: =N10-AB10 -> 304.65 | AD10: =IF(ISERROR((N10/AB10)-1),"-",(N10/AB10)-1) -> 0.0096896513
A11: Non Gift Aid standing | B11: ='Income - General'!C11+'Income - Fabric'!C11+'Income - FlowerFund'!C11+'Income - SSchoolFund'!C11+'Income - Guild'!C11+'Income - Organ'!C11+'Income - SfSFund'!C11+'Income - Benevolent'!C11+'Income - Friday'!C11 -> 502 | C11: ='Income - General'!D11+'Income - Fabric'!D11+'Income - FlowerFund'!D11+'Income - SSchoolFund'!D11+'Income - Guild'!D11+'Income - Organ'!D11+'Income - SfSFund'!D11+'Income - Benevolent'!D11+'Income - Friday'!D11 -> 452 | D11: ='Income - General'!E11+'Income - Fabric'!E11+'Income - FlowerFund'!E11+'Income - SSchoolFund'!E11+'Income - Guild'!E11+'Income - Organ'!E11+'Income - SfSFund'!E11+'Income - Benevolent'!E11+'Income - Friday'!E11 -> 470 | E11: ='Income - General'!F11+'Income - Fabric'!F11+'Income - FlowerFund'!F11+'Income - SSchoolFund'!F11+'Income - Guild'!F11+'Income - Organ'!F11+'Income - SfSFund'!F11+'Income - Benevolent'!F11+'Income - Friday'!F11 -> 457 | F11: ='Income - General'!G11+'Income - Fabric'!G11+'Income - FlowerFund'!G11+'Income - SSchoolFund'!G11+'Income - Guild'!G11+'Income - Organ'!G11+'Income - SfSFund'!G11+'Income - Benevolent'!G11+'Income - Friday'!G11 -> 457 | G11: ='Income - General'!H11+'Income - Fabric'!H11+'Income - FlowerFund'!H11+'Income - SSchoolFund'!H11+'Income - Guild'!H11+'Income - Organ'!H11+'Income - SfSFund'!H11+'Income - Benevolent'!H11+'Income - Friday'!H11 -> 0 | H11: ='Income - General'!I11+'Income - Fabric'!I11+'Income - FlowerFund'!I11+'Income - SSchoolFund'!I11+'Income - Guild'!I11+'Income - Organ'!I11+'Income - SfSFund'!I11+'Income - Benevolent'!I11+'Income - Friday'!I11 -> 0 | I11: ='Income - General'!J11+'Income - Fabric'!J11+'Income - FlowerFund'!J11+'Income - SSchoolFund'!J11+'Income - Guild'!J11+'Income - Organ'!J11+'Income - SfSFund'!J11+'Income - Benevolent'!J11+'Income - Friday'!J11 -> 0 | ... M11: ='Income - General'!N11+'Income - Fabric'!N11+'Income - FlowerFund'!N11+'Income - SSchoolFund'!N11+'Income - Guild'!N11+'Income - Organ'!N11+'Income - SfSFund'!N11+'Income - Benevolent'!N11+'Income - Friday'!N11 -> 0 | N11: =SUM(B11:M11) -> 2338 | P11: =N11-O11 -> 2338 | W11: =SUM(P11:V11) -> 2338 | Y11: =SUMIF('Income - OverallBUD'!$C$4:$N$4,'Income - Overall'!$Y$2,'Income - OverallBUD'!$C11:$N11) -> 2750 | Z11: =N11-Y11 -> -412 | AB11: =SUMIF('Income - OverallPY'!$B$4:$N$4,'Income - Overall'!$AB$2,'Income - OverallPY'!$B11:$M11) -> 1910 | AC11: =N11-AB11 -> 428 | AD11: =IF(ISERROR((N11/AB11)-1),"-",(N11/AB11)-1) -> 0.22408377
A12: Gift Aid Declarations | B12: ='Income - General'!C12+'Income - Fabric'!C12+'Income - FlowerFund'!C12+'Income - SSchoolFund'!C12+'Income - Guild'!C12+'Income - Organ'!C12+'Income - SfSFund'!C12+'Income - Benevolent'!C12+'Income - Friday'!C12 -> 470.62 | C12: ='Income - General'!D12+'Income - Fabric'!D12+'Income - FlowerFund'!D12+'Income - SSchoolFund'!D12+'Income - Guild'!D12+'Income - Organ'!D12+'Income - SfSFund'!D11+'Income - Benevolent'!D12+'Income - Friday'!D12 -> 514.53 | D12: ='Income - General'!E12+'Income - Fabric'!E12+'Income - FlowerFund'!E12+'Income - SSchoolFund'!E12+'Income - Guild'!E12+'Income - Organ'!E12+'Income - SfSFund'!E11+'Income - Benevolent'!E12+'Income - Friday'!E12 -> 606.8 | E12: ='Income - General'!F12+'Income - Fabric'!F12+'Income - FlowerFund'!F12+'Income - SSchoolFund'!F12+'Income - Guild'!F12+'Income - Organ'!F12+'Income - SfSFund'!F11+'Income - Benevolent'!F12+'Income - Friday'!F12 -> 0 | F12: ='Income - General'!G12+'Income - Fabric'!G12+'Income - FlowerFund'!G12+'Income - SSchoolFund'!G12+'Income - Guild'!G12+'Income - Organ'!G12+'Income - SfSFund'!G11+'Income - Benevolent'!G12+'Income - Friday'!G12 -> 0 | G12: ='Income - General'!H12+'Income - Fabric'!H12+'Income - FlowerFund'!H12+'Income - SSchoolFund'!H12+'Income - Guild'!H12+'Income - Organ'!H12+'Income - SfSFund'!H11+'Income - Benevolent'!H12+'Income - Friday'!H12 -> 0 | H12: ='Income - General'!I12+'Income - Fabric'!I12+'Income - FlowerFund'!I12+'Income - SSchoolFund'!I12+'Income - Guild'!I12+'Income - Organ'!I12+'Income - SfSFund'!I11+'Income - Benevolent'!I12+'Income - Friday'!I12 -> 0 | I12: ='Income - General'!J12+'Income - Fabric'!J12+'Income - FlowerFund'!J12+'Income - SSchoolFund'!J12+'Income - Guild'!J12+'Income - Organ'!J12+'Income - SfSFund'!J11+'Income - Benevolent'!J12+'Income - Friday'!J12 -> 0 | J12: ='Income - General'!K12+'Income - Fabric'!K12+'Income - FlowerFund'!K12+'Income - SSchoolFund'!K12+'Income - Guild'!K12+'Income - Organ'!K12+'Income - SfSFund'!K11+'Income - Benevolent'!K12+'Income - Friday'!K12 -> 0 | ... M12: ='Income - General'!N12+'Income - Fabric'!N12+'Income - FlowerFund'!N12+'Income - SSchoolFund'!N12+'Income - Guild'!N12+'Income - Organ'!N12+'Income - SfSFund'!N11+'Income - Benevolent'!N12+'Income - Friday'!N12 -> 0 | N12: =SUM(B12:M12) -> 1591.95 | P12: =N12-O12 -> 1591.95 | W12: =SUM(P12:V12) -> 1591.95 | Y12: =SUMIF('Income - OverallBUD'!$C$4:$N$4,'Income - Overall'!$Y$2,'Income - OverallBUD'!$C12:$N12) -> 0 | Z12: =N12-Y12 -> 1591.95 | AB12: =SUMIF('Income - OverallPY'!$B$4:$N$4,'Income - Overall'!$AB$2,'Income - OverallPY'!$B12:$M12) -> 1570 | AC12: =N12-AB12 -> 21.95 | AD12: =IF(ISERROR((N12/AB12)-1),"-",(N12/AB12)-1) -> 0.013980892
A13: WFO Scheme | B13: ='Income - General'!C13+'Income - Fabric'!C13+'Income - FlowerFund'!C13+'Income - SSchoolFund'!C13+'Income - Guild'!C13+'Income - Organ'!C13+'Income - SfSFund'!C13+'Income - Benevolent'!C13+'Income - Friday'!C13 -> 0 | C13: ='Income - General'!D13+'Income - Fabric'!D13+'Income - FlowerFund'!D13+'Income - SSchoolFund'!D13+'Income - Guild'!D13+'Income - Organ'!D13+'Income - SfSFund'!D13+'Income - Benevolent'!D13+'Income - Friday'!D13 -> 0 | D13: ='Income - General'!E13+'Income - Fabric'!E13+'Income - FlowerFund'!E13+'Income - SSchoolFund'!E13+'Income - Guild'!E13+'Income - Organ'!E13+'Income - SfSFund'!E13+'Income - Benevolent'!E13+'Income - Friday'!E13 -> 0 | E13: ='Income - General'!F13+'Income - Fabric'!F13+'Income - FlowerFund'!F13+'Income - SSchoolFund'!F13+'Income - Guild'!F13+'Income - Organ'!F13+'Income - SfSFund'!F13+'Income - Benevolent'!F13+'Income - Friday'!F13 -> 0 | F13: ='Income - General'!G13+'Income - Fabric'!G13+'Income - FlowerFund'!G13+'Income - SSchoolFund'!G13+'Income - Guild'!G13+'Income - Organ'!G13+'Income - SfSFund'!G13+'Income - Benevolent'!G13+'Income - Friday'!G13 -> 0 | G13: ='Income - General'!H13+'Income - Fabric'!H13+'Income - FlowerFund'!H13+'Income - SSchoolFund'!H13+'Income - Guild'!H13+'Income - Organ'!H13+'Income - SfSFund'!H13+'Income - Benevolent'!H13+'Income - Friday'!H13 -> 0 | H13: ='Income - General'!I13+'Income - Fabric'!I13+'Income - FlowerFund'!I13+'Income - SSchoolFund'!I13+'Income - Guild'!I13+'Income - Organ'!I13+'Income - SfSFund'!I13+'Income - Benevolent'!I13+'Income - Friday'!I13 -> 0 | I13: ='Income - General'!J13+'Income - Fabric'!J13+'Income - FlowerFund'!J13+'Income - SSchoolFund'!J13+'Income - Guild'!J13+'Income - Organ'!J13+'Income - SfSFund'!J13+'Income - Benevolent'!J13+'Income - Friday'!J13 -> 0 | ... M13: ='Income - General'!N13+'Income - Fabric'!N13+'Income - FlowerFund'!N13+'Income - SSchoolFund'!N13+'Income - Guild'!N13+'Income - Organ'!N13+'Income - SfSFund'!N13+'Income - Benevolent'!N13+'Income - Friday'!N13 -> 0 | N13: =SUM(B13:M13) -> 0 | P13: =N13-O13 -> 0 | W13: =SUM(P13:V13) -> 0 | Y13: =SUMIF('Income - OverallBUD'!$C$4:$N$4,'Income - Overall'!$Y$2,'Income - OverallBUD'!$C13:$N13) -> 450 | Z13: =N13-Y13 -> -450 | AB13: =SUMIF('Income - OverallPY'!$B$4:$N$4,'Income - Overall'!$AB$2,'Income - OverallPY'!$B13:$M13) -> 1525 | AC13: =N13-AB13 -> -1525 | AD13: =IF(ISERROR((N13/AB13)-1),"-",(N13/AB13)-1) -> -1
A14: Open Plate | B14: ='Income - General'!C14+'Income - Fabric'!C14+'Income - FlowerFund'!C14+'Income - SSchoolFund'!C14+'Income - Guild'!C14+'Income - Organ'!C14+'Income - SfSFund'!C14+'Income - Benevolent'!C14+'Income - Friday'!C14 -> 469.66 | C14: ='Income - General'!D14+'Income - Fabric'!D14+'Income - FlowerFund'!D14+'Income - SSchoolFund'!D14+'Income - Guild'!D14+'Income - Organ'!D14+'Income - SfSFund'!D14+'Income - Benevolent'!D14+'Income - Friday'!D14 -> 597.41 | D14: ='Income - General'!E14+'Income - Fabric'!E14+'Income - FlowerFund'!E14+'Income - SSchoolFund'!E14+'Income - Guild'!E14+'Income - Organ'!E14+'Income - SfSFund'!E14+'Income - Benevolent'!E14+'Income - Friday'!E14 -> 300.5 | E14: ='Income - General'!F14+'Income - Fabric'!F14+'Income - FlowerFund'!F14+'Income - SSchoolFund'!F14+'Income - Guild'!F14+'Income - Organ'!F14+'Income - SfSFund'!F14+'Income - Benevolent'!F14+'Income - Friday'!F14 -> 579.59 | F14: ='Income - General'!G14+'Income - Fabric'!G14+'Income - FlowerFund'!G14+'Income - SSchoolFund'!G14+'Income - Guild'!G14+'Income - Organ'!G14+'Income - SfSFund'!G14+'Income - Benevolent'!G14+'Income - Friday'!G14 -> 494.4 | G14: ='Income - General'!H14+'Income - Fabric'!H14+'Income - FlowerFund'!H14+'Income - SSchoolFund'!H14+'Income - Guild'!H14+'Income - Organ'!H14+'Income - SfSFund'!H14+'Income - Benevolent'!H14+'Income - Friday'!H14 -> 0 | H14: ='Income - General'!I14+'Income - Fabric'!I14+'Income - FlowerFund'!I14+'Income - SSchoolFund'!I14+'Income - Guild'!I14+'Income - Organ'!I14+'Income - SfSFund'!I14+'Income - Benevolent'!I14+'Income - Friday'!I14 -> 0 | I14: ='Income - General'!J14+'Income - Fabric'!J14+'Income - FlowerFund'!J14+'Income - SSchoolFund'!J14+'Income - Guild'!J14+'Income - Organ'!J14+'Income - SfSFund'!J14+'Income - Benevolent'!J14+'Income - Friday'!J14 -> 0 | ... M14: ='Income - General'!N14+'Income - Fabric'!N14+'Income - FlowerFund'!N14+'Income - SSchoolFund'!N14+'Income - Guild'!N14+'Income - Organ'!N14+'Income - SfSFund'!N14+'Income - Benevolent'!N14+'Income - Friday'!N14 -> 0 | N14: =SUM(B14:M14) -> 2441.56 | P14: =N14-O14 -> 2441.56 | W14: =SUM(P14:V14) -> 2441.56 | Y14: =SUMIF('Income - OverallBUD'!$C$4:$N$4,'Income - Overall'!$Y$2,'Income - OverallBUD'!$C14:$N14) -> 2875 | Z14: =N14-Y14 -> -433.44 | AB14: =SUMIF('Income - OverallPY'!$B$4:$N$4,'Income - Overall'!$AB$2,'Income - OverallPY'!$B14:$M14) -> 2342.44 | AC14: =N14-AB14 -> 99.12 | AD14: =IF(ISERROR((N14/AB14)-1),"-",(N14/AB14)-1) -> 0.042314851
A15: Other Offerings | B15: ='Income - General'!C15+'Income - Fabric'!C15+'Income - FlowerFund'!C15+'Income - SSchoolFund'!C15+'Income - Guild'!C15+'Income - Organ'!C15+'Income - SfSFund'!C15+'Income - Benevolent'!C15+'Income - Friday'!C15 -> 0 | C15: ='Income - General'!D15+'Income - Fabric'!D15+'Income - FlowerFund'!D15+'Income - SSchoolFund'!D15+'Income - Guild'!D15+'Income - Organ'!D15+'Income - SfSFund'!D15+'Income - Benevolent'!D15+'Income - Friday'!D15 -> 0 | D15: ='Income - General'!E15+'Income - Fabric'!E15+'Income - FlowerFund'!E15+'Income - SSchoolFund'!E15+'Income - Guild'!E15+'Income - Organ'!E15+'Income - SfSFund'!E15+'Income - Benevolent'!E15+'Income - Friday'!E15 -> 0 | E15: ='Income - General'!F15+'Income - Fabric'!F15+'Income - FlowerFund'!F15+'Income - SSchoolFund'!F15+'Income - Guild'!F15+'Income - Organ'!F15+'Income - SfSFund'!F15+'Income - Benevolent'!F15+'Income - Friday'!F15 -> 118.73 | F15: ='Income - General'!G15+'Income - Fabric'!G15+'Income - FlowerFund'!G15+'Income - SSchoolFund'!G15+'Income - Guild'!G15+'Income - Organ'!G15+'Income - SfSFund'!G15+'Income - Benevolent'!G15+'Income - Friday'!G15 -> 3034.41 | G15: ='Income - General'!H15+'Income - Fabric'!H15+'Income - FlowerFund'!H15+'Income - SSchoolFund'!H15+'Income - Guild'!H15+'Income - Organ'!H15+'Income - SfSFund'!H15+'Income - Benevolent'!H15+'Income - Friday'!H15 -> 0 | H15: ='Income - General'!I15+'Income - Fabric'!I15+'Income - FlowerFund'!I15+'Income - SSchoolFund'!I15+'Income - Guild'!I15+'Income - Organ'!I15+'Income - SfSFund'!I15+'Income - Benevolent'!I15+'Income - Friday'!I15 -> 0 | I15: ='Income - General'!J15+'Income - Fabric'!J15+'Income - FlowerFund'!J15+'Income - SSchoolFund'!J15+'Income - Guild'!J15+'Income - Organ'!J15+'Income - SfSFund'!J15+'Income - Benevolent'!J15+'Income - Friday'!J15 -> 0 | ... M15: ='Income - General'!N15+'Income - Fabric'!N15+'Income - FlowerFund'!N15+'Income - SSchoolFund'!N15+'Income - Guild'!N15+'Income - Organ'!N15+'Income - SfSFund'!N15+'Income - Benevolent'!N15+'Income - Friday'!N15 -> 0 | N15: =SUM(B15:M15) -> 3153.14 | P15: =N15-O15 -> 3153.14 | W15: =SUM(P15:V15) -> 3153.14 | Y15: =SUMIF('Income - OverallBUD'!$C$4:$N$4,'Income - Overall'!$Y$2,'Income - OverallBUD'!$C15:$N15) -> 1750 | Z15: =N15-Y15 -> 1403.14 | AB15: =SUMIF('Income - OverallPY'!$B$4:$N$4,'Income - Overall'!$AB$2,'Income - OverallPY'!$B15:$M15) -> 3577.82 | AC15: =N15-AB15 -> -424.68 | AD15: =IF(ISERROR((N15/AB15)-1),"-",(N15/AB15)-1) -> -0.11869798
A16: Total Offerings | B16: =SUM(B10:B15) -> 7315.28 | C16: =SUM(C10:C15) -> 7676.94 | D16: =SUM(D10:D15) -> 7685.3 | E16: =SUM(E10:E15) -> 7333.32 | F16: =SUM(F10:F15) -> 11259.22 | G16: =SUM(G10:G15) -> 0 | H16: =SUM(H10:H15) -> 0 | I16: =SUM(I10:I15) -> 0 | ... W16: =SUM(W10:W15) -> 41270.06 | Y16: =SUM(Y10:Y15) -> 33825 | Z16: =SUM(Z10:Z15) -> 7445.06 | AB16: =SUM(AB10:AB15) -> 42366.02 | AC16: =SUM(AC10:AC15) -> -1095.96 | AD16: =IF(ISERROR((N16/AB16)-1),"-",(N16/AB16)-1) -> -0.025868845
A18: Offerings (Local Ministry)
A19: Gift Aid Standing Orders | B19: ='Income - General'!C19+'Income - Fabric'!C19+'Income - FlowerFund'!C19+'Income - SSchoolFund'!C19+'Income - Guild'!C19+'Income - Organ'!C19+'Income - SfSFund'!C19+'Income - Benevolent'!C19+'Income - Friday'!C19 -> 1918 | C19: ='Income - General'!D19+'Income - Fabric'!D19+'Income - FlowerFund'!D19+'Income - SSchoolFund'!D19+'Income - Guild'!D19+'Income - Organ'!D19+'Income - SfSFund'!D19+'Income - Benevolent'!D19+'Income - Friday'!D19 -> 2291.72 | D19: ='Income - General'!E19+'Income - Fabric'!E19+'Income - FlowerFund'!E19+'Income - SSchoolFund'!E19+'Income - Guild'!E19+'Income - Organ'!E19+'Income - SfSFund'!E19+'Income - Benevolent'!E19+'Income - Friday'!E19 -> 1628 | E19: ='Income - General'!F19+'Income - Fabric'!F19+'Income - FlowerFund'!F19+'Income - SSchoolFund'!F19+'Income - Guild'!F19+'Income - Organ'!F19+'Income - SfSFund'!F19+'Income - Benevolent'!F19+'Income - Friday'!F19 -> 2303 | F19: ='Income - General'!G19+'Income - Fabric'!G19+'Income - FlowerFund'!G19+'Income - SSchoolFund'!G19+'Income - Guild'!G19+'Income - Organ'!G19+'Income - SfSFund'!G19+'Income - Benevolent'!G19+'Income - Friday'!G19 -> 1283 | G19: ='Income - General'!H19+'Income - Fabric'!H19+'Income - FlowerFund'!H19+'Income - SSchoolFund'!H19+'Income - Guild'!H19+'Income - Organ'!H19+'Income - SfSFund'!H19+'Income - Benevolent'!H19+'Income - Friday'!H19 -> 0 | H19: ='Income - General'!I19+'Income - Fabric'!I19+'Income - FlowerFund'!I19+'Income - SSchoolFund'!I19+'Income - Guild'!I19+'Income - Organ'!I19+'Income - SfSFund'!I19+'Income - Benevolent'!I19+'Income - Friday'!I19 -> 0 | I19: ='Income - General'!J19+'Income - Fabric'!J19+'Income - FlowerFund'!J19+'Income - SSchoolFund'!J19+'Income - Guild'!J19+'Income - Organ'!J19+'Income - SfSFund'!J19+'Income - Benevolent'!J19+'Income - Friday'!J19 -> 0 | ... M19: ='Income - General'!N19+'Income - Fabric'!N19+'Income - FlowerFund'!N19+'Income - SSchoolFund'!N19+'Income - Guild'!N19+'Income - Organ'!N19+'Income - SfSFund'!N19+'Income - Benevolent'!N19+'Income - Friday'!N19 -> 0 | N19: =SUM(B19:M19) -> 9423.72 | P19: =N19-O19 -> 9423.72 | W19: =SUM(P19:V19) -> 9423.72 | Y19: =SUMIF('Income - OverallBUD'!$C$4:$N$4,'Income - Overall'!$Y$2,'Income - OverallBUD'!$C19:$N19) -> 15250 | Z19: =N19-Y19 -> -5826.28 | AB19: =SUMIF('Income - OverallPY'!$B$4:$N$4,'Income - Overall'!$AB$2,'Income - OverallPY'!$B19:$M19) -> 7515 | AC19: =N19-AB19 -> 1908.72 | AD19: =IF(ISERROR((N19/AB19)-1),"-",(N19/AB19)-1) -> 0.25398802
A20: Non Gift Aid standing | B20: ='Income - General'!C20+'Income - Fabric'!C20+'Income - FlowerFund'!C20+'Income - SSchoolFund'!C20+'Income - Guild'!C20+'Income - Organ'!C20+'Income - SfSFund'!C20+'Income - Benevolent'!C20+'Income - Friday'!C20 -> 530.31 | C20: ='Income - General'!D20+'Income - Fabric'!D20+'Income - FlowerFund'!D20+'Income - SSchoolFund'!D20+'Income - Guild'!D20+'Income - Organ'!D20+'Income - SfSFund'!D20+'Income - Benevolent'!D20+'Income - Friday'!D20 -> 224.31 | D20: ='Income - General'!E20+'Income - Fabric'!E20+'Income - FlowerFund'!E20+'Income - SSchoolFund'!E20+'Income - Guild'!E20+'Income - Organ'!E20+'Income - SfSFund'!E20+'Income - Benevolent'!E20+'Income - Friday'!E20 -> 924.31 | E20: ='Income - General'!F20+'Income - Fabric'!F20+'Income - FlowerFund'!F20+'Income - SSchoolFund'!F20+'Income - Guild'!F20+'Income - Organ'!F20+'Income - SfSFund'!F20+'Income - Benevolent'!F20+'Income - Friday'!F20 -> 524.31 | F20: ='Income - General'!G20+'Income - Fabric'!G20+'Income - FlowerFund'!G20+'Income - SSchoolFund'!G20+'Income - Guild'!G20+'Income - Organ'!G20+'Income - SfSFund'!G20+'Income - Benevolent'!G20+'Income - Friday'!G20 -> 566.5 | G20: ='Income - General'!H20+'Income - Fabric'!H20+'Income - FlowerFund'!H20+'Income - SSchoolFund'!H20+'Income - Guild'!H20+'Income - Organ'!H20+'Income - SfSFund'!H20+'Income - Benevolent'!H20+'Income - Friday'!H20 -> 0 | H20: ='Income - General'!I20+'Income - Fabric'!I20+'Income - FlowerFund'!I20+'Income - SSchoolFund'!I20+'Income - Guild'!I20+'Income - Organ'!I20+'Income - SfSFund'!I20+'Income - Benevolent'!I20+'Income - Friday'!I20 -> 0 | I20: ='Income - General'!J20+'Income - Fabric'!J20+'Income - FlowerFund'!J20+'Income - SSchoolFund'!J20+'Income - Guild'!J20+'Income - Organ'!J20+'Income - SfSFund'!J20+'Income - Benevolent'!J20+'Income - Friday'!J20 -> 0 | ... M20: ='Income - General'!N20+'Income - Fabric'!N20+'Income - FlowerFund'!N20+'Income - SSchoolFund'!N20+'Income - Guild'!N20+'Income - Organ'!N20+'Income - SfSFund'!N20+'Income - Benevolent'!N20+'Income - Friday'!N20 -> 0 | N20: =SUM(B20:M20) -> 2769.74 | P20: =N20-O20 -> 2769.74 | W20: =SUM(P20:V20) -> 2769.74 | Y20: =SUMIF('Income - OverallBUD'!$C$4:$N$4,'Income - Overall'!$Y$2,'Income - OverallBUD'!$C20:$N20) -> 2750 | Z20: =N20-Y20 -> 19.74 | AB20: =SUMIF('Income - OverallPY'!$B$4:$N$4,'Income - Overall'!$AB$2,'Income - OverallPY'!$B20:$M20) -> 2604.5 | AC20: =N20-AB20 -> 165.24 | AD20: =IF(ISERROR((N20/AB20)-1),"-",(N20/AB20)-1) -> 0.063444039
A21: Gift Aid Declarations | B21: ='Income - General'!C21+'Income - Fabric'!C21+'Income - FlowerFund'!C21+'Income - SSchoolFund'!C21+'Income - Guild'!C21+'Income - Organ'!C21+'Income - SfSFund'!C21+'Income - Benevolent'!C21+'Income - Friday'!C21 -> 0 | C21: ='Income - General'!D21+'Income - Fabric'!D21+'Income - FlowerFund'!D21+'Income - SSchoolFund'!D21+'Income - Guild'!D21+'Income - Organ'!D21+'Income - SfSFund'!D21+'Income - Benevolent'!D21+'Income - Friday'!D21 -> 0 | D21: ='Income - General'!E21+'Income - Fabric'!E21+'Income - FlowerFund'!E21+'Income - SSchoolFund'!E21+'Income - Guild'!E21+'Income - Organ'!E21+'Income - SfSFund'!E21+'Income - Benevolent'!E21+'Income - Friday'!E21 -> 0 | E21: ='Income - General'!F21+'Income - Fabric'!F21+'Income - FlowerFund'!F21+'Income - SSchoolFund'!F21+'Income - Guild'!F21+'Income - Organ'!F21+'Income - SfSFund'!F21+'Income - Benevolent'!F21+'Income - Friday'!F21 -> 0 | F21: ='Income - General'!G21+'Income - Fabric'!G21+'Income - FlowerFund'!G21+'Income - SSchoolFund'!G21+'Income - Guild'!G21+'Income - Organ'!G21+'Income - SfSFund'!G21+'Income - Benevolent'!G21+'Income - Friday'!G21 -> 0 | G21: ='Income - General'!H21+'Income - Fabric'!H21+'Income - FlowerFund'!H21+'Income - SSchoolFund'!H21+'Income - Guild'!H21+'Income - Organ'!H21+'Income - SfSFund'!H21+'Income - Benevolent'!H21+'Income - Friday'!H21 -> 0 | H21: ='Income - General'!I21+'Income - Fabric'!I21+'Income - FlowerFund'!I21+'Income - SSchoolFund'!I21+'Income - Guild'!I21+'Income - Organ'!I21+'Income - SfSFund'!I21+'Income - Benevolent'!I21+'Income - Friday'!I21 -> 0 | I21: ='Income - General'!J21+'Income - Fabric'!J21+'Income - FlowerFund'!J21+'Income - SSchoolFund'!J21+'Income - Guild'!J21+'Income - Organ'!J21+'Income - SfSFund'!J21+'Income - Benevolent'!J21+'Income - Friday'!J21 -> 0 | ... M21: ='Income - General'!N21+'Income - Fabric'!N21+'Income - FlowerFund'!N21+'Income - SSchoolFund'!N21+'Income - Guild'!N21+'Income - Organ'!N21+'Income - SfSFund'!N21+'Income - Benevolent'!N21+'Income - Friday'!N21 -> 0 | N21: =SUM(B21:M21) -> 0 | P21: =N21-O21 -> 0 | W21: =SUM(P21:V21) -> 0 | Y21: =SUMIF('Income - OverallBUD'!$C$4:$N$4,'Income - Overall'!$Y$2,'Income - OverallBUD'!$C21:$N21) -> 0 | Z21: =N21-Y21 -> 0 | AB21: =SUMIF('Income - OverallPY'!$B$4:$N$4,'Income - Overall'!$AB$2,'Income - OverallPY'!$B21:$M21) -> 1809.15 | AC21: =N21-AB21 -> -1809.15 | AD21: =IF(ISERROR((N21/AB21)-1),"-",(N21/AB21)-1) -> -1
A22: WFO Scheme | B22: ='Income - General'!C22+'Income - Fabric'!C22+'Income - FlowerFund'!C22+'Income - SSchoolFund'!C22+'Income - Guild'!C22+'Income - Organ'!C22+'Income - SfSFund'!C22+'Income - Benevolent'!C22+'Income - Friday'!C22 -> 0 | C22: ='Income - General'!D22+'Income - Fabric'!D22+'Income - FlowerFund'!D22+'Income - SSchoolFund'!D22+'Income - Guild'!D22+'Income - Organ'!D22+'Income - SfSFund'!D22+'Income - Benevolent'!D22+'Income - Friday'!D22 -> 0 | D22: ='Income - General'!E22+'Income - Fabric'!E22+'Income - FlowerFund'!E22+'Income - SSchoolFund'!E22+'Income - Guild'!E22+'Income - Organ'!E22+'Income - SfSFund'!E22+'Income - Benevolent'!E22+'Income - Friday'!E22 -> 0 | E22: ='Income - General'!F22+'Income - Fabric'!F22+'Income - FlowerFund'!F22+'Income - SSchoolFund'!F22+'Income - Guild'!F22+'Income - Organ'!F22+'Income - SfSFund'!F22+'Income - Benevolent'!F22+'Income - Friday'!F22 -> 0 | F22: ='Income - General'!G22+'Income - Fabric'!G22+'Income - FlowerFund'!G22+'Income - SSchoolFund'!G22+'Income - Guild'!G22+'Income - Organ'!G22+'Income - SfSFund'!G22+'Income - Benevolent'!G22+'Income - Friday'!G22 -> 0 | G22: ='Income - General'!H22+'Income - Fabric'!H22+'Income - FlowerFund'!H22+'Income - SSchoolFund'!H22+'Income - Guild'!H22+'Income - Organ'!H22+'Income - SfSFund'!H22+'Income - Benevolent'!H22+'Income - Friday'!H22 -> 0 | H22: ='Income - General'!I22+'Income - Fabric'!I22+'Income - FlowerFund'!I22+'Income - SSchoolFund'!I22+'Income - Guild'!I22+'Income - Organ'!I22+'Income - SfSFund'!I22+'Income - Benevolent'!I22+'Income - Friday'!I22 -> 0 | I22: ='Income - General'!J22+'Income - Fabric'!J22+'Income - FlowerFund'!J22+'Income - SSchoolFund'!J22+'Income - Guild'!J22+'Income - Organ'!J22+'Income - SfSFund'!J22+'Income - Benevolent'!J22+'Income - Friday'!J22 -> 0 | ... M22: ='Income - General'!N22+'Income - Fabric'!N22+'Income - FlowerFund'!N22+'Income - SSchoolFund'!N22+'Income - Guild'!N22+'Income - Organ'!N22+'Income - SfSFund'!N22+'Income - Benevolent'!N22+'Income - Friday'!N22 -> 0 | N22: =SUM(B22:M22) -> 0 | P22: =N22-O22 -> 0 | W22: =SUM(P22:V22) -> 0 | Y22: =SUMIF('Income - OverallBUD'!$C$4:$N$4,'Income - Overall'!$Y$2,'Income - OverallBUD'!$C22:$N22) -> 75 | Z22: =N22-Y22 -> -75 | AB22: =SUMIF('Income - OverallPY'!$B$4:$N$4,'Income - Overall'!$AB$2,'Income - OverallPY'!$B22:$M22) -> 0 | AC22: =N22-AB22 -> 0 | AD22: =IF(ISERROR((N22/AB22)-1),"-",(N22/AB22)-1) -> -
A23: Total Offerings (Local Ministry) | B23: =SUM(B19:B22) -> 2448.31 | C23: =SUM(C19:C22) -> 2516.03 | D23: =SUM(D19:D22) -> 2552.31 | E23: =SUM(E19:E22) -> 2827.31 | F23: =SUM(F19:F22) -> 1849.5 | G23: =SUM(G19:G22) -> 0 | H23: =SUM(H19:H22) -> 0 | I23: =SUM(I19:I22) -> 0 | ... W23: =SUM(W19:W22) -> 12193.46 | Y23: =SUM(Y19:Y22) -> 18075 | Z23: =SUM(Z19:Z22) -> -5881.54 | AB23: =SUM(AB19:AB22) -> 11928.65 | AC23: =SUM(AC19:AC22) -> 264.81 | AD23: =IF(ISERROR((N23/AB23)-1),"-",(N23/AB23)-1) -> 0.022199494
A25: Tax Recovered on Gift Aid
A26: Tax Recovered on Gift Aid | B26: ='Income - General'!C26+'Income - Fabric'!C26+'Income - FlowerFund'!C26+'Income - SSchoolFund'!C26+'Income - Guild'!C26+'Income - Organ'!C26+'Income - SfSFund'!C26+'Income - Benevolent'!C26+'Income - Friday'!C26 -> 0 | C26: ='Income - General'!D26+'Income - Fabric'!D26+'Income - FlowerFund'!D26+'Income - SSchoolFund'!D26+'Income - Guild'!D26+'Income - Organ'!D26+'Income - SfSFund'!D26+'Income - Benevolent'!D26+'Income - Friday'!D26 -> 0 | D26: ='Income - General'!E26+'Income - Fabric'!E26+'Income - FlowerFund'!E26+'Income - SSchoolFund'!E26+'Income - Guild'!E26+'Income - Organ'!E26+'Income - SfSFund'!E26+'Income - Benevolent'!E26+'Income - Friday'!E26 -> 7935.48 | E26: ='Income - General'!F26+'Income - Fabric'!F26+'Income - FlowerFund'!F26+'Income - SSchoolFund'!F26+'Income - Guild'!F26+'Income - Organ'!F26+'Income - SfSFund'!F26+'Income - Benevolent'!F26+'Income - Friday'!F26 -> 2015.53 | F26: ='Income - General'!G26+'Income - Fabric'!G26+'Income - FlowerFund'!G26+'Income - SSchoolFund'!G26+'Income - Guild'!G26+'Income - Organ'!G26+'Income - SfSFund'!G26+'Income - Benevolent'!G26+'Income - Friday'!G26 -> 2142.75 | G26: ='Income - General'!H26+'Income - Fabric'!H26+'Income - FlowerFund'!H26+'Income - SSchoolFund'!H26+'Income - Guild'!H26+'Income - Organ'!H26+'Income - SfSFund'!H26+'Income - Benevolent'!H26+'Income - Friday'!H26 -> 0 | H26: ='Income - General'!I26+'Income - Fabric'!I26+'Income - FlowerFund'!I26+'Income - SSchoolFund'!I26+'Income - Guild'!I26+'Income - Organ'!I26+'Income - SfSFund'!I26+'Income - Benevolent'!I26+'Income - Friday'!I26 -> 0 | I26: ='Income - General'!J26+'Income - Fabric'!J26+'Income - FlowerFund'!J26+'Income - SSchoolFund'!J26+'Income - Guild'!J26+'Income - Organ'!J26+'Income - SfSFund'!J26+'Income - Benevolent'!J26+'Income - Friday'!J26 -> 0 | ... M26: ='Income - General'!N26+'Income - Fabric'!N26+'Income - FlowerFund'!N26+'Income - SSchoolFund'!N26+'Income - Guild'!N26+'Income - Organ'!N26+'Income - SfSFund'!N26+'Income - Benevolent'!N26+'Income - Friday'!N26 -> 0 | N26: =SUM(B26:M26) -> 12093.76 | P26: =N26-O26 -> 12093.76 | W26: =SUM(P26:V26) -> 12093.76 | Y26: =SUMIF('Income - OverallBUD'!$C$4:$N$4,'Income - Overall'!$Y$2,'Income - OverallBUD'!$C26:$N26) -> 10000 | Z26: =N26-Y26 -> 2093.76 | AB26: =SUMIF('Income - OverallPY'!$B$4:$N$4,'Income - Overall'!$AB$2,'Income - OverallPY'!$B26:$M26) -> 9296.87 | AC26: =N26-AB26 -> 2796.89 | AD26: =IF(ISERROR((N26/AB26)-1),"-",(N26/AB26)-1) -> 0.30084211
A27: Total Tax Recovered on Gift Aid | B27: =SUM(B26:B26) -> 0 | C27: =SUM(C26:C26) -> 0 | D27: =SUM(D26:D26) -> 7935.48 | E27: =SUM(E26:E26) -> 2015.53 | F27: =SUM(F26:F26) -> 2142.75 | G27: =SUM(G26:G26) -> 0 | H27: =SUM(H26:H26) -> 0 | I27: =SUM(I26:I26) -> 0 | ... N27: =SUM(N26:N26) -> 12093.76 | O27: =SUM(O26) -> 0 | P27: =SUM(P26) -> 12093.76 | Q27: =SUM(Q26) -> 0 | R27: =SUM(R26) -> 0 | S27: =SUM(S26) -> 0 | T27: =SUM(T26) -> 0 | U27: =SUM(U26) -> 0 | V27: =SUM(V26) -> 0 | W27: =SUM(W26) -> 12093.76 | Y27: =SUM(Y26:Y26) -> 10000 | Z27: =SUM(Z26:Z26) -> 2093.76 | AB27: =SUM(AB26:AB26) -> 9296.87 | AC27: =SUM(AC26:AC26) -> 2796.89 | AD27: =IF(ISERROR((N27/AB27)-1),"-",(N27/AB27)-1) -> 0.30084211
A29: Legacies
A30: Legacies | B30: ='Income - General'!C30+'Income - Fabric'!C31+'Income - FlowerFund'!C31+'Income - SSchoolFund'!C31+'Income - Guild'!C31+'Income - Organ'!C31+'Income - SfSFund'!C31+'Income - Benevolent'!C31+'Income - Friday'!C31 -> 0 | C30: ='Income - General'!D30+'Income - Fabric'!D31+'Income - FlowerFund'!D31+'Income - SSchoolFund'!D31+'Income - Guild'!D31+'Income - Organ'!D31+'Income - SfSFund'!D31+'Income - Benevolent'!D31+'Income - Friday'!D31 -> 0 | D30: ='Income - General'!E30+'Income - Fabric'!E31+'Income - FlowerFund'!E31+'Income - SSchoolFund'!E31+'Income - Guild'!E31+'Income - Organ'!E31+'Income - SfSFund'!E31+'Income - Benevolent'!E31+'Income - Friday'!E31 -> 0 | E30: ='Income - General'!F30+'Income - Fabric'!F31+'Income - FlowerFund'!F31+'Income - SSchoolFund'!F31+'Income - Guild'!F31+'Income - Organ'!F31+'Income - SfSFund'!F31+'Income - Benevolent'!F31+'Income - Friday'!F31 -> 0 | F30: ='Income - General'!G30+'Income - Fabric'!G31+'Income - FlowerFund'!G31+'Income - SSchoolFund'!G31+'Income - Guild'!G31+'Income - Organ'!G31+'Income - SfSFund'!G31+'Income - Benevolent'!G31+'Income - Friday'!G31 -> 0 | G30: ='Income - General'!H30+'Income - Fabric'!H31+'Income - FlowerFund'!H31+'Income - SSchoolFund'!H31+'Income - Guild'!H31+'Income - Organ'!H31+'Income - SfSFund'!H31+'Income - Benevolent'!H31+'Income - Friday'!H31 -> 0 | H30: ='Income - General'!I30+'Income - Fabric'!I31+'Income - FlowerFund'!I31+'Income - SSchoolFund'!I31+'Income - Guild'!I31+'Income - Organ'!I31+'Income - SfSFund'!I31+'Income - Benevolent'!I31+'Income - Friday'!I31 -> 0 | I30: ='Income - General'!J30+'Income - Fabric'!J31+'Income - FlowerFund'!J31+'Income - SSchoolFund'!J31+'Income - Guild'!J31+'Income - Organ'!J31+'Income - SfSFund'!J31+'Income - Benevolent'!J31+'Income - Friday'!J31 -> 0 | ... M30: ='Income - General'!N30+'Income - Fabric'!N31+'Income - FlowerFund'!N31+'Income - SSchoolFund'!N31+'Income - Guild'!N31+'Income - Organ'!N31+'Income - SfSFund'!N31+'Income - Benevolent'!N31+'Income - Friday'!N31 -> 0 | N30: =SUM(B30:M30) -> 0 | P30: =N30-O30 -> 0 | W30: =SUM(P30:V30) -> 0 | Y30: =SUMIF('Income - OverallBUD'!$C$4:$N$4,'Income - Overall'!$Y$2,'Income - OverallBUD'!$C30:$N30) -> 0 | Z30: =N30-Y30 -> 0 | AB30: =SUMIF('Income - OverallPY'!$B$4:$N$4,'Income - Overall'!$AB$2,'Income - OverallPY'!$B30:$M30) -> 0 | AC30: =N30-AB30 -> 0 | AD30: =IF(ISERROR((N30/AB30)-1),"-",(N30/AB30)-1) -> -
A31: Total Legacies | B31: =SUM(B30) -> 0 | C31: =SUM(C30) -> 0 | D31: =SUM(D30) -> 0 | E31: =SUM(E30) -> 0 | F31: =SUM(F30) -> 0 | G31: =SUM(G30) -> 0 | H31: =SUM(H30) -> 0 | I31: =SUM(I30) -> 0 | ... W31: =SUM(W30) -> 0 | Y31: =SUM(Y30) -> 0 | Z31: =SUM(Z30) -> 0 | AB31: =SUM(AB30) -> 0 | AC31: =SUM(AC30) -> 0 | AD31: =IF(ISERROR((N31/AB31)-1),"-",(N31/AB31)-1) -> -
A33: Other Donations
A34: Donations to Other Funds | B34: ='Income - General'!C34+'Income - Fabric'!C35+'Income - FlowerFund'!C35+'Income - SSchoolFund'!C35+'Income - Guild'!C35+'Income - Organ'!C35+'Income - SfSFund'!C35+'Income - Benevolent'!C35+'Income - Friday'!C35 -> 1220.25 | C34: ='Income - General'!D34+'Income - Fabric'!D35+'Income - FlowerFund'!D35+'Income - SSchoolFund'!D35+'Income - Guild'!D35+'Income - Organ'!D35+'Income - SfSFund'!D35+'Income - Benevolent'!D35+'Income - Friday'!D35 -> 0 | D34: ='Income - General'!E34+'Income - Fabric'!E35+'Income - FlowerFund'!E35+'Income - SSchoolFund'!E35+'Income - Guild'!E35+'Income - Organ'!E35+'Income - SfSFund'!E35+'Income - Benevolent'!E35+'Income - Friday'!E35 -> 0 | E34: ='Income - General'!F34+'Income - Fabric'!F35+'Income - FlowerFund'!F35+'Income - SSchoolFund'!F35+'Income - Guild'!F35+'Income - Organ'!F35+'Income - SfSFund'!F35+'Income - Benevolent'!F35+'Income - Friday'!F35 -> 0 | F34: ='Income - General'!G34+'Income - Fabric'!G35+'Income - FlowerFund'!G35+'Income - SSchoolFund'!G35+'Income - Guild'!G35+'Income - Organ'!G35+'Income - SfSFund'!G35+'Income - Benevolent'!G35+'Income - Friday'!G35 -> 0 | G34: ='Income - General'!H34+'Income - Fabric'!H35+'Income - FlowerFund'!H35+'Income - SSchoolFund'!H35+'Income - Guild'!H35+'Income - Organ'!H35+'Income - SfSFund'!H35+'Income - Benevolent'!H35+'Income - Friday'!H35 -> 0 | H34: ='Income - General'!I34+'Income - Fabric'!I35+'Income - FlowerFund'!I35+'Income - SSchoolFund'!I35+'Income - Guild'!I35+'Income - Organ'!I35+'Income - SfSFund'!I35+'Income - Benevolent'!I35+'Income - Friday'!I35 -> 0 | I34: ='Income - General'!J34+'Income - Fabric'!J35+'Income - FlowerFund'!J35+'Income - SSchoolFund'!J35+'Income - Guild'!J35+'Income - Organ'!J35+'Income - SfSFund'!J35+'Income - Benevolent'!J35+'Income - Friday'!J35 -> 0 | ... M34: ='Income - General'!N34+'Income - Fabric'!N35+'Income - FlowerFund'!N35+'Income - SSchoolFund'!N35+'Income - Guild'!N35+'Income - Organ'!N35+'Income - SfSFund'!N35+'Income - Benevolent'!N35+'Income - Friday'!N35 -> 0 | N34: =SUM(B34:M34) -> 1220.25 | P34: =N34-O34 -> 1220.25 | W34: =SUM(P34:V34) -> 1220.25 | Y34: =SUMIF('Income - OverallBUD'!$C$4:$N$4,'Income - Overall'!$Y$2,'Income - OverallBUD'!$C34:$N34) -> 0 | Z34: =N34-Y34 -> 1220.25 | AB34: 0 | AC34: =N34-AB34 -> 1220.25 | AD34: =IF(ISERROR((N34/AB34)-1),"-",(N34/AB34)-1) -> -
A35: Donations to Church Organisations | B35: ='Income - General'!C35+'Income - Fabric'!C36+'Income - FlowerFund'!C36+'Income - SSchoolFund'!C36+'Income - Guild'!C36+'Income - Organ'!C36+'Income - SfSFund'!C36+'Income - Benevolent'!C36+'Income - Friday'!C36 -> 0 | C35: ='Income - General'!D35+'Income - Fabric'!D36+'Income - FlowerFund'!D36+'Income - SSchoolFund'!D36+'Income - Guild'!D36+'Income - Organ'!D36+'Income - SfSFund'!D36+'Income - Benevolent'!D36+'Income - Friday'!D36 -> 0 | D35: ='Income - General'!E35+'Income - Fabric'!E36+'Income - FlowerFund'!E36+'Income - SSchoolFund'!E36+'Income - Guild'!E36+'Income - Organ'!E36+'Income - SfSFund'!E36+'Income - Benevolent'!E36+'Income - Friday'!E36 -> 0 | E35: ='Income - General'!F35+'Income - Fabric'!F36+'Income - FlowerFund'!F36+'Income - SSchoolFund'!F36+'Income - Guild'!F36+'Income - Organ'!F36+'Income - SfSFund'!F36+'Income - Benevolent'!F36+'Income - Friday'!F36 -> 0 | F35: ='Income - General'!G35+'Income - Fabric'!G36+'Income - FlowerFund'!G36+'Income - SSchoolFund'!G36+'Income - Guild'!G36+'Income - Organ'!G36+'Income - SfSFund'!G36+'Income - Benevolent'!G36+'Income - Friday'!G36 -> 0 | G35: ='Income - General'!H35+'Income - Fabric'!H36+'Income - FlowerFund'!H36+'Income - SSchoolFund'!H36+'Income - Guild'!H36+'Income - Organ'!H36+'Income - SfSFund'!H36+'Income - Benevolent'!H36+'Income - Friday'!H36 -> 0 | H35: ='Income - General'!I35+'Income - Fabric'!I36+'Income - FlowerFund'!I36+'Income - SSchoolFund'!I36+'Income - Guild'!I36+'Income - Organ'!I36+'Income - SfSFund'!I36+'Income - Benevolent'!I36+'Income - Friday'!I36 -> 0 | I35: ='Income - General'!J35+'Income - Fabric'!J36+'Income - FlowerFund'!J36+'Income - SSchoolFund'!J36+'Income - Guild'!J36+'Income - Organ'!J36+'Income - SfSFund'!J36+'Income - Benevolent'!J36+'Income - Friday'!J36 -> 0 | ... M35: ='Income - General'!N35+'Income - Fabric'!N36+'Income - FlowerFund'!N36+'Income - SSchoolFund'!N36+'Income - Guild'!N36+'Income - Organ'!N36+'Income - SfSFund'!N36+'Income - Benevolent'!N36+'Income - Friday'!N36 -> 0 | N35: =SUM(B35:M35) -> 0 | P35: =N35-O35 -> 0 | W35: =SUM(P35:V35) -> 0 | Y35: =SUMIF('Income - OverallBUD'!$C$4:$N$4,'Income - Overall'!$Y$2,'Income - OverallBUD'!$C35:$N35) -> 0 | Z35: =N35-Y35 -> 0 | AB35: =SUMIF('Income - OverallPY'!$B$4:$N$4,'Income - Overall'!$AB$2,'Income - OverallPY'!$B35:$M35) -> 0 | AC35: =N35-AB35 -> 0 | AD35: =IF(ISERROR((N35/AB35)-1),"-",(N35/AB35)-1) -> -
A36: Funds Generated by Church Organisations | B36: ='Income - General'!C36+'Income - Fabric'!C37+'Income - FlowerFund'!C37+'Income - SSchoolFund'!C37+'Income - Guild'!C37+'Income - Organ'!C37+'Income - SfSFund'!C37+'Income - Benevolent'!C37+'Income - Friday'!C37 -> 0 | C36: ='Income - General'!D36+'Income - Fabric'!D37+'Income - FlowerFund'!D37+'Income - SSchoolFund'!D37+'Income - Guild'!D37+'Income - Organ'!D37+'Income - SfSFund'!D37+'Income - Benevolent'!D37+'Income - Friday'!D37 -> 0 | D36: ='Income - General'!E36+'Income - Fabric'!E37+'Income - FlowerFund'!E37+'Income - SSchoolFund'!E37+'Income - Guild'!E37+'Income - Organ'!E37+'Income - SfSFund'!E37+'Income - Benevolent'!E37+'Income - Friday'!E37 -> 0 | E36: ='Income - General'!F36+'Income - Fabric'!F37+'Income - FlowerFund'!F37+'Income - SSchoolFund'!F37+'Income - Guild'!F37+'Income - Organ'!F37+'Income - SfSFund'!F37+'Income - Benevolent'!F37+'Income - Friday'!F37 -> 0 | F36: ='Income - General'!G36+'Income - Fabric'!G37+'Income - FlowerFund'!G37+'Income - SSchoolFund'!G37+'Income - Guild'!G37+'Income - Organ'!G37+'Income - SfSFund'!G37+'Income - Benevolent'!G37+'Income - Friday'!G37 -> 0 | G36: ='Income - General'!H36+'Income - Fabric'!H37+'Income - FlowerFund'!H37+'Income - SSchoolFund'!H37+'Income - Guild'!H37+'Income - Organ'!H37+'Income - SfSFund'!H37+'Income - Benevolent'!H37+'Income - Friday'!H37 -> 0 | H36: ='Income - General'!I36+'Income - Fabric'!I37+'Income - FlowerFund'!I37+'Income - SSchoolFund'!I37+'Income - Guild'!I37+'Income - Organ'!I37+'Income - SfSFund'!I37+'Income - Benevolent'!I37+'Income - Friday'!I37 -> 0 | I36: ='Income - General'!J36+'Income - Fabric'!J37+'Income - FlowerFund'!J37+'Income - SSchoolFund'!J37+'Income - Guild'!J37+'Income - Organ'!J37+'Income - SfSFund'!J37+'Income - Benevolent'!J37+'Income - Friday'!J37 -> 0 | ... M36: ='Income - General'!N36+'Income - Fabric'!N37+'Income - FlowerFund'!N37+'Income - SSchoolFund'!N37+'Income - Guild'!N37+'Income - Organ'!N37+'Income - SfSFund'!N37+'Income - Benevolent'!N37+'Income - Friday'!N37 -> 0 | N36: =SUM(B36:M36) -> 0 | P36: =N36-O36 -> 0 | W36: =SUM(P36:V36) -> 0 | Y36: =SUMIF('Income - OverallBUD'!$C$4:$N$4,'Income - Overall'!$Y$2,'Income - OverallBUD'!$C36:$N36) -> 0 | Z36: =N36-Y36 -> 0 | AB36: =SUMIF('Income - OverallPY'!$B$4:$N$4,'Income - Overall'!$AB$2,'Income - OverallPY'!$B36:$M36) -> 0 | AC36: =N36-AB36 -> 0 | AD36: =IF(ISERROR((N36/AB36)-1),"-",(N36/AB36)-1) -> -
A37: Total Other Donations | B37: =SUM(B34:B36) -> 1220.25 | C37: =SUM(C34:C36) -> 0 | D37: =SUM(D34:D36) -> 0 | E37: =SUM(E34:E36) -> 0 | F37: =SUM(F34:F36) -> 0 | G37: =SUM(G34:G36) -> 0 | H37: =SUM(H34:H36) -> 0 | I37: =SUM(I34:I36) -> 0 | ... W37: =SUM(W34:W36) -> 1220.25 | Y37: =SUM(Y34:Y36) -> 0 | Z37: =SUM(Z34:Z36) -> 1220.25 | AB37: =SUM(AB34:AB36) -> 0 | AC37: =SUM(AC34:AC36) -> 1220.25 | AD37: =IF(ISERROR((N37/AB37)-1),"-",(N37/AB37)-1) -> -
A39: Total Voluntary Income | B39: =B37+B31+B27+B16+B23 -> 10983.84 | C39: =C37+C31+C27+C16+C23 -> 10192.97 | D39: =D37+D31+D27+D16+D23 -> 18173.09 | E39: =E37+E31+E27+E16+E23 -> 12176.16 | F39: =F37+F31+F27+F16+F23 -> 15251.47 | G39: =G37+G31+G27+G16+G23 -> 0 | H39: =H37+H31+H27+H16+H23 -> 0 | I39: =I37+I31+I27+I16+I23 -> 0 | ... W39: =W37+W31+W27+W16+W23 -> 66777.53 | Y39: =Y37+Y31+Y27+Y16+Y23 -> 61900 | Z39: =Z37+Z31+Z27+Z16+Z23 -> 4877.53 | AB39: =AB37+AB31+AB27+AB16+AB23 -> 63591.54 | AC39: =AC37+AC31+AC27+AC16+AC23 -> 3185.99 | AD39: =IF(ISERROR((N39/AB39)-1),"-",(N39/AB39)-1) -> 0.050100847
A41: Activities for Generating Funds
A42: Use of Premises | B42: ='Income - General'!C42+'Income - Fabric'!C43+'Income - FlowerFund'!C43+'Income - SSchoolFund'!C43+'Income - Guild'!C43+'Income - Organ'!C43+'Income - SfSFund'!C43+'Income - Benevolent'!C43+'Income - Friday'!C43 -> 1057.8 | C42: ='Income - General'!D42+'Income - Fabric'!D43+'Income - FlowerFund'!D43+'Income - SSchoolFund'!D43+'Income - Guild'!D43+'Income - Organ'!D43+'Income - SfSFund'!D43+'Income - Benevolent'!D43+'Income - Friday'!D43 -> 1351.5 | D42: ='Income - General'!E42+'Income - Fabric'!E43+'Income - FlowerFund'!E43+'Income - SSchoolFund'!E43+'Income - Guild'!E43+'Income - Organ'!E43+'Income - SfSFund'!E43+'Income - Benevolent'!E43+'Income - Friday'!E43 -> 1586.75 | E42: ='Income - General'!F42+'Income - Fabric'!F43+'Income - FlowerFund'!F43+'Income - SSchoolFund'!F43+'Income - Guild'!F43+'Income - Organ'!F43+'Income - SfSFund'!F43+'Income - Benevolent'!F43+'Income - Friday'!F43 -> 1695 | F42: ='Income - General'!G42+'Income - Fabric'!G43+'Income - FlowerFund'!G43+'Income - SSchoolFund'!G43+'Income - Guild'!G43+'Income - Organ'!G43+'Income - SfSFund'!G43+'Income - Benevolent'!G43+'Income - Friday'!G43 -> 1840.25 | G42: ='Income - General'!H42+'Income - Fabric'!H43+'Income - FlowerFund'!H43+'Income - SSchoolFund'!H43+'Income - Guild'!H43+'Income - Organ'!H43+'Income - SfSFund'!H43+'Income - Benevolent'!H43+'Income - Friday'!H43 -> 0 | H42: ='Income - General'!I42+'Income - Fabric'!I43+'Income - FlowerFund'!I43+'Income - SSchoolFund'!I43+'Income - Guild'!I43+'Income - Organ'!I43+'Income - SfSFund'!I43+'Income - Benevolent'!I43+'Income - Friday'!I43 -> 0 | I42: ='Income - General'!J42+'Income - Fabric'!J43+'Income - FlowerFund'!J43+'Income - SSchoolFund'!J43+'Income - Guild'!J43+'Income - Organ'!J43+'Income - SfSFund'!J43+'Income - Benevolent'!J43+'Income - Friday'!J43 -> 0 | ... M42: ='Income - General'!N42+'Income - Fabric'!N43+'Income - FlowerFund'!N43+'Income - SSchoolFund'!N43+'Income - Guild'!N43+'Income - Organ'!N43+'Income - SfSFund'!N43+'Income - Benevolent'!N43+'Income - Friday'!N43 -> 0 | N42: =SUM(B42:M42) -> 7531.3 | P42: =N42-O42 -> 7531.3 | W42: =SUM(P42:V42) -> 7531.3 | Y42: =SUMIF('Income - OverallBUD'!$C$4:$N$4,'Income - Overall'!$Y$2,'Income - OverallBUD'!$C42:$N42) -> 7500 | Z42: =N42-Y42 -> 31.3 | AB42: =SUMIF('Income - OverallPY'!$B$4:$N$4,'Income - Overall'!$AB$2,'Income - OverallPY'!$B42:$M42) -> 6872.43 | AC42: =N42-AB42 -> 658.87 | AD42: =IF(ISERROR((N42/AB42)-1),"-",(N42/AB42)-1) -> 0.095871475
A43: Total Activities for Generating Funds | B43: =SUM(B42) -> 1057.8 | C43: =SUM(C42) -> 1351.5 | D43: =SUM(D42) -> 1586.75 | E43: =SUM(E42) -> 1695 | F43: =SUM(F42) -> 1840.25 | G43: =SUM(G42) -> 0 | H43: =SUM(H42) -> 0 | I43: =SUM(I42) -> 0 | ... W43: =SUM(W42) -> 7531.3 | Y43: =SUM(Y42) -> 7500 | Z43: =SUM(Z42) -> 31.3 | AB43: =SUM(AB42) -> 6872.43 | AC43: =SUM(AC42) -> 658.87 | AD43: =IF(ISERROR((N43/AB43)-1),"-",(N43/AB43)-1) -> 0.095871475
A45: Investment Income
A46: Deposit Interest | B46: ='Income - General'!C46+'Income - Fabric'!C47+'Income - FlowerFund'!C47+'Income - SSchoolFund'!C47+'Income - Guild'!C47+'Income - Organ'!C47+'Income - SfSFund'!C47+'Income - Benevolent'!C47+'Income - Friday'!C47 -> 0 | C46: ='Income - General'!D46+'Income - Fabric'!D47+'Income - FlowerFund'!D47+'Income - SSchoolFund'!D47+'Income - Guild'!D47+'Income - Organ'!D47+'Income - SfSFund'!D47+'Income - Benevolent'!D47+'Income - Friday'!D47 -> 0 | D46: ='Income - General'!E46+'Income - Fabric'!E47+'Income - FlowerFund'!E47+'Income - SSchoolFund'!E47+'Income - Guild'!E47+'Income - Organ'!E47+'Income - SfSFund'!E47+'Income - Benevolent'!E47+'Income - Friday'!E47 -> 0 | E46: ='Income - General'!F46+'Income - Fabric'!F47+'Income - FlowerFund'!F47+'Income - SSchoolFund'!F47+'Income - Guild'!F47+'Income - Organ'!F47+'Income - SfSFund'!F47+'Income - Benevolent'!F47+'Income - Friday'!F47 -> 2544.92 | F46: ='Income - General'!G46+'Income - Fabric'!G47+'Income - FlowerFund'!G47+'Income - SSchoolFund'!G47+'Income - Guild'!G47+'Income - Organ'!G47+'Income - SfSFund'!G47+'Income - Benevolent'!G47+'Income - Friday'!G47 -> 1133.19 | G46: ='Income - General'!H46+'Income - Fabric'!H47+'Income - FlowerFund'!H47+'Income - SSchoolFund'!H47+'Income - Guild'!H47+'Income - Organ'!H47+'Income - SfSFund'!H47+'Income - Benevolent'!H47+'Income - Friday'!H47 -> 0 | H46: ='Income - General'!I46+'Income - Fabric'!I47+'Income - FlowerFund'!I47+'Income - SSchoolFund'!I47+'Income - Guild'!I47+'Income - Organ'!I47+'Income - SfSFund'!I47+'Income - Benevolent'!I47+'Income - Friday'!I47 -> 0 | I46: ='Income - General'!J46+'Income - Fabric'!J47+'Income - FlowerFund'!J47+'Income - SSchoolFund'!J47+'Income - Guild'!J47+'Income - Organ'!J47+'Income - SfSFund'!J47+'Income - Benevolent'!J47+'Income - Friday'!J47 -> 0 | ... M46: ='Income - General'!N46+'Income - Fabric'!N47+'Income - FlowerFund'!N47+'Income - SSchoolFund'!N47+'Income - Guild'!N47+'Income - Organ'!N47+'Income - SfSFund'!N47+'Income - Benevolent'!N47+'Income - Friday'!N47 -> 0 | N46: =SUM(B46:M46) -> 3678.11 | P46: =N46-O46 -> 3678.11 | W46: =SUM(P46:V46) -> 3678.11 | Y46: =SUMIF('Income - OverallBUD'!$C$4:$N$4,'Income - Overall'!$Y$2,'Income - OverallBUD'!$C46:$N46) -> 1500 | Z46: =N46-Y46 -> 2178.11 | AB46: =SUMIF('Income - OverallPY'!$B$4:$N$4,'Income - Overall'!$AB$2,'Income - OverallPY'!$B46:$M46) -> 4544.82 | AC46: =N46-AB46 -> -866.71 | AD46: =IF(ISERROR((N46/AB46)-1),"-",(N46/AB46)-1) -> -0.19070282
A47: Bank Interest | B47: ='Income - General'!C47+'Income - Fabric'!C48+'Income - FlowerFund'!C48+'Income - SSchoolFund'!C48+'Income - Guild'!C48+'Income - Organ'!C48+'Income - SfSFund'!C48+'Income - Benevolent'!C48+'Income - Friday'!C48 -> 33.84 | C47: ='Income - General'!D47+'Income - Fabric'!D48+'Income - FlowerFund'!D48+'Income - SSchoolFund'!D48+'Income - Guild'!D48+'Income - Organ'!D48+'Income - SfSFund'!D48+'Income - Benevolent'!D48+'Income - Friday'!D48 -> 22.42 | D47: ='Income - General'!E47+'Income - Fabric'!E48+'Income - FlowerFund'!E48+'Income - SSchoolFund'!E48+'Income - Guild'!E48+'Income - Organ'!E48+'Income - SfSFund'!E48+'Income - Benevolent'!E48+'Income - Friday'!E48 -> 17.4 | E47: ='Income - General'!F47+'Income - Fabric'!F48+'Income - FlowerFund'!F48+'Income - SSchoolFund'!F48+'Income - Guild'!F48+'Income - Organ'!F48+'Income - SfSFund'!F48+'Income - Benevolent'!F48+'Income - Friday'!F48 -> 12.34 | F47: ='Income - General'!G47+'Income - Fabric'!G48+'Income - FlowerFund'!G48+'Income - SSchoolFund'!G48+'Income - Guild'!G48+'Income - Organ'!G48+'Income - SfSFund'!G48+'Income - Benevolent'!G48+'Income - Friday'!G48 -> 19.05 | G47: ='Income - General'!H47+'Income - Fabric'!H48+'Income - FlowerFund'!H48+'Income - SSchoolFund'!H48+'Income - Guild'!H48+'Income - Organ'!H48+'Income - SfSFund'!H48+'Income - Benevolent'!H48+'Income - Friday'!H48 -> 0 | H47: ='Income - General'!I47+'Income - Fabric'!I48+'Income - FlowerFund'!I48+'Income - SSchoolFund'!I48+'Income - Guild'!I48+'Income - Organ'!I48+'Income - SfSFund'!I48+'Income - Benevolent'!I48+'Income - Friday'!I48 -> 0 | I47: ='Income - General'!J47+'Income - Fabric'!J48+'Income - FlowerFund'!J48+'Income - SSchoolFund'!J48+'Income - Guild'!J48+'Income - Organ'!J48+'Income - SfSFund'!J48+'Income - Benevolent'!J48+'Income - Friday'!J48 -> 0 | ... M47: ='Income - General'!N47+'Income - Fabric'!N48+'Income - FlowerFund'!N48+'Income - SSchoolFund'!N48+'Income - Guild'!N48+'Income - Organ'!N48+'Income - SfSFund'!N48+'Income - Benevolent'!N48+'Income - Friday'!N48 -> 0 | N47: =SUM(B47:M47) -> 105.05 | P47: =N47-O47 -> 105.05 | W47: =SUM(P47:V47) -> 105.05 | Y47: =SUMIF('Income - OverallBUD'!$C$4:$N$4,'Income - Overall'!$Y$2,'Income - OverallBUD'!$C47:$N47) -> 0 | Z47: =N47-Y47 -> 105.05 | AB47: =SUMIF('Income - OverallPY'!$B$4:$N$4,'Income - Overall'!$AB$2,'Income - OverallPY'!$B47:$M47) -> 278.36 | AC47: =N47-AB47 -> -173.31 | AD47: =IF(ISERROR((N47/AB47)-1),"-",(N47/AB47)-1) -> -0.62261101
A48: Total Investment Income | B48: =SUM(B46:B47) -> 33.84 | C48: =SUM(C46:C47) -> 22.42 | D48: =SUM(D46:D47) -> 17.4 | E48: =SUM(E46:E47) -> 2557.26 | F48: =SUM(F46:F47) -> 1152.24 | G48: =SUM(G46:G47) -> 0 | H48: =SUM(H46:H47) -> 0 | I48: =SUM(I46:I47) -> 0 | ... W48: =SUM(W46:W47) -> 3783.16 | Y48: =SUM(Y46:Y47) -> 1500 | Z48: =SUM(Z46:Z47) -> 2283.16 | AB48: =SUM(AB46:AB47) -> 4823.18 | AC48: =SUM(AC46:AC47) -> -1040.02 | AD48: =IF(ISERROR((N48/AB48)-1),"-",(N48/AB48)-1) -> -0.21562952
A50: Total Incoming Resources from Generated Funds | B50: =B48+B43+B39 -> 12075.48 | C50: =C48+C43+C39 -> 11566.89 | D50: =D48+D43+D39 -> 19777.24 | E50: =E48+E43+E39 -> 16428.42 | F50: =F48+F43+F39 -> 18243.96 | G50: =G48+G43+G39 -> 0 | H50: =H48+H43+H39 -> 0 | I50: =I48+I43+I39 -> 0 | ... W50: =W48+W43+W39 -> 78091.99 | Y50: =Y48+Y43+Y39 -> 70900 | Z50: =Z48+Z43+Z39 -> 7191.99 | AB50: =AB48+AB43+AB39 -> 75287.15 | AC50: =AC48+AC43+AC39 -> 2804.84 | AD50: =IF(ISERROR((N50/AB50)-1),"-",(N50/AB50)-1) -> 0.037255229
A52: Incoming Resources from Charitable Activities
A53: Weddings and Funerals | B53: ='Income - General'!C53+'Income - Fabric'!C54+'Income - FlowerFund'!C54+'Income - SSchoolFund'!C54+'Income - Guild'!C54+'Income - Organ'!C54+'Income - SfSFund'!C54+'Income - Benevolent'!C54+'Income - Friday'!C54 -> 310 | C53: ='Income - General'!D53+'Income - Fabric'!D54+'Income - FlowerFund'!D54+'Income - SSchoolFund'!D54+'Income - Guild'!D54+'Income - Organ'!D54+'Income - SfSFund'!D54+'Income - Benevolent'!D54+'Income - Friday'!D54 -> 0 | D53: ='Income - General'!E53+'Income - Fabric'!E54+'Income - FlowerFund'!E54+'Income - SSchoolFund'!E54+'Income - Guild'!E54+'Income - Organ'!E54+'Income - SfSFund'!E54+'Income - Benevolent'!E54+'Income - Friday'!E54 -> 0 | E53: ='Income - General'!F53+'Income - Fabric'!F54+'Income - FlowerFund'!F54+'Income - SSchoolFund'!F54+'Income - Guild'!F54+'Income - Organ'!F54+'Income - SfSFund'!F54+'Income - Benevolent'!F54+'Income - Friday'!F54 -> 0 | F53: ='Income - General'!G53+'Income - Fabric'!G54+'Income - FlowerFund'!G54+'Income - SSchoolFund'!G54+'Income - Guild'!G54+'Income - Organ'!G54+'Income - SfSFund'!G54+'Income - Benevolent'!G54+'Income - Friday'!G54 -> 0 | G53: ='Income - General'!H53+'Income - Fabric'!H54+'Income - FlowerFund'!H54+'Income - SSchoolFund'!H54+'Income - Guild'!H54+'Income - Organ'!H54+'Income - SfSFund'!H54+'Income - Benevolent'!H54+'Income - Friday'!H54 -> 0 | H53: ='Income - General'!I53+'Income - Fabric'!I54+'Income - FlowerFund'!I54+'Income - SSchoolFund'!I54+'Income - Guild'!I54+'Income - Organ'!I54+'Income - SfSFund'!I54+'Income - Benevolent'!I54+'Income - Friday'!I54 -> 0 | I53: ='Income - General'!J53+'Income - Fabric'!J54+'Income - FlowerFund'!J54+'Income - SSchoolFund'!J54+'Income - Guild'!J54+'Income - Organ'!J54+'Income - SfSFund'!J54+'Income - Benevolent'!J54+'Income - Friday'!J54 -> 0 | ... M53: ='Income - General'!N53+'Income - Fabric'!N54+'Income - FlowerFund'!N54+'Income - SSchoolFund'!N54+'Income - Guild'!N54+'Income - Organ'!N54+'Income - SfSFund'!N54+'Income - Benevolent'!N54+'Income - Friday'!N54 -> 0 | N53: =SUM(B53:M53) -> 310 | P53: =N53-O53 -> 310 | W53: =SUM(P53:V53) -> 310 | Y53: =SUMIF('Income - OverallBUD'!$C$4:$N$4,'Income - Overall'!$Y$2,'Income - OverallBUD'!$C53:$N53) -> 850 | Z53: =N53-Y53 -> -540 | AB53: =SUMIF('Income - OverallPY'!$B$4:$N$4,'Income - Overall'!$AB$2,'Income - OverallPY'!$B53:$M53) -> 600 | AC53: =N53-AB53 -> -290 | AD53: =IF(ISERROR((N53/AB53)-1),"-",(N53/AB53)-1) -> -0.48333333
A54: Christmas Card Delivery (net) | B54: ='Income - General'!C54+'Income - Fabric'!C55+'Income - FlowerFund'!C55+'Income - SSchoolFund'!C55+'Income - Guild'!C55+'Income - Organ'!C55+'Income - SfSFund'!C55+'Income - Benevolent'!C55+'Income - Friday'!C55 -> 0 | C54: ='Income - General'!D54+'Income - Fabric'!D55+'Income - FlowerFund'!D55+'Income - SSchoolFund'!D55+'Income - Guild'!D55+'Income - Organ'!D55+'Income - SfSFund'!D55+'Income - Benevolent'!D55+'Income - Friday'!D55 -> 0 | D54: ='Income - General'!E54+'Income - Fabric'!E55+'Income - FlowerFund'!E55+'Income - SSchoolFund'!E55+'Income - Guild'!E55+'Income - Organ'!E55+'Income - SfSFund'!E55+'Income - Benevolent'!E55+'Income - Friday'!E55 -> 0 | E54: ='Income - General'!F54+'Income - Fabric'!F55+'Income - FlowerFund'!F55+'Income - SSchoolFund'!F55+'Income - Guild'!F55+'Income - Organ'!F55+'Income - SfSFund'!F55+'Income - Benevolent'!F55+'Income - Friday'!F55 -> 0 | F54: ='Income - General'!G54+'Income - Fabric'!G55+'Income - FlowerFund'!G55+'Income - SSchoolFund'!G55+'Income - Guild'!G55+'Income - Organ'!G55+'Income - SfSFund'!G55+'Income - Benevolent'!G55+'Income - Friday'!G55 -> 0 | G54: ='Income - General'!H54+'Income - Fabric'!H55+'Income - FlowerFund'!H55+'Income - SSchoolFund'!H55+'Income - Guild'!H55+'Income - Organ'!H55+'Income - SfSFund'!H55+'Income - Benevolent'!H55+'Income - Friday'!H55 -> 0 | H54: ='Income - General'!I54+'Income - Fabric'!I55+'Income - FlowerFund'!I55+'Income - SSchoolFund'!I55+'Income - Guild'!I55+'Income - Organ'!I55+'Income - SfSFund'!I55+'Income - Benevolent'!I55+'Income - Friday'!I55 -> 0 | I54: ='Income - General'!J54+'Income - Fabric'!J55+'Income - FlowerFund'!J55+'Income - SSchoolFund'!J55+'Income - Guild'!J55+'Income - Organ'!J55+'Income - SfSFund'!J55+'Income - Benevolent'!J55+'Income - Friday'!J55 -> 0 | ... M54: ='Income - General'!N54+'Income - Fabric'!N55+'Income - FlowerFund'!N55+'Income - SSchoolFund'!N55+'Income - Guild'!N55+'Income - Organ'!N55+'Income - SfSFund'!N55+'Income - Benevolent'!N55+'Income - Friday'!N55 -> 0 | N54: =SUM(B54:M54) -> 0 | P54: =N54-O54 -> 0 | W54: =SUM(P54:V54) -> 0 | Y54: =SUMIF('Income - OverallBUD'!$C$4:$N$4,'Income - Overall'!$Y$2,'Income - OverallBUD'!$C54:$N54) -> 0 | Z54: =N54-Y54 -> 0 | AB54: =SUMIF('Income - OverallPY'!$B$4:$N$4,'Income - Overall'!$AB$2,'Income - OverallPY'!$B54:$M54) -> 0 | AC54: =N54-AB54 -> 0 | AD54: =IF(ISERROR((N54/AB54)-1),"-",(N54/AB54)-1) -> -
A55: Other Charitable Activities | B55: ='Income - General'!C55+'Income - Fabric'!C56+'Income - FlowerFund'!C56+'Income - SSchoolFund'!C56+'Income - Guild'!C56+'Income - Organ'!C56+'Income - SfSFund'!C56+'Income - Benevolent'!C56+'Income - Friday'!C56 -> 0 | C55: ='Income - General'!D55+'Income - Fabric'!D56+'Income - FlowerFund'!D56+'Income - SSchoolFund'!D56+'Income - Guild'!D56+'Income - Organ'!D56+'Income - SfSFund'!D56+'Income - Benevolent'!D56+'Income - Friday'!D56 -> 0 | D55: ='Income - General'!E55+'Income - Fabric'!E56+'Income - FlowerFund'!E56+'Income - SSchoolFund'!E56+'Income - Guild'!E56+'Income - Organ'!E56+'Income - SfSFund'!E56+'Income - Benevolent'!E56+'Income - Friday'!E56 -> 0 | E55: ='Income - General'!F55+'Income - Fabric'!F56+'Income - FlowerFund'!F56+'Income - SSchoolFund'!F56+'Income - Guild'!F56+'Income - Organ'!F56+'Income - SfSFund'!F56+'Income - Benevolent'!F56+'Income - Friday'!F56 -> 0 | F55: ='Income - General'!G55+'Income - Fabric'!G56+'Income - FlowerFund'!G56+'Income - SSchoolFund'!G56+'Income - Guild'!G56+'Income - Organ'!G56+'Income - SfSFund'!G56+'Income - Benevolent'!G56+'Income - Friday'!G56 -> 0 | G55: ='Income - General'!H55+'Income - Fabric'!H56+'Income - FlowerFund'!H56+'Income - SSchoolFund'!H56+'Income - Guild'!H56+'Income - Organ'!H56+'Income - SfSFund'!H56+'Income - Benevolent'!H56+'Income - Friday'!H56 -> 0 | H55: ='Income - General'!I55+'Income - Fabric'!I56+'Income - FlowerFund'!I56+'Income - SSchoolFund'!I56+'Income - Guild'!I56+'Income - Organ'!I56+'Income - SfSFund'!I56+'Income - Benevolent'!I56+'Income - Friday'!I56 -> 0 | I55: ='Income - General'!J55+'Income - Fabric'!J56+'Income - FlowerFund'!J56+'Income - SSchoolFund'!J56+'Income - Guild'!J56+'Income - Organ'!J56+'Income - SfSFund'!J56+'Income - Benevolent'!J56+'Income - Friday'!J56 -> 0 | ... M55: ='Income - General'!N55+'Income - Fabric'!N56+'Income - FlowerFund'!N56+'Income - SSchoolFund'!N56+'Income - Guild'!N56+'Income - Organ'!N56+'Income - SfSFund'!N56+'Income - Benevolent'!N56+'Income - Friday'!N56 -> 0 | N55: =SUM(B55:M55) -> 0 | P55: =N55-O55 -> 0 | W55: =SUM(P55:V55) -> 0 | Y55: =SUMIF('Income - OverallBUD'!$C$4:$N$4,'Income - Overall'!$Y$2,'Income - OverallBUD'!$C55:$N55) -> 500 | Z55: =N55-Y55 -> -500 | AB55: =SUMIF('Income - OverallPY'!$B$4:$N$4,'Income - Overall'!$AB$2,'Income - OverallPY'!$B55:$M55) -> 0 | AC55: =N55-AB55 -> 0 | AD55: =IF(ISERROR((N55/AB55)-1),"-",(N55/AB55)-1) -> -
A56: Other voluntary income | B56: ='Income - General'!C56+'Income - Fabric'!C57+'Income - FlowerFund'!C57+'Income - SSchoolFund'!C57+'Income - Guild'!C57+'Income - Organ'!C57+'Income - SfSFund'!C57+'Income - Benevolent'!C57+'Income - Friday'!C57 -> 0 | C56: ='Income - General'!D56+'Income - Fabric'!D57+'Income - FlowerFund'!D57+'Income - SSchoolFund'!D57+'Income - Guild'!D57+'Income - Organ'!D57+'Income - SfSFund'!D57+'Income - Benevolent'!D57+'Income - Friday'!D57 -> 0 | D56: ='Income - General'!E56+'Income - Fabric'!E57+'Income - FlowerFund'!E57+'Income - SSchoolFund'!E57+'Income - Guild'!E57+'Income - Organ'!E57+'Income - SfSFund'!E57+'Income - Benevolent'!E57+'Income - Friday'!E57 -> 0 | E56: ='Income - General'!F56+'Income - Fabric'!F57+'Income - FlowerFund'!F57+'Income - SSchoolFund'!F57+'Income - Guild'!F57+'Income - Organ'!F57+'Income - SfSFund'!F57+'Income - Benevolent'!F57+'Income - Friday'!F57 -> 0 | F56: ='Income - General'!G56+'Income - Fabric'!G57+'Income - FlowerFund'!G57+'Income - SSchoolFund'!G57+'Income - Guild'!G57+'Income - Organ'!G57+'Income - SfSFund'!G57+'Income - Benevolent'!G57+'Income - Friday'!G57 -> 0 | G56: ='Income - General'!H56+'Income - Fabric'!H57+'Income - FlowerFund'!H57+'Income - SSchoolFund'!H57+'Income - Guild'!H57+'Income - Organ'!H57+'Income - SfSFund'!H57+'Income - Benevolent'!H57+'Income - Friday'!H57 -> 0 | H56: ='Income - General'!I56+'Income - Fabric'!I57+'Income - FlowerFund'!I57+'Income - SSchoolFund'!I57+'Income - Guild'!I57+'Income - Organ'!I57+'Income - SfSFund'!I57+'Income - Benevolent'!I57+'Income - Friday'!I57 -> 0 | I56: ='Income - General'!J56+'Income - Fabric'!J57+'Income - FlowerFund'!J57+'Income - SSchoolFund'!J57+'Income - Guild'!J57+'Income - Organ'!J57+'Income - SfSFund'!J57+'Income - Benevolent'!J57+'Income - Friday'!J57 -> 0 | ... M56: ='Income - General'!N56+'Income - Fabric'!N57+'Income - FlowerFund'!N57+'Income - SSchoolFund'!N57+'Income - Guild'!N57+'Income - Organ'!N57+'Income - SfSFund'!N57+'Income - Benevolent'!N57+'Income - Friday'!N57 -> 0 | N56: =SUM(B56:M56) -> 0 | P56: =N56-O56 -> 0 | W56: =SUM(P56:V56) -> 0 | Z56: =N56-Y56 -> 0 | AB56: =SUMIF('Income - OverallPY'!$B$4:$N$4,'Income - Overall'!$AB$2,'Income - OverallPY'!$B56:$M56) -> 4.92 | AC56: =N56-AB56 -> -4.92 | AD56: =IF(ISERROR((N56/AB56)-1),"-",(N56/AB56)-1) -> -1
A57: Activities by Church Organisations | B57: ='Income - General'!C58+'Income - Fabric'!C59+'Income - FlowerFund'!C59+'Income - SSchoolFund'!C59+'Income - Guild'!C59+'Income - Organ'!C59+'Income - SfSFund'!C59+'Income - Benevolent'!C59+'Income - Friday'!C59 -> 0 | C57: ='Income - General'!D58+'Income - Fabric'!D59+'Income - FlowerFund'!D59+'Income - SSchoolFund'!D59+'Income - Guild'!D59+'Income - Organ'!D59+'Income - SfSFund'!D59+'Income - Benevolent'!D59+'Income - Friday'!D59 -> 0 | D57: ='Income - General'!E58+'Income - Fabric'!E59+'Income - FlowerFund'!E59+'Income - SSchoolFund'!E59+'Income - Guild'!E59+'Income - Organ'!E59+'Income - SfSFund'!E59+'Income - Benevolent'!E59+'Income - Friday'!E59 -> 0 | E57: ='Income - General'!F58+'Income - Fabric'!F59+'Income - FlowerFund'!F59+'Income - SSchoolFund'!F59+'Income - Guild'!F59+'Income - Organ'!F59+'Income - SfSFund'!F59+'Income - Benevolent'!F59+'Income - Friday'!F59 -> 0 | F57: ='Income - General'!G58+'Income - Fabric'!G59+'Income - FlowerFund'!G59+'Income - SSchoolFund'!G59+'Income - Guild'!G59+'Income - Organ'!G59+'Income - SfSFund'!G59+'Income - Benevolent'!G59+'Income - Friday'!G59 -> 0 | G57: ='Income - General'!H58+'Income - Fabric'!H59+'Income - FlowerFund'!H59+'Income - SSchoolFund'!H59+'Income - Guild'!H59+'Income - Organ'!H59+'Income - SfSFund'!H59+'Income - Benevolent'!H59+'Income - Friday'!H59 -> 0 | H57: ='Income - General'!I58+'Income - Fabric'!I59+'Income - FlowerFund'!I59+'Income - SSchoolFund'!I59+'Income - Guild'!I59+'Income - Organ'!I59+'Income - SfSFund'!I59+'Income - Benevolent'!I59+'Income - Friday'!I59 -> 0 | I57: ='Income - General'!J58+'Income - Fabric'!J59+'Income - FlowerFund'!J59+'Income - SSchoolFund'!J59+'Income - Guild'!J59+'Income - Organ'!J59+'Income - SfSFund'!J59+'Income - Benevolent'!J59+'Income - Friday'!J59 -> 0 | ... M57: ='Income - General'!N58+'Income - Fabric'!N59+'Income - FlowerFund'!N59+'Income - SSchoolFund'!N59+'Income - Guild'!N59+'Income - Organ'!N59+'Income - SfSFund'!N59+'Income - Benevolent'!N59+'Income - Friday'!N59 -> 0 | N57: =SUM(B57:M57) -> 0 | P57: =N57-O57 -> 0 | W57: =SUM(P57:V57) -> 0 | Y57: =SUMIF('Income - OverallBUD'!$C$4:$N$4,'Income - Overall'!$Y$2,'Income - OverallBUD'!$C57:$N57) -> 1500 | Z57: =N57-Y57 -> -1500 | AB57: =SUMIF('Income - OverallPY'!$B$4:$N$4,'Income - Overall'!$AB$2,'Income - OverallPY'!$B57:$M57) -> 0 | AC57: =N57-AB57 -> 0 | AD57: =IF(ISERROR((N57/AB57)-1),"-",(N57/AB57)-1) -> -
A58: Total Incoming Resources from Charitable Activities | B58: =SUM(B53:B57) -> 310 | C58: =SUM(C53:C57) -> 0 | D58: =SUM(D53:D57) -> 0 | E58: =SUM(E53:E57) -> 0 | F58: =SUM(F53:F57) -> 0 | G58: =SUM(G53:G57) -> 0 | H58: =SUM(H53:H57) -> 0 | I58: =SUM(I53:I57) -> 0 | ... W58: =SUM(W53:W57) -> 310 | Y58: =SUM(Y53:Y57) -> 2850 | Z58: =SUM(Z53:Z57) -> -2540 | AB58: =SUM(AB53:AB57) -> 604.92 | AC58: =SUM(AC53:AC57) -> -294.92 | AD58: =IF(ISERROR((N58/AB58)-1),"-",(N58/AB58)-1) -> -0.48753554
A60: Total Incoming Resources | B60: =B50+B58 -> 12385.48 | C60: =C50+C58 -> 11566.89 | D60: =D50+D58 -> 19777.24 | E60: =E50+E58 -> 16428.42 | F60: =F50+F58 -> 18243.96 | G60: =G50+G58 -> 0 | H60: =H50+H58 -> 0 | I60: =I50+I58 -> 0 | ... W60: =W50+W58 -> 78401.99 | Y60: =Y50+Y58 -> 73750 | Z60: =Z50+Z58 -> 4651.99 | AB60: =AB50+AB58 -> 75892.07 | AC60: =AC50+AC58 -> 2509.92 | AD60: =IF(ISERROR((N60/AB60)-1),"-",(N60/AB60)-1) -> 0.03307223
A62: NET IMPACT ON OVERALL FUNDS | B62: =B60-'Expend - Overall'!B62 -> -6501.76 | C62: =C60-'Expend - Overall'!C62 -> -2813.74 | D62: =D60-'Expend - Overall'!D62 -> -23307.11 | E62: =E60-'Expend - Overall'!E62 -> 13159.11 | F62: =F60-'Expend - Overall'!F62 -> 1498.63 | G62: =G60-'Expend - Overall'!G62 -> 0 | H62: =H60-'Expend - Overall'!H62 -> 0 | I62: =I60-'Expend - Overall'!I62 -> 0 | ... W62: =W60-'Expend - Overall'!W62 -> -17964.87 | Y62: =Y60-'Expend - Overall'!Y62 -> -19998.65 | Z62: =N62-Y62 -> 2033.78
A64: CUMULATIVE POSITION | B64: =B62 -> -6501.76 | C64: =B64+C62 -> -9315.5 | D64: =C64+D62 -> -32622.61 | E64: =D64+E62 -> -19463.5 | F64: =E64+F62 -> -17964.87 | G64: =F64+G62 -> -17964.87 | H64: =G64+H62 -> -17964.87 | I64: =H64+I62 -> -17964.87 | J64: =I64+J62 -> -17964.87 | ... M64: =L64+M62 -> -17964.87 | O64: =O60-O63 -> 0

Sheet Expend - Overall
A1: Banchory-Ternan West Parish Church
A2: Income & Expenditure Statement | Y2: 5 | AB2: 5
A3: ='Income - Overall'!A3 -> 46173 | AB3: Same
A4: OVERALL FUNDS: EXPENDITURE | AB4: Period
Q5: Gift Aid | R5: Wrong | S5: C Card | T5: Ministries | U5: ABA | V5: Church | Y5: YTD | AB5: 2025 | AD5: %
B6: Jan | C6: Feb | D6: Mar | E6: Apr | F6: May | G6: Jun | H6: Jul | I6: Aug | J6: Sep | K6: Oct | L6: Nov | M6: Dec | N6: Tot | O6: TB | P6: Variance | Q6: Transfer | R6: Year | S6: Transfer | T6: Council | U6: Funds | V6: Weekend | W6: Variance | Y6: Budget | Z6: Variance | AB6: Actual | AC6: Variance | AD6: Variance
A7: Costs of Generating Funds
A8: Offering Envelopes | B8: ='Expend - General'!C8+'Expend - Fabric'!C8+'Expend - FlowerFund'!C8+'Expend - SSchoolFund'!C8+'Expend - ReithMemorial'!C8+'Expend - SfSFund'!C8+'Expend - Guild'!C8+'Expend - Organ'!C8+'Expend - JrChurch'!C8+'Expend - Benevolent'!C8+'Expend - Friday'!C8 -> 0 | C8: ='Expend - General'!D8+'Expend - Fabric'!D8+'Expend - FlowerFund'!D8+'Expend - SSchoolFund'!D8+'Expend - ReithMemorial'!D8+'Expend - SfSFund'!D8+'Expend - Guild'!D8+'Expend - Organ'!D8+'Expend - JrChurch'!D8+'Expend - Benevolent'!D8+'Expend - Friday'!D8 -> 0 | D8: ='Expend - General'!E8+'Expend - Fabric'!E8+'Expend - FlowerFund'!E8+'Expend - SSchoolFund'!E8+'Expend - ReithMemorial'!E8+'Expend - SfSFund'!E8+'Expend - Guild'!E8+'Expend - Organ'!E8+'Expend - JrChurch'!E8+'Expend - Benevolent'!E8+'Expend - Friday'!E8 -> 0 | E8: ='Expend - General'!F8+'Expend - Fabric'!F8+'Expend - FlowerFund'!F8+'Expend - SSchoolFund'!F8+'Expend - ReithMemorial'!F8+'Expend - SfSFund'!F8+'Expend - Guild'!F8+'Expend - Organ'!F8+'Expend - JrChurch'!F8+'Expend - Benevolent'!F8+'Expend - Friday'!F8 -> 0 | F8: ='Expend - General'!G8+'Expend - Fabric'!G8+'Expend - FlowerFund'!G8+'Expend - SSchoolFund'!G8+'Expend - ReithMemorial'!G8+'Expend - SfSFund'!G8+'Expend - Guild'!G8+'Expend - Organ'!G8+'Expend - JrChurch'!G8+'Expend - Benevolent'!G8+'Expend - Friday'!G8 -> 0 | G8: ='Expend - General'!H8+'Expend - Fabric'!H8+'Expend - FlowerFund'!H8+'Expend - SSchoolFund'!H8+'Expend - ReithMemorial'!H8+'Expend - SfSFund'!H8+'Expend - Guild'!H8+'Expend - Organ'!H8+'Expend - JrChurch'!H8+'Expend - Benevolent'!H8+'Expend - Friday'!H8 -> 0 | H8: ='Expend - General'!I8+'Expend - Fabric'!I8+'Expend - FlowerFund'!I8+'Expend - SSchoolFund'!I8+'Expend - ReithMemorial'!I8+'Expend - SfSFund'!I8+'Expend - Guild'!I8+'Expend - Organ'!I8+'Expend - JrChurch'!I8+'Expend - Benevolent'!I8+'Expend - Friday'!I8 -> 0 | I8: ='Expend - General'!J8+'Expend - Fabric'!J8+'Expend - FlowerFund'!J8+'Expend - SSchoolFund'!J8+'Expend - ReithMemorial'!J8+'Expend - SfSFund'!J8+'Expend - Guild'!J8+'Expend - Organ'!J8+'Expend - JrChurch'!J8+'Expend - Benevolent'!J8+'Expend - Friday'!J8 -> 0 | ... M8: ='Expend - General'!N8+'Expend - Fabric'!N8+'Expend - FlowerFund'!N8+'Expend - SSchoolFund'!N8+'Expend - ReithMemorial'!N8+'Expend - SfSFund'!N8+'Expend - Guild'!N8+'Expend - Organ'!N8+'Expend - JrChurch'!N8+'Expend - Benevolent'!N8+'Expend - Friday'!N8 -> 0 | N8: =SUM(B8:M8) -> 0 | P8: =N8-O8 -> 0 | W8: =SUM(P8:V8) -> 0 | Y8: =SUMIF('Expend - OverallBUD'!$C$4:$N$4,'Expend - Overall'!$Y$2,'Expend - OverallBUD'!$C8:$N8) -> 0 | Z8: =Y8-N8 -> 0 | AB8: =SUMIF('Expend - OverallPY'!$B$4:$M$4,'Expend - Overall'!$AB$2,'Expend - OverallPY'!$B8:$M8) -> 0 | AC8: =AB8-N8 -> 0 | AD8: =IF(ISERROR((AB8/N8)-1),"-",(AB8/N8)-1) -> -
A9: Stewardship Campaign Costs | B9: ='Expend - General'!C9+'Expend - Fabric'!C9+'Expend - FlowerFund'!C9+'Expend - SSchoolFund'!C9+'Expend - ReithMemorial'!C9+'Expend - SfSFund'!C9+'Expend - Guild'!C9+'Expend - Organ'!C9+'Expend - JrChurch'!C9+'Expend - Benevolent'!C9+'Expend - Friday'!C9 -> 0 | C9: ='Expend - General'!D9+'Expend - Fabric'!D9+'Expend - FlowerFund'!D9+'Expend - SSchoolFund'!D9+'Expend - ReithMemorial'!D9+'Expend - SfSFund'!D9+'Expend - Guild'!D9+'Expend - Organ'!D9+'Expend - JrChurch'!D9+'Expend - Benevolent'!D9+'Expend - Friday'!D9 -> 0 | D9: ='Expend - General'!E9+'Expend - Fabric'!E9+'Expend - FlowerFund'!E9+'Expend - SSchoolFund'!E9+'Expend - ReithMemorial'!E9+'Expend - SfSFund'!E9+'Expend - Guild'!E9+'Expend - Organ'!E9+'Expend - JrChurch'!E9+'Expend - Benevolent'!E9+'Expend - Friday'!E9 -> 0 | E9: ='Expend - General'!F9+'Expend - Fabric'!F9+'Expend - FlowerFund'!F9+'Expend - SSchoolFund'!F9+'Expend - ReithMemorial'!F9+'Expend - SfSFund'!F9+'Expend - Guild'!F9+'Expend - Organ'!F9+'Expend - JrChurch'!F9+'Expend - Benevolent'!F9+'Expend - Friday'!F9 -> 0 | F9: ='Expend - General'!G9+'Expend - Fabric'!G9+'Expend - FlowerFund'!G9+'Expend - SSchoolFund'!G9+'Expend - ReithMemorial'!G9+'Expend - SfSFund'!G9+'Expend - Guild'!G9+'Expend - Organ'!G9+'Expend - JrChurch'!G9+'Expend - Benevolent'!G9+'Expend - Friday'!G9 -> 0 | G9: ='Expend - General'!H9+'Expend - Fabric'!H9+'Expend - FlowerFund'!H9+'Expend - SSchoolFund'!H9+'Expend - ReithMemorial'!H9+'Expend - SfSFund'!H9+'Expend - Guild'!H9+'Expend - Organ'!H9+'Expend - JrChurch'!H9+'Expend - Benevolent'!H9+'Expend - Friday'!H9 -> 0 | H9: ='Expend - General'!I9+'Expend - Fabric'!I9+'Expend - FlowerFund'!I9+'Expend - SSchoolFund'!I9+'Expend - ReithMemorial'!I9+'Expend - SfSFund'!I9+'Expend - Guild'!I9+'Expend - Organ'!I9+'Expend - JrChurch'!I9+'Expend - Benevolent'!I9+'Expend - Friday'!I9 -> 0 | I9: ='Expend - General'!J9+'Expend - Fabric'!J9+'Expend - FlowerFund'!J9+'Expend - SSchoolFund'!J9+'Expend - ReithMemorial'!J9+'Expend - SfSFund'!J9+'Expend - Guild'!J9+'Expend - Organ'!J9+'Expend - JrChurch'!J9+'Expend - Benevolent'!J9+'Expend - Friday'!J9 -> 0 | ... M9: ='Expend - General'!N9+'Expend - Fabric'!N9+'Expend - FlowerFund'!N9+'Expend - SSchoolFund'!N9+'Expend - ReithMemorial'!N9+'Expend - SfSFund'!N9+'Expend - Guild'!N9+'Expend - Organ'!N9+'Expend - JrChurch'!N9+'Expend - Benevolent'!N9+'Expend - Friday'!N9 -> 0 | N9: =SUM(B9:M9) -> 0 | P9: =N9-O9 -> 0 | W9: =SUM(P9:V9) -> 0 | Y9: =SUMIF('Expend - OverallBUD'!$C$4:$N$4,'Expend - Overall'!$Y$2,'Expend - OverallBUD'!$C9:$N9) -> 0 | Z9: =Y9-N9 -> 0 | AB9: =SUMIF('Expend - OverallPY'!$B$4:$M$4,'Expend - Overall'!$AB$2,'Expend - OverallPY'!$B9:$M9) -> 0 | AC9: =AB9-N9 -> 0 | AD9: =IF(ISERROR((AB9/N9)-1),"-",(AB9/N9)-1) -> -
A10: Total Costs of Generating Funds | B10: =SUM(B8:B9) -> 0 | C10: =SUM(C8:C9) -> 0 | D10: =SUM(D8:D9) -> 0 | E10: =SUM(E8:E9) -> 0 | F10: =SUM(F8:F9) -> 0 | G10: =SUM(G8:G9) -> 0 | H10: =SUM(H8:H9) -> 0 | I10: =SUM(I8:I9) -> 0 | ... W10: =SUM(W8:W9) -> 0 | Y10: =SUM(Y8:Y9) -> 0 | Z10: =SUM(Z8:Z9) -> 0 | AB10: =SUM(AB8:AB9) -> 0 | AC10: =SUM(AC8:AC9) -> 0 | AD10: =IF(ISERROR((AB10/N10)-1),"-",(AB10/N10)-1) -> -
A12: Charitable Activities
A13: Ministries and Mission Allocation | B13: ='Expend - General'!C13+'Expend - Fabric'!C13+'Expend - FlowerFund'!C13+'Expend - SSchoolFund'!C13+'Expend - ReithMemorial'!C13+'Expend - SfSFund'!C13+'Expend - Guild'!C13+'Expend - Organ'!C13+'Expend - JrChurch'!C13+'Expend - Benevolent'!C13+'Expend - Friday'!C13 -> 0 | C13: ='Expend - General'!D13+'Expend - Fabric'!D13+'Expend - FlowerFund'!D13+'Expend - SSchoolFund'!D13+'Expend - ReithMemorial'!D13+'Expend - SfSFund'!D13+'Expend - Guild'!D13+'Expend - Organ'!D13+'Expend - JrChurch'!D13+'Expend - Benevolent'!D13+'Expend - Friday'!D13 -> 6400.1 | D13: ='Expend - General'!E13+'Expend - Fabric'!E13+'Expend - FlowerFund'!E13+'Expend - SSchoolFund'!E13+'Expend - ReithMemorial'!E13+'Expend - SfSFund'!E13+'Expend - Guild'!E13+'Expend - Organ'!E13+'Expend - JrChurch'!E13+'Expend - Benevolent'!E13+'Expend - Friday'!E13 -> 6400.1 | E13: ='Expend - General'!F13+'Expend - Fabric'!F13+'Expend - FlowerFund'!F13+'Expend - SSchoolFund'!F13+'Expend - ReithMemorial'!F13+'Expend - SfSFund'!F13+'Expend - Guild'!F13+'Expend - Organ'!F13+'Expend - JrChurch'!F13+'Expend - Benevolent'!F13+'Expend - Friday'!F13 -> 6400.1 | F13: ='Expend - General'!G13+'Expend - Fabric'!G13+'Expend - FlowerFund'!G13+'Expend - SSchoolFund'!G13+'Expend - ReithMemorial'!G13+'Expend - SfSFund'!G13+'Expend - Guild'!G13+'Expend - Organ'!G13+'Expend - JrChurch'!G13+'Expend - Benevolent'!G13+'Expend - Friday'!G13 -> 6400.1 | G13: ='Expend - General'!H13+'Expend - Fabric'!H13+'Expend - FlowerFund'!H13+'Expend - SSchoolFund'!H13+'Expend - ReithMemorial'!H13+'Expend - SfSFund'!H13+'Expend - Guild'!H13+'Expend - Organ'!H13+'Expend - JrChurch'!H13+'Expend - Benevolent'!H13+'Expend - Friday'!H13 -> 0 | H13: ='Expend - General'!I13+'Expend - Fabric'!I13+'Expend - FlowerFund'!I13+'Expend - SSchoolFund'!I13+'Expend - ReithMemorial'!I13+'Expend - SfSFund'!I13+'Expend - Guild'!I13+'Expend - Organ'!I13+'Expend - JrChurch'!I13+'Expend - Benevolent'!I13+'Expend - Friday'!I13 -> 0 | I13: ='Expend - General'!J13+'Expend - Fabric'!J13+'Expend - FlowerFund'!J13+'Expend - SSchoolFund'!J13+'Expend - ReithMemorial'!J13+'Expend - SfSFund'!J13+'Expend - Guild'!J13+'Expend - Organ'!J13+'Expend - JrChurch'!J13+'Expend - Benevolent'!J13+'Expend - Friday'!J13 -> 0 | ... M13: ='Expend - General'!N13+'Expend - Fabric'!N13+'Expend - FlowerFund'!N13+'Expend - SSchoolFund'!N13+'Expend - ReithMemorial'!N13+'Expend - SfSFund'!N13+'Expend - Guild'!N13+'Expend - Organ'!N13+'Expend - JrChurch'!N13+'Expend - Benevolent'!N13+'Expend - Friday'!N13 -> 0 | N13: =SUM(B13:M13) -> 25600.4 | P13: =N13-O13 -> 25600.4 | W13: =SUM(P13:V13) -> 25600.4 | Y13: =SUMIF('Expend - OverallBUD'!$C$4:$N$4,'Expend - Overall'!$Y$2,'Expend - OverallBUD'!$C13:$N13) -> 25600.4 | Z13: =Y13-N13 -> 0 | AB13: =SUMIF('Expend - OverallPY'!$B$4:$M$4,'Expend - Overall'!$AB$2,'Expend - OverallPY'!$B13:$M13) -> 23486.5 | AC13: =AB13-N13 -> -2113.9 | AD13: =IF(ISERROR((AB13/N13)-1),"-",(AB13/N13)-1) -> -0.082572929
A14: Presbytery Dues | B14: ='Expend - General'!C14+'Expend - Fabric'!C14+'Expend - FlowerFund'!C14+'Expend - SSchoolFund'!C14+'Expend - ReithMemorial'!C14+'Expend - SfSFund'!C14+'Expend - Guild'!C14+'Expend - Organ'!C14+'Expend - JrChurch'!C14+'Expend - Benevolent'!C14+'Expend - Friday'!C14 -> 0 | C14: ='Expend - General'!D14+'Expend - Fabric'!D14+'Expend - FlowerFund'!D14+'Expend - SSchoolFund'!D14+'Expend - ReithMemorial'!D14+'Expend - SfSFund'!D14+'Expend - Guild'!D14+'Expend - Organ'!D14+'Expend - JrChurch'!D14+'Expend - Benevolent'!D14+'Expend - Friday'!D14 -> 0 | D14: ='Expend - General'!E14+'Expend - Fabric'!E14+'Expend - FlowerFund'!E14+'Expend - SSchoolFund'!E14+'Expend - ReithMemorial'!E14+'Expend - SfSFund'!E14+'Expend - Guild'!E14+'Expend - Organ'!E14+'Expend - JrChurch'!E14+'Expend - Benevolent'!E14+'Expend - Friday'!E14 -> 3367 | E14: ='Expend - General'!F14+'Expend - Fabric'!F14+'Expend - FlowerFund'!F14+'Expend - SSchoolFund'!F14+'Expend - ReithMemorial'!F14+'Expend - SfSFund'!F14+'Expend - Guild'!F14+'Expend - Organ'!F14+'Expend - JrChurch'!F14+'Expend - Benevolent'!F14+'Expend - Friday'!F14 -> 0 | F14: ='Expend - General'!G14+'Expend - Fabric'!G14+'Expend - FlowerFund'!G14+'Expend - SSchoolFund'!G14+'Expend - ReithMemorial'!G14+'Expend - SfSFund'!G14+'Expend - Guild'!G14+'Expend - Organ'!G14+'Expend - JrChurch'!G14+'Expend - Benevolent'!G14+'Expend - Friday'!G14 -> 0 | G14: ='Expend - General'!H14+'Expend - Fabric'!H14+'Expend - FlowerFund'!H14+'Expend - SSchoolFund'!H14+'Expend - ReithMemorial'!H14+'Expend - SfSFund'!H14+'Expend - Guild'!H14+'Expend - Organ'!H14+'Expend - JrChurch'!H14+'Expend - Benevolent'!H14+'Expend - Friday'!H14 -> 0 | H14: ='Expend - General'!I14+'Expend - Fabric'!I14+'Expend - FlowerFund'!I14+'Expend - SSchoolFund'!I14+'Expend - ReithMemorial'!I14+'Expend - SfSFund'!I14+'Expend - Guild'!I14+'Expend - Organ'!I14+'Expend - JrChurch'!I14+'Expend - Benevolent'!I14+'Expend - Friday'!I14 -> 0 | I14: ='Expend - General'!J14+'Expend - Fabric'!J14+'Expend - FlowerFund'!J14+'Expend - SSchoolFund'!J14+'Expend - ReithMemorial'!J14+'Expend - SfSFund'!J14+'Expend - Guild'!J14+'Expend - Organ'!J14+'Expend - JrChurch'!J14+'Expend - Benevolent'!J14+'Expend - Friday'!J14 -> 0 | ... M14: ='Expend - General'!N14+'Expend - Fabric'!N14+'Expend - FlowerFund'!N14+'Expend - SSchoolFund'!N14+'Expend - ReithMemorial'!N14+'Expend - SfSFund'!N14+'Expend - Guild'!N14+'Expend - Organ'!N14+'Expend - JrChurch'!N14+'Expend - Benevolent'!N14+'Expend - Friday'!N14 -> 0 | N14: =SUM(B14:M14) -> 3367 | P14: =N14-O14 -> 3367 | W14: =SUM(P14:V14) -> 3367 | Y14: =SUMIF('Expend - OverallBUD'!$C$4:$N$4,'Expend - Overall'!$Y$2,'Expend - OverallBUD'!$C14:$N14) -> 3367 | Z14: =Y14-N14 -> 0 | AB14: =SUMIF('Expend - OverallPY'!$B$4:$M$4,'Expend - Overall'!$AB$2,'Expend - OverallPY'!$B14:$M14) -> 3056 | AC14: =AB14-N14 -> -311 | AD14: =IF(ISERROR((AB14/N14)-1),"-",(AB14/N14)-1) -> -0.092367092
A15: Minister's Expenses | B15: =SUM(B16:B17) -> 287.5 | C15: =SUM(C16:C17) -> 11.5 | D15: =SUM(D16:D17) -> 11.5 | E15: =SUM(E16:E17) -> 379.5 | F15: =SUM(F16:F17) -> 11.5 | G15: =SUM(G16:G17) -> 0 | H15: =SUM(H16:H17) -> 0 | I15: =SUM(I16:I17) -> 0 | ... M15: =SUM(M16:M17) -> 0 | N15: =SUM(B15:M15) -> 701.5 | O15: =SUM(O16:O17) -> 0 | P15: =N15-O15 -> 701.5 | W15: =SUM(P15:V15) -> 701.5 | Y15: =SUMIF('Expend - OverallBUD'!$C$4:$N$4,'Expend - Overall'!$Y$2,'Expend - OverallBUD'!$C15:$N15) -> 300 | Z15: =SUM(Z16:Z17) -> -401.5 | AB15: =SUM(AB16:AB17) -> 297.5 | AC15: =AB15-N15 -> -404 | AD15: =IF(ISERROR((AB15/N15)-1),"-",(AB15/N15)-1) -> -0.57590877
A16: Telephone | B16: ='Expend - General'!C16+'Expend - Fabric'!C16+'Expend - FlowerFund'!C16+'Expend - SSchoolFund'!C16+'Expend - ReithMemorial'!C16+'Expend - SfSFund'!C16+'Expend - Guild'!C16+'Expend - Organ'!C16+'Expend - JrChurch'!C16+'Expend - Benevolent'!C16+'Expend - Friday'!C16 -> 11.5 | C16: ='Expend - General'!D16+'Expend - Fabric'!D16+'Expend - FlowerFund'!D16+'Expend - SSchoolFund'!D16+'Expend - ReithMemorial'!D16+'Expend - SfSFund'!D16+'Expend - Guild'!D16+'Expend - Organ'!D16+'Expend - JrChurch'!D16+'Expend - Benevolent'!D16+'Expend - Friday'!D16 -> 11.5 | D16: ='Expend - General'!E16+'Expend - Fabric'!E16+'Expend - FlowerFund'!E16+'Expend - SSchoolFund'!E16+'Expend - ReithMemorial'!E16+'Expend - SfSFund'!E16+'Expend - Guild'!E16+'Expend - Organ'!E16+'Expend - JrChurch'!E16+'Expend - Benevolent'!E16+'Expend - Friday'!E16 -> 11.5 | E16: ='Expend - General'!F16+'Expend - Fabric'!F16+'Expend - FlowerFund'!F16+'Expend - SSchoolFund'!F16+'Expend - ReithMemorial'!F16+'Expend - SfSFund'!F16+'Expend - Guild'!F16+'Expend - Organ'!F16+'Expend - JrChurch'!F16+'Expend - Benevolent'!F16+'Expend - Friday'!F16 -> 11.5 | F16: ='Expend - General'!G16+'Expend - Fabric'!G16+'Expend - FlowerFund'!G16+'Expend - SSchoolFund'!G16+'Expend - ReithMemorial'!G16+'Expend - SfSFund'!G16+'Expend - Guild'!G16+'Expend - Organ'!G16+'Expend - JrChurch'!G16+'Expend - Benevolent'!G16+'Expend - Friday'!G16 -> 11.5 | G16: ='Expend - General'!H16+'Expend - Fabric'!H16+'Expend - FlowerFund'!H16+'Expend - SSchoolFund'!H16+'Expend - ReithMemorial'!H16+'Expend - SfSFund'!H16+'Expend - Guild'!H16+'Expend - Organ'!H16+'Expend - JrChurch'!H16+'Expend - Benevolent'!H16+'Expend - Friday'!H16 -> 0 | H16: ='Expend - General'!I16+'Expend - Fabric'!I16+'Expend - FlowerFund'!I16+'Expend - SSchoolFund'!I16+'Expend - ReithMemorial'!I16+'Expend - SfSFund'!I16+'Expend - Guild'!I16+'Expend - Organ'!I16+'Expend - JrChurch'!I16+'Expend - Benevolent'!I16+'Expend - Friday'!I16 -> 0 | I16: ='Expend - General'!J16+'Expend - Fabric'!J16+'Expend - FlowerFund'!J16+'Expend - SSchoolFund'!J16+'Expend - ReithMemorial'!J16+'Expend - SfSFund'!J16+'Expend - Guild'!J16+'Expend - Organ'!J16+'Expend - JrChurch'!J16+'Expend - Benevolent'!J16+'Expend - Friday'!J16 -> 0 | ... M16: ='Expend - General'!N16+'Expend - Fabric'!N16+'Expend - FlowerFund'!N16+'Expend - SSchoolFund'!N16+'Expend - ReithMemorial'!N16+'Expend - SfSFund'!N16+'Expend - Guild'!N16+'Expend - Organ'!N16+'Expend - JrChurch'!N16+'Expend - Benevolent'!N16+'Expend - Friday'!N16 -> 0 | N16: =SUM(B16:M16) -> 57.5 | P16: =N16-O16 -> 57.5 | W16: =SUM(P16:V16) -> 57.5 | Y16: =SUMIF('Expend - OverallBUD'!$C$4:$N$4,'Expend - Overall'!$Y$2,'Expend - OverallBUD'!$C16:$N16) -> 60 | Z16: =Y16-N16 -> 2.5 | AB16: =SUMIF('Expend - OverallPY'!$B$4:$M$4,'Expend - Overall'!$AB$2,'Expend - OverallPY'!$B16:$M16) -> 57.5 | AC16: =AB16-N16 -> 0 | AD16: =IF(ISERROR((AB16/N16)-1),"-",(AB16/N16)-1) -> 0
A17: Travel | B17: ='Expend - General'!C17+'Expend - Fabric'!C17+'Expend - FlowerFund'!C17+'Expend - SSchoolFund'!C17+'Expend - ReithMemorial'!C17+'Expend - SfSFund'!C17+'Expend - Guild'!C17+'Expend - Organ'!C17+'Expend - JrChurch'!C17+'Expend - Benevolent'!C17+'Expend - Friday'!C17 -> 276 | C17: ='Expend - General'!D17+'Expend - Fabric'!D17+'Expend - FlowerFund'!D17+'Expend - SSchoolFund'!D17+'Expend - ReithMemorial'!D17+'Expend - SfSFund'!D17+'Expend - Guild'!D17+'Expend - Organ'!D17+'Expend - JrChurch'!D17+'Expend - Benevolent'!D17+'Expend - Friday'!D17 -> 0 | D17: ='Expend - General'!E17+'Expend - Fabric'!E17+'Expend - FlowerFund'!E17+'Expend - SSchoolFund'!E17+'Expend - ReithMemorial'!E17+'Expend - SfSFund'!E17+'Expend - Guild'!E17+'Expend - Organ'!E17+'Expend - JrChurch'!E17+'Expend - Benevolent'!E17+'Expend - Friday'!E17 -> 0 | E17: ='Expend - General'!F17+'Expend - Fabric'!F17+'Expend - FlowerFund'!F17+'Expend - SSchoolFund'!F17+'Expend - ReithMemorial'!F17+'Expend - SfSFund'!F17+'Expend - Guild'!F17+'Expend - Organ'!F17+'Expend - JrChurch'!F17+'Expend - Benevolent'!F17+'Expend - Friday'!F17 -> 368 | F17: ='Expend - General'!G17+'Expend - Fabric'!G17+'Expend - FlowerFund'!G17+'Expend - SSchoolFund'!G17+'Expend - ReithMemorial'!G17+'Expend - SfSFund'!G17+'Expend - Guild'!G17+'Expend - Organ'!G17+'Expend - JrChurch'!G17+'Expend - Benevolent'!G17+'Expend - Friday'!G17 -> 0 | G17: ='Expend - General'!H17+'Expend - Fabric'!H17+'Expend - FlowerFund'!H17+'Expend - SSchoolFund'!H17+'Expend - ReithMemorial'!H17+'Expend - SfSFund'!H17+'Expend - Guild'!H17+'Expend - Organ'!H17+'Expend - JrChurch'!H17+'Expend - Benevolent'!H17+'Expend - Friday'!H17 -> 0 | H17: ='Expend - General'!I17+'Expend - Fabric'!I17+'Expend - FlowerFund'!I17+'Expend - SSchoolFund'!I17+'Expend - ReithMemorial'!I17+'Expend - SfSFund'!I17+'Expend - Guild'!I17+'Expend - Organ'!I17+'Expend - JrChurch'!I17+'Expend - Benevolent'!I17+'Expend - Friday'!I17 -> 0 | I17: ='Expend - General'!J17+'Expend - Fabric'!J17+'Expend - FlowerFund'!J17+'Expend - SSchoolFund'!J17+'Expend - ReithMemorial'!J17+'Expend - SfSFund'!J17+'Expend - Guild'!J17+'Expend - Organ'!J17+'Expend - JrChurch'!J17+'Expend - Benevolent'!J17+'Expend - Friday'!J17 -> 0 | ... M17: ='Expend - General'!N17+'Expend - Fabric'!N17+'Expend - FlowerFund'!N17+'Expend - SSchoolFund'!N17+'Expend - ReithMemorial'!N17+'Expend - SfSFund'!N17+'Expend - Guild'!N17+'Expend - Organ'!N17+'Expend - JrChurch'!N17+'Expend - Benevolent'!N17+'Expend - Friday'!N17 -> 0 | N17: =SUM(B17:M17) -> 644 | P17: =N17-O17 -> 644 | W17: =SUM(P17:V17) -> 644 | Y17: =SUMIF('Expend - OverallBUD'!$C$4:$N$4,'Expend - Overall'!$Y$2,'Expend - OverallBUD'!$C17:$N17) -> 240 | Z17: =Y17-N17 -> -404 | AB17: =SUMIF('Expend - OverallPY'!$B$4:$M$4,'Expend - Overall'!$AB$2,'Expend - OverallPY'!$B17:$M17) -> 240 | AC17: =AB17-N17 -> -404 | AD17: =IF(ISERROR((AB17/N17)-1),"-",(AB17/N17)-1) -> -0.62732919
A19: Ministerial Assistance | B19: ='Expend - General'!C19+'Expend - Fabric'!C19+'Expend - FlowerFund'!C19+'Expend - SSchoolFund'!C19+'Expend - ReithMemorial'!C19+'Expend - SfSFund'!C19+'Expend - Guild'!C19+'Expend - Organ'!C19+'Expend - JrChurch'!C19+'Expend - Benevolent'!C19+'Expend - Friday'!C19 -> 0 | C19: ='Expend - General'!D19+'Expend - Fabric'!D19+'Expend - FlowerFund'!D19+'Expend - SSchoolFund'!D19+'Expend - ReithMemorial'!D19+'Expend - SfSFund'!D19+'Expend - Guild'!D19+'Expend - Organ'!D19+'Expend - JrChurch'!D19+'Expend - Benevolent'!D19+'Expend - Friday'!D19 -> 0 | D19: ='Expend - General'!E19+'Expend - Fabric'!E19+'Expend - FlowerFund'!E19+'Expend - SSchoolFund'!E19+'Expend - ReithMemorial'!E19+'Expend - SfSFund'!E19+'Expend - Guild'!E19+'Expend - Organ'!E19+'Expend - JrChurch'!E19+'Expend - Benevolent'!E19+'Expend - Friday'!E19 -> 0 | E19: ='Expend - General'!F19+'Expend - Fabric'!F19+'Expend - FlowerFund'!F19+'Expend - SSchoolFund'!F19+'Expend - ReithMemorial'!F19+'Expend - SfSFund'!F19+'Expend - Guild'!F19+'Expend - Organ'!F19+'Expend - JrChurch'!F19+'Expend - Benevolent'!F19+'Expend - Friday'!F19 -> 0 | F19: ='Expend - General'!G19+'Expend - Fabric'!G19+'Expend - FlowerFund'!G19+'Expend - SSchoolFund'!G19+'Expend - ReithMemorial'!G19+'Expend - SfSFund'!G19+'Expend - Guild'!G19+'Expend - Organ'!G19+'Expend - JrChurch'!G19+'Expend - Benevolent'!G19+'Expend - Friday'!G19 -> 0 | G19: ='Expend - General'!H19+'Expend - Fabric'!H19+'Expend - FlowerFund'!H19+'Expend - SSchoolFund'!H19+'Expend - ReithMemorial'!H19+'Expend - SfSFund'!H19+'Expend - Guild'!H19+'Expend - Organ'!H19+'Expend - JrChurch'!H19+'Expend - Benevolent'!H19+'Expend - Friday'!H19 -> 0 | H19: ='Expend - General'!I19+'Expend - Fabric'!I19+'Expend - FlowerFund'!I19+'Expend - SSchoolFund'!I19+'Expend - ReithMemorial'!I19+'Expend - SfSFund'!I19+'Expend - Guild'!I19+'Expend - Organ'!I19+'Expend - JrChurch'!I19+'Expend - Benevolent'!I19+'Expend - Friday'!I19 -> 0 | I19: ='Expend - General'!J19+'Expend - Fabric'!J19+'Expend - FlowerFund'!J19+'Expend - SSchoolFund'!J19+'Expend - ReithMemorial'!J19+'Expend - SfSFund'!J19+'Expend - Guild'!J19+'Expend - Organ'!J19+'Expend - JrChurch'!J19+'Expend - Benevolent'!J19+'Expend - Friday'!J19 -> 0 | ... M19: ='Expend - General'!N19+'Expend - Fabric'!N19+'Expend - FlowerFund'!N19+'Expend - SSchoolFund'!N19+'Expend - ReithMemorial'!N19+'Expend - SfSFund'!N19+'Expend - Guild'!N19+'Expend - Organ'!N19+'Expend - JrChurch'!N19+'Expend - Benevolent'!N19+'Expend - Friday'!N19 -> 0 | N19: =SUM(B19:M19) -> 0 | P19: =N19-O19 -> 0 | W19: =SUM(P19:V19) -> 0 | Y19: =SUMIF('Expend - OverallBUD'!$C$4:$N$4,'Expend - Overall'!$Y$2,'Expend - OverallBUD'!$C19:$N19) -> 0 | Z19: =Y19-N19 -> 0 | AB19: =SUMIF('Expend - OverallPY'!$B$4:$M$4,'Expend - Overall'!$AB$2,'Expend - OverallPY'!$B19:$M19) -> 0 | AC19: =AB19-N19 -> 0 | AD19: =IF(ISERROR((AB19/N19)-1),"-",(AB19/N19)-1) -> -
A20: Pulpit Supply | B20: ='Expend - General'!C20+'Expend - Fabric'!C20+'Expend - FlowerFund'!C20+'Expend - SSchoolFund'!C20+'Expend - ReithMemorial'!C20+'Expend - SfSFund'!C20+'Expend - Guild'!C20+'Expend - Organ'!C20+'Expend - JrChurch'!C20+'Expend - Benevolent'!C20+'Expend - Friday'!C20 -> 0 | C20: ='Expend - General'!D20+'Expend - Fabric'!D20+'Expend - FlowerFund'!D20+'Expend - SSchoolFund'!D20+'Expend - ReithMemorial'!D20+'Expend - SfSFund'!D20+'Expend - Guild'!D20+'Expend - Organ'!D20+'Expend - JrChurch'!D20+'Expend - Benevolent'!D20+'Expend - Friday'!D20 -> 0 | D20: ='Expend - General'!E20+'Expend - Fabric'!E20+'Expend - FlowerFund'!E20+'Expend - SSchoolFund'!E20+'Expend - ReithMemorial'!E20+'Expend - SfSFund'!E20+'Expend - Guild'!E20+'Expend - Organ'!E20+'Expend - JrChurch'!E20+'Expend - Benevolent'!E20+'Expend - Friday'!E20 -> 0 | E20: ='Expend - General'!F20+'Expend - Fabric'!F20+'Expend - FlowerFund'!F20+'Expend - SSchoolFund'!F20+'Expend - ReithMemorial'!F20+'Expend - SfSFund'!F20+'Expend - Guild'!F20+'Expend - Organ'!F20+'Expend - JrChurch'!F20+'Expend - Benevolent'!F20+'Expend - Friday'!F20 -> 0 | F20: ='Expend - General'!G20+'Expend - Fabric'!G20+'Expend - FlowerFund'!G20+'Expend - SSchoolFund'!G20+'Expend - ReithMemorial'!G20+'Expend - SfSFund'!G20+'Expend - Guild'!G20+'Expend - Organ'!G20+'Expend - JrChurch'!G20+'Expend - Benevolent'!G20+'Expend - Friday'!G20 -> 0 | G20: ='Expend - General'!H20+'Expend - Fabric'!H20+'Expend - FlowerFund'!H20+'Expend - SSchoolFund'!H20+'Expend - ReithMemorial'!H20+'Expend - SfSFund'!H20+'Expend - Guild'!H20+'Expend - Organ'!H20+'Expend - JrChurch'!H20+'Expend - Benevolent'!H20+'Expend - Friday'!H20 -> 0 | H20: ='Expend - General'!I20+'Expend - Fabric'!I20+'Expend - FlowerFund'!I20+'Expend - SSchoolFund'!I20+'Expend - ReithMemorial'!I20+'Expend - SfSFund'!I20+'Expend - Guild'!I20+'Expend - Organ'!I20+'Expend - JrChurch'!I20+'Expend - Benevolent'!I20+'Expend - Friday'!I20 -> 0 | I20: ='Expend - General'!J20+'Expend - Fabric'!J20+'Expend - FlowerFund'!J20+'Expend - SSchoolFund'!J20+'Expend - ReithMemorial'!J20+'Expend - SfSFund'!J20+'Expend - Guild'!J20+'Expend - Organ'!J20+'Expend - JrChurch'!J20+'Expend - Benevolent'!J20+'Expend - Friday'!J20 -> 0 | ... M20: ='Expend - General'!N20+'Expend - Fabric'!N20+'Expend - FlowerFund'!N20+'Expend - SSchoolFund'!N20+'Expend - ReithMemorial'!N20+'Expend - SfSFund'!N20+'Expend - Guild'!N20+'Expend - Organ'!N20+'Expend - JrChurch'!N20+'Expend - Benevolent'!N20+'Expend - Friday'!N20 -> 0 | N20: =SUM(B20:M20) -> 0 | P20: =N20-O20 -> 0 | W20: =SUM(P20:V20) -> 0 | Y20: =SUMIF('Expend - OverallBUD'!$C$4:$N$4,'Expend - Overall'!$Y$2,'Expend - OverallBUD'!$C20:$N20) -> 0 | Z20: =Y20-N20 -> 0 | AB20: =SUMIF('Expend - OverallPY'!$B$4:$M$4,'Expend - Overall'!$AB$2,'Expend - OverallPY'!$B20:$M20) -> 0 | AC20: =AB20-N20 -> 0 | AD20: =IF(ISERROR((AB20/N20)-1),"-",(AB20/N20)-1) -> -
A21: Other Salary Costs | B21: =SUM(B22:B31) -> 6428.07 | C21: =SUM(C22:C31) -> 2970.33 | D21: =SUM(D22:D31) -> 9607.12 | E21: =SUM(E22:E31) -> 7061.46 | F21: =SUM(F22:F31) -> 6404.02 | G21: =SUM(G22:G31) -> 0 | H21: =SUM(H22:H31) -> 0 | I21: =SUM(I22:I31) -> 0 | ... N21: =SUM(N22:N31) -> 32471 | O21: =SUM(O22:O30) -> 0 | P21: =N21-O21 -> 32471 | Q21: =SUM(Q22:Q30) -> 0 | R21: =SUM(R22:R30) -> 0 | S21: =SUM(S22:S30) -> 0 | T21: =SUM(T22:T30) -> 0 | U21: =SUM(U22:U30) -> 0 | V21: =SUM(V22:V30) -> 0 | W21: =SUM(P21:V21) -> 32471 | Y21: =SUM(Y22:Y31) -> 34706 | Z21: =SUM(Z22:Z31) -> 2235 | AB21: =SUM(AB22:AB31) -> 31491.9 | AC21: =AB21-N21 -> -979.1 | AD21: =IF(ISERROR((AB21/N21)-1),"-",(AB21/N21)-1) -> -0.03015306
A22: Organist Salary | B22: ='Expend - General'!C22+'Expend - Fabric'!C22+'Expend - FlowerFund'!C22+'Expend - SSchoolFund'!C22+'Expend - ReithMemorial'!C22+'Expend - SfSFund'!C22+'Expend - Guild'!C22+'Expend - Organ'!C22+'Expend - JrChurch'!C22+'Expend - Benevolent'!C22+'Expend - Friday'!C22 -> 0 | C22: ='Expend - General'!D22+'Expend - Fabric'!D22+'Expend - FlowerFund'!D22+'Expend - SSchoolFund'!D22+'Expend - ReithMemorial'!D22+'Expend - SfSFund'!D22+'Expend - Guild'!D22+'Expend - Organ'!D22+'Expend - JrChurch'!D22+'Expend - Benevolent'!D22+'Expend - Friday'!D22 -> 0 | D22: ='Expend - General'!E22+'Expend - Fabric'!E22+'Expend - FlowerFund'!E22+'Expend - SSchoolFund'!E22+'Expend - ReithMemorial'!E22+'Expend - SfSFund'!E22+'Expend - Guild'!E22+'Expend - Organ'!E22+'Expend - JrChurch'!E22+'Expend - Benevolent'!E22+'Expend - Friday'!E22 -> 0 | E22: ='Expend - General'!F22+'Expend - Fabric'!F22+'Expend - FlowerFund'!F22+'Expend - SSchoolFund'!F22+'Expend - ReithMemorial'!F22+'Expend - SfSFund'!F22+'Expend - Guild'!F22+'Expend - Organ'!F22+'Expend - JrChurch'!F22+'Expend - Benevolent'!F22+'Expend - Friday'!F22 -> 0 | F22: ='Expend - General'!G22+'Expend - Fabric'!G22+'Expend - FlowerFund'!G22+'Expend - SSchoolFund'!G22+'Expend - ReithMemorial'!G22+'Expend - SfSFund'!G22+'Expend - Guild'!G22+'Expend - Organ'!G22+'Expend - JrChurch'!G22+'Expend - Benevolent'!G22+'Expend - Friday'!G22 -> 0 | G22: ='Expend - General'!H22+'Expend - Fabric'!H22+'Expend - FlowerFund'!H22+'Expend - SSchoolFund'!H22+'Expend - ReithMemorial'!H22+'Expend - SfSFund'!H22+'Expend - Guild'!H22+'Expend - Organ'!H22+'Expend - JrChurch'!H22+'Expend - Benevolent'!H22+'Expend - Friday'!H22 -> 0 | H22: ='Expend - General'!I22+'Expend - Fabric'!I22+'Expend - FlowerFund'!I22+'Expend - SSchoolFund'!I22+'Expend - ReithMemorial'!I22+'Expend - SfSFund'!I22+'Expend - Guild'!I22+'Expend - Organ'!I22+'Expend - JrChurch'!I22+'Expend - Benevolent'!I22+'Expend - Friday'!I22 -> 0 | I22: ='Expend - General'!J22+'Expend - Fabric'!J22+'Expend - FlowerFund'!J22+'Expend - SSchoolFund'!J22+'Expend - ReithMemorial'!J22+'Expend - SfSFund'!J22+'Expend - Guild'!J22+'Expend - Organ'!J22+'Expend - JrChurch'!J22+'Expend - Benevolent'!J22+'Expend - Friday'!J22 -> 0 | ... M22: ='Expend - General'!N22+'Expend - Fabric'!N22+'Expend - FlowerFund'!N22+'Expend - SSchoolFund'!N22+'Expend - ReithMemorial'!N22+'Expend - SfSFund'!N22+'Expend - Guild'!N22+'Expend - Organ'!N22+'Expend - JrChurch'!N22+'Expend - Benevolent'!N22+'Expend - Friday'!N22 -> 0 | N22: =SUM(B22:M22) -> 0 | P22: =N22-O22 -> 0 | W22: =SUM(P22:V22) -> 0 | Y22: =SUMIF('Expend - OverallBUD'!$C$4:$N$4,'Expend - Overall'!$Y$2,'Expend - OverallBUD'!$C22:$N22) -> 0 | Z22: =Y22-N22 -> 0 | AB22: =SUMIF('Expend - OverallPY'!$B$4:$M$4,'Expend - Overall'!$AB$2,'Expend - OverallPY'!$B22:$M22) -> 0 | AC22: =AB22-N22 -> 0 | AD22: =IF(ISERROR((AB22/N22)-1),"-",(AB22/N22)-1) -> -
A23: Cleaner Salary | B23: ='Expend - General'!C23+'Expend - Fabric'!C23+'Expend - FlowerFund'!C23+'Expend - SSchoolFund'!C23+'Expend - ReithMemorial'!C23+'Expend - SfSFund'!C23+'Expend - Guild'!C23+'Expend - Organ'!C23+'Expend - JrChurch'!C23+'Expend - Benevolent'!C23+'Expend - Friday'!C23 -> 524 | C23: ='Expend - General'!D23+'Expend - Fabric'!D23+'Expend - FlowerFund'!D23+'Expend - SSchoolFund'!D23+'Expend - ReithMemorial'!D23+'Expend - SfSFund'!D23+'Expend - Guild'!D23+'Expend - Organ'!D23+'Expend - JrChurch'!D23+'Expend - Benevolent'!D23+'Expend - Friday'!D23 -> 0 | D23: ='Expend - General'!E23+'Expend - Fabric'!E23+'Expend - FlowerFund'!E23+'Expend - SSchoolFund'!E23+'Expend - ReithMemorial'!E23+'Expend - SfSFund'!E23+'Expend - Guild'!E23+'Expend - Organ'!E23+'Expend - JrChurch'!E23+'Expend - Benevolent'!E23+'Expend - Friday'!E23 -> 1048.4 | E23: ='Expend - General'!F23+'Expend - Fabric'!F23+'Expend - FlowerFund'!F23+'Expend - SSchoolFund'!F23+'Expend - ReithMemorial'!F23+'Expend - SfSFund'!F23+'Expend - Guild'!F23+'Expend - Organ'!F23+'Expend - JrChurch'!F23+'Expend - Benevolent'!F23+'Expend - Friday'!F23 -> 599.6 | F23: ='Expend - General'!G23+'Expend - Fabric'!G23+'Expend - FlowerFund'!G23+'Expend - SSchoolFund'!G23+'Expend - ReithMemorial'!G23+'Expend - SfSFund'!G23+'Expend - Guild'!G23+'Expend - Organ'!G23+'Expend - JrChurch'!G23+'Expend - Benevolent'!G23+'Expend - Friday'!G23 -> 559.6 | G23: ='Expend - General'!H23+'Expend - Fabric'!H23+'Expend - FlowerFund'!H23+'Expend - SSchoolFund'!H23+'Expend - ReithMemorial'!H23+'Expend - SfSFund'!H23+'Expend - Guild'!H23+'Expend - Organ'!H23+'Expend - JrChurch'!H23+'Expend - Benevolent'!H23+'Expend - Friday'!H23 -> 0 | H23: ='Expend - General'!I23+'Expend - Fabric'!I23+'Expend - FlowerFund'!I23+'Expend - SSchoolFund'!I23+'Expend - ReithMemorial'!I23+'Expend - SfSFund'!I23+'Expend - Guild'!I23+'Expend - Organ'!I23+'Expend - JrChurch'!I23+'Expend - Benevolent'!I23+'Expend - Friday'!I23 -> 0 | I23: ='Expend - General'!J23+'Expend - Fabric'!J23+'Expend - FlowerFund'!J23+'Expend - SSchoolFund'!J23+'Expend - ReithMemorial'!J23+'Expend - SfSFund'!J23+'Expend - Guild'!J23+'Expend - Organ'!J23+'Expend - JrChurch'!J23+'Expend - Benevolent'!J23+'Expend - Friday'!J23 -> 0 | ... M23: ='Expend - General'!N23+'Expend - Fabric'!N23+'Expend - FlowerFund'!N23+'Expend - SSchoolFund'!N23+'Expend - ReithMemorial'!N23+'Expend - SfSFund'!N23+'Expend - Guild'!N23+'Expend - Organ'!N23+'Expend - JrChurch'!N23+'Expend - Benevolent'!N23+'Expend - Friday'!N23 -> 0 | N23: =SUM(B23:M23) -> 2731.6 | P23: =N23-O23 -> 2731.6 | W23: =SUM(P23:V23) -> 2731.6 | Y23: =SUMIF('Expend - OverallBUD'!$C$4:$N$4,'Expend - Overall'!$Y$2,'Expend - OverallBUD'!$C23:$N23) -> 2805 | Z23: =Y23-N23 -> 73.4 | AB23: =SUMIF('Expend - OverallPY'!$B$4:$M$4,'Expend - Overall'!$AB$2,'Expend - OverallPY'!$B23:$M23) -> 2524.04 | AC23: =AB23-N23 -> -207.56 | AD23: =IF(ISERROR((AB23/N23)-1),"-",(AB23/N23)-1) -> -0.075984771
A24: Pension Payments | B24: ='Expend - General'!C24+'Expend - Fabric'!C24+'Expend - FlowerFund'!C24+'Expend - SSchoolFund'!C24+'Expend - ReithMemorial'!C24+'Expend - SfSFund'!C24+'Expend - Guild'!C24+'Expend - Organ'!C24+'Expend - JrChurch'!C24+'Expend - Benevolent'!C24+'Expend - Friday'!C24 -> 351.47 | C24: ='Expend - General'!D24+'Expend - Fabric'!D24+'Expend - FlowerFund'!D24+'Expend - SSchoolFund'!D24+'Expend - ReithMemorial'!D24+'Expend - SfSFund'!D24+'Expend - Guild'!D24+'Expend - Organ'!D24+'Expend - JrChurch'!D24+'Expend - Benevolent'!D24+'Expend - Friday'!D24 -> 351.47 | D24: ='Expend - General'!E24+'Expend - Fabric'!E24+'Expend - FlowerFund'!E24+'Expend - SSchoolFund'!E24+'Expend - ReithMemorial'!E24+'Expend - SfSFund'!E24+'Expend - Guild'!E24+'Expend - Organ'!E24+'Expend - JrChurch'!E24+'Expend - Benevolent'!E24+'Expend - Friday'!E24 -> 395.15 | E24: ='Expend - General'!F24+'Expend - Fabric'!F24+'Expend - FlowerFund'!F24+'Expend - SSchoolFund'!F24+'Expend - ReithMemorial'!F24+'Expend - SfSFund'!F24+'Expend - Guild'!F24+'Expend - Organ'!F24+'Expend - JrChurch'!F24+'Expend - Benevolent'!F24+'Expend - Friday'!F24 -> 323.25 | F24: ='Expend - General'!G24+'Expend - Fabric'!G24+'Expend - FlowerFund'!G24+'Expend - SSchoolFund'!G24+'Expend - ReithMemorial'!G24+'Expend - SfSFund'!G24+'Expend - Guild'!G24+'Expend - Organ'!G24+'Expend - JrChurch'!G24+'Expend - Benevolent'!G24+'Expend - Friday'!G24 -> 295.39 | G24: ='Expend - General'!H24+'Expend - Fabric'!H24+'Expend - FlowerFund'!H24+'Expend - SSchoolFund'!H24+'Expend - ReithMemorial'!H24+'Expend - SfSFund'!H24+'Expend - Guild'!H24+'Expend - Organ'!H24+'Expend - JrChurch'!H24+'Expend - Benevolent'!H24+'Expend - Friday'!H24 -> 0 | H24: ='Expend - General'!I24+'Expend - Fabric'!I24+'Expend - FlowerFund'!I24+'Expend - SSchoolFund'!I24+'Expend - ReithMemorial'!I24+'Expend - SfSFund'!I24+'Expend - Guild'!I24+'Expend - Organ'!I24+'Expend - JrChurch'!I24+'Expend - Benevolent'!I24+'Expend - Friday'!I24 -> 0 | I24: ='Expend - General'!J24+'Expend - Fabric'!J24+'Expend - FlowerFund'!J24+'Expend - SSchoolFund'!J24+'Expend - ReithMemorial'!J24+'Expend - SfSFund'!J24+'Expend - Guild'!J24+'Expend - Organ'!J24+'Expend - JrChurch'!J24+'Expend - Benevolent'!J24+'Expend - Friday'!J24 -> 0 | ... M24: ='Expend - General'!N24+'Expend - Fabric'!N24+'Expend - FlowerFund'!N24+'Expend - SSchoolFund'!N24+'Expend - ReithMemorial'!N24+'Expend - SfSFund'!N24+'Expend - Guild'!N24+'Expend - Organ'!N24+'Expend - JrChurch'!N24+'Expend - Benevolent'!N24+'Expend - Friday'!N24 -> 0 | N24: =SUM(B24:M24) -> 1716.73 | P24: =N24-O24 -> 1716.73 | W24: =SUM(P24:V24) -> 1716.73 | Y24: =SUMIF('Expend - OverallBUD'!$C$4:$N$4,'Expend - Overall'!$Y$2,'Expend - OverallBUD'!$C24:$N24) -> 1930 | Z24: =Y24-N24 -> 213.27 | AB24: =SUMIF('Expend - OverallPY'!$B$4:$M$4,'Expend - Overall'!$AB$2,'Expend - OverallPY'!$B24:$M24) -> 1798.71 | AC24: =AB24-N24 -> 81.98 | AD24: =IF(ISERROR((AB24/N24)-1),"-",(AB24/N24)-1) -> 0.047753578
A25: Church Officer Salary | B25: ='Expend - General'!C25+'Expend - Fabric'!C25+'Expend - FlowerFund'!C25+'Expend - SSchoolFund'!C25+'Expend - ReithMemorial'!C25+'Expend - SfSFund'!C25+'Expend - Guild'!C25+'Expend - Organ'!C25+'Expend - JrChurch'!C25+'Expend - Benevolent'!C25+'Expend - Friday'!C25 -> 0 | C25: ='Expend - General'!D25+'Expend - Fabric'!D25+'Expend - FlowerFund'!D25+'Expend - SSchoolFund'!D25+'Expend - ReithMemorial'!D25+'Expend - SfSFund'!D25+'Expend - Guild'!D25+'Expend - Organ'!D25+'Expend - JrChurch'!D25+'Expend - Benevolent'!D25+'Expend - Friday'!D25 -> 0 | D25: ='Expend - General'!E25+'Expend - Fabric'!E25+'Expend - FlowerFund'!E25+'Expend - SSchoolFund'!E25+'Expend - ReithMemorial'!E25+'Expend - SfSFund'!E25+'Expend - Guild'!E25+'Expend - Organ'!E25+'Expend - JrChurch'!E25+'Expend - Benevolent'!E25+'Expend - Friday'!E25 -> 0 | E25: ='Expend - General'!F25+'Expend - Fabric'!F25+'Expend - FlowerFund'!F25+'Expend - SSchoolFund'!F25+'Expend - ReithMemorial'!F25+'Expend - SfSFund'!F25+'Expend - Guild'!F25+'Expend - Organ'!F25+'Expend - JrChurch'!F25+'Expend - Benevolent'!F25+'Expend - Friday'!F25 -> 0 | F25: ='Expend - General'!G25+'Expend - Fabric'!G25+'Expend - FlowerFund'!G25+'Expend - SSchoolFund'!G25+'Expend - ReithMemorial'!G25+'Expend - SfSFund'!G25+'Expend - Guild'!G25+'Expend - Organ'!G25+'Expend - JrChurch'!G25+'Expend - Benevolent'!G25+'Expend - Friday'!G25 -> 0 | G25: ='Expend - General'!H25+'Expend - Fabric'!H25+'Expend - FlowerFund'!H25+'Expend - SSchoolFund'!H25+'Expend - ReithMemorial'!H25+'Expend - SfSFund'!H25+'Expend - Guild'!H25+'Expend - Organ'!H25+'Expend - JrChurch'!H25+'Expend - Benevolent'!H25+'Expend - Friday'!H25 -> 0 | H25: ='Expend - General'!I25+'Expend - Fabric'!I25+'Expend - FlowerFund'!I25+'Expend - SSchoolFund'!I25+'Expend - ReithMemorial'!I25+'Expend - SfSFund'!I25+'Expend - Guild'!I25+'Expend - Organ'!I25+'Expend - JrChurch'!I25+'Expend - Benevolent'!I25+'Expend - Friday'!I25 -> 0 | I25: ='Expend - General'!J25+'Expend - Fabric'!J25+'Expend - FlowerFund'!J25+'Expend - SSchoolFund'!J25+'Expend - ReithMemorial'!J25+'Expend - SfSFund'!J25+'Expend - Guild'!J25+'Expend - Organ'!J25+'Expend - JrChurch'!J25+'Expend - Benevolent'!J25+'Expend - Friday'!J25 -> 0 | ... M25: ='Expend - General'!N25+'Expend - Fabric'!N25+'Expend - FlowerFund'!N25+'Expend - SSchoolFund'!N25+'Expend - ReithMemorial'!N25+'Expend - SfSFund'!N25+'Expend - Guild'!N25+'Expend - Organ'!N25+'Expend - JrChurch'!N25+'Expend - Benevolent'!N25+'Expend - Friday'!N25 -> 0 | N25: =SUM(B25:M25) -> 0 | P25: =N25-O25 -> 0 | W25: =SUM(P25:V25) -> 0 | Y25: =SUMIF('Expend - OverallBUD'!$C$4:$N$4,'Expend - Overall'!$Y$2,'Expend - OverallBUD'!$C25:$N25) -> 0 | Z25: =Y25-N25 -> 0 | AB25: =SUMIF('Expend - OverallPY'!$B$4:$M$4,'Expend - Overall'!$AB$2,'Expend - OverallPY'!$B25:$M25) -> 0 | AC25: =AB25-N25 -> 0 | AD25: =IF(ISERROR((AB25/N25)-1),"-",(AB25/N25)-1) -> -
A26: Church Secretary Salary | B26: ='Expend - General'!C26+'Expend - Fabric'!C26+'Expend - FlowerFund'!C26+'Expend - SSchoolFund'!C26+'Expend - ReithMemorial'!C26+'Expend - SfSFund'!C26+'Expend - Guild'!C26+'Expend - Organ'!C26+'Expend - JrChurch'!C26+'Expend - Benevolent'!C26+'Expend - Friday'!C26 -> 1379.58 | C26: ='Expend - General'!D26+'Expend - Fabric'!D26+'Expend - FlowerFund'!D26+'Expend - SSchoolFund'!D26+'Expend - ReithMemorial'!D26+'Expend - SfSFund'!D26+'Expend - Guild'!D26+'Expend - Organ'!D26+'Expend - JrChurch'!D26+'Expend - Benevolent'!D26+'Expend - Friday'!D26 -> 1379.59 | D26: ='Expend - General'!E26+'Expend - Fabric'!E26+'Expend - FlowerFund'!E26+'Expend - SSchoolFund'!E26+'Expend - ReithMemorial'!E26+'Expend - SfSFund'!E26+'Expend - Guild'!E26+'Expend - Organ'!E26+'Expend - JrChurch'!E26+'Expend - Benevolent'!E26+'Expend - Friday'!E26 -> 1460.98 | E26: ='Expend - General'!F26+'Expend - Fabric'!F26+'Expend - FlowerFund'!F26+'Expend - SSchoolFund'!F26+'Expend - ReithMemorial'!F26+'Expend - SfSFund'!F26+'Expend - Guild'!F26+'Expend - Organ'!F26+'Expend - JrChurch'!F26+'Expend - Benevolent'!F26+'Expend - Friday'!F26 -> 1407.81 | F26: ='Expend - General'!G26+'Expend - Fabric'!G26+'Expend - FlowerFund'!G26+'Expend - SSchoolFund'!G26+'Expend - ReithMemorial'!G26+'Expend - SfSFund'!G26+'Expend - Guild'!G26+'Expend - Organ'!G26+'Expend - JrChurch'!G26+'Expend - Benevolent'!G26+'Expend - Friday'!G26 -> 1407.61 | G26: ='Expend - General'!H26+'Expend - Fabric'!H26+'Expend - FlowerFund'!H26+'Expend - SSchoolFund'!H26+'Expend - ReithMemorial'!H26+'Expend - SfSFund'!H26+'Expend - Guild'!H26+'Expend - Organ'!H26+'Expend - JrChurch'!H26+'Expend - Benevolent'!H26+'Expend - Friday'!H26 -> 0 | H26: ='Expend - General'!I26+'Expend - Fabric'!I26+'Expend - FlowerFund'!I26+'Expend - SSchoolFund'!I26+'Expend - ReithMemorial'!I26+'Expend - SfSFund'!I26+'Expend - Guild'!I26+'Expend - Organ'!I26+'Expend - JrChurch'!I26+'Expend - Benevolent'!I26+'Expend - Friday'!I26 -> 0 | I26: ='Expend - General'!J26+'Expend - Fabric'!J26+'Expend - FlowerFund'!J26+'Expend - SSchoolFund'!J26+'Expend - ReithMemorial'!J26+'Expend - SfSFund'!J26+'Expend - Guild'!J26+'Expend - Organ'!J26+'Expend - JrChurch'!J26+'Expend - Benevolent'!J26+'Expend - Friday'!J26 -> 0 | ... M26: ='Expend - General'!N26+'Expend - Fabric'!N26+'Expend - FlowerFund'!N26+'Expend - SSchoolFund'!N26+'Expend - ReithMemorial'!N26+'Expend - SfSFund'!N26+'Expend - Guild'!N26+'Expend - Organ'!N26+'Expend - JrChurch'!N26+'Expend - Benevolent'!N26+'Expend - Friday'!N26 -> 0 | N26: =SUM(B26:M26) -> 7035.57 | P26: =N26-O26 -> 7035.57 | W26: =SUM(P26:V26) -> 7035.57 | Y26: =SUMIF('Expend - OverallBUD'!$C$4:$N$4,'Expend - Overall'!$Y$2,'Expend - OverallBUD'!$C26:$N26) -> 7075 | Z26: =Y26-N26 -> 39.43 | AB26: =SUMIF('Expend - OverallPY'!$B$4:$M$4,'Expend - Overall'!$AB$2,'Expend - OverallPY'!$B26:$M26) -> 6897.23 | AC26: =AB26-N26 -> -138.34 | AD26: =IF(ISERROR((AB26/N26)-1),"-",(AB26/N26)-1) -> -0.019662941
A27: Youth Worker Salary | B27: ='Expend - General'!C27+'Expend - Fabric'!C27+'Expend - FlowerFund'!C27+'Expend - SSchoolFund'!C27+'Expend - ReithMemorial'!C27+'Expend - SfSFund'!C27+'Expend - Guild'!C27+'Expend - Organ'!C27+'Expend - JrChurch'!C27+'Expend - Benevolent'!C27+'Expend - Friday'!C27 -> 1988.63 | C27: ='Expend - General'!D27+'Expend - Fabric'!D27+'Expend - FlowerFund'!D27+'Expend - SSchoolFund'!D27+'Expend - ReithMemorial'!D27+'Expend - SfSFund'!D27+'Expend - Guild'!D27+'Expend - Organ'!D27+'Expend - JrChurch'!D27+'Expend - Benevolent'!D27+'Expend - Friday'!D27 -> 0 | D27: ='Expend - General'!E27+'Expend - Fabric'!E27+'Expend - FlowerFund'!E27+'Expend - SSchoolFund'!E27+'Expend - ReithMemorial'!E27+'Expend - SfSFund'!E27+'Expend - Guild'!E27+'Expend - Organ'!E27+'Expend - JrChurch'!E27+'Expend - Benevolent'!E27+'Expend - Friday'!E27 -> 4270.16 | E27: ='Expend - General'!F27+'Expend - Fabric'!F27+'Expend - FlowerFund'!F27+'Expend - SSchoolFund'!F27+'Expend - ReithMemorial'!F27+'Expend - SfSFund'!F27+'Expend - Guild'!F27+'Expend - Organ'!F27+'Expend - JrChurch'!F27+'Expend - Benevolent'!F27+'Expend - Friday'!F27 -> 2089.05 | F27: ='Expend - General'!G27+'Expend - Fabric'!G27+'Expend - FlowerFund'!G27+'Expend - SSchoolFund'!G27+'Expend - ReithMemorial'!G27+'Expend - SfSFund'!G27+'Expend - Guild'!G27+'Expend - Organ'!G27+'Expend - JrChurch'!G27+'Expend - Benevolent'!G27+'Expend - Friday'!G27 -> 2088.84 | G27: ='Expend - General'!H27+'Expend - Fabric'!H27+'Expend - FlowerFund'!H27+'Expend - SSchoolFund'!H27+'Expend - ReithMemorial'!H27+'Expend - SfSFund'!H27+'Expend - Guild'!H27+'Expend - Organ'!H27+'Expend - JrChurch'!H27+'Expend - Benevolent'!H27+'Expend - Friday'!H27 -> 0 | H27: ='Expend - General'!I27+'Expend - Fabric'!I27+'Expend - FlowerFund'!I27+'Expend - SSchoolFund'!I27+'Expend - ReithMemorial'!I27+'Expend - SfSFund'!I27+'Expend - Guild'!I27+'Expend - Organ'!I27+'Expend - JrChurch'!I27+'Expend - Benevolent'!I27+'Expend - Friday'!I27 -> 0 | I27: ='Expend - General'!J27+'Expend - Fabric'!J27+'Expend - FlowerFund'!J27+'Expend - SSchoolFund'!J27+'Expend - ReithMemorial'!J27+'Expend - SfSFund'!J27+'Expend - Guild'!J27+'Expend - Organ'!J27+'Expend - JrChurch'!J27+'Expend - Benevolent'!J27+'Expend - Friday'!J27 -> 0 | ... M27: ='Expend - General'!N27+'Expend - Fabric'!N27+'Expend - FlowerFund'!N27+'Expend - SSchoolFund'!N27+'Expend - ReithMemorial'!N27+'Expend - SfSFund'!N27+'Expend - Guild'!N27+'Expend - Organ'!N27+'Expend - JrChurch'!N27+'Expend - Benevolent'!N27+'Expend - Friday'!N27 -> 0 | N27: =SUM(B27:M27) -> 10436.68 | P27: =N27-O27 -> 10436.68 | W27: =SUM(P27:V27) -> 10436.68 | Y27: =SUMIF('Expend - OverallBUD'!$C$4:$N$4,'Expend - Overall'!$Y$2,'Expend - OverallBUD'!$C27:$N27) -> 10510 | Z27: =Y27-N27 -> 73.32 | AB27: =SUMIF('Expend - OverallPY'!$B$4:$M$4,'Expend - Overall'!$AB$2,'Expend - OverallPY'!$B27:$M27) -> 9938.89 | AC27: =AB27-N27 -> -497.79 | AD27: =IF(ISERROR((AB27/N27)-1),"-",(AB27/N27)-1) -> -0.047696202
A28: Inland Revenue (PAYE) | B28: ='Expend - General'!C28+'Expend - Fabric'!C28+'Expend - FlowerFund'!C28+'Expend - SSchoolFund'!C28+'Expend - ReithMemorial'!C28+'Expend - SfSFund'!C28+'Expend - Guild'!C28+'Expend - Organ'!C28+'Expend - JrChurch'!C28+'Expend - Benevolent'!C28+'Expend - Friday'!C28 -> 1239.26 | C28: ='Expend - General'!D28+'Expend - Fabric'!D28+'Expend - FlowerFund'!D28+'Expend - SSchoolFund'!D28+'Expend - ReithMemorial'!D28+'Expend - SfSFund'!D28+'Expend - Guild'!D28+'Expend - Organ'!D28+'Expend - JrChurch'!D28+'Expend - Benevolent'!D28+'Expend - Friday'!D28 -> 1239.27 | D28: ='Expend - General'!E28+'Expend - Fabric'!E28+'Expend - FlowerFund'!E28+'Expend - SSchoolFund'!E28+'Expend - ReithMemorial'!E28+'Expend - SfSFund'!E28+'Expend - Guild'!E28+'Expend - Organ'!E28+'Expend - JrChurch'!E28+'Expend - Benevolent'!E28+'Expend - Friday'!E28 -> 1487.3 | E28: ='Expend - General'!F28+'Expend - Fabric'!F28+'Expend - FlowerFund'!F28+'Expend - SSchoolFund'!F28+'Expend - ReithMemorial'!F28+'Expend - SfSFund'!F28+'Expend - Guild'!F28+'Expend - Organ'!F28+'Expend - JrChurch'!F28+'Expend - Benevolent'!F28+'Expend - Friday'!F28 -> 1244.34 | F28: ='Expend - General'!G28+'Expend - Fabric'!G28+'Expend - FlowerFund'!G28+'Expend - SSchoolFund'!G28+'Expend - ReithMemorial'!G28+'Expend - SfSFund'!G28+'Expend - Guild'!G28+'Expend - Organ'!G28+'Expend - JrChurch'!G28+'Expend - Benevolent'!G28+'Expend - Friday'!G28 -> 1446.93 | G28: ='Expend - General'!H28+'Expend - Fabric'!H28+'Expend - FlowerFund'!H28+'Expend - SSchoolFund'!H28+'Expend - ReithMemorial'!H28+'Expend - SfSFund'!H28+'Expend - Guild'!H28+'Expend - Organ'!H28+'Expend - JrChurch'!H28+'Expend - Benevolent'!H28+'Expend - Friday'!H28 -> 0 | H28: ='Expend - General'!I28+'Expend - Fabric'!I28+'Expend - FlowerFund'!I28+'Expend - SSchoolFund'!I28+'Expend - ReithMemorial'!I28+'Expend - SfSFund'!I28+'Expend - Guild'!I28+'Expend - Organ'!I28+'Expend - JrChurch'!I28+'Expend - Benevolent'!I28+'Expend - Friday'!I28 -> 0 | I28: ='Expend - General'!J28+'Expend - Fabric'!J28+'Expend - FlowerFund'!J28+'Expend - SSchoolFund'!J28+'Expend - ReithMemorial'!J28+'Expend - SfSFund'!J28+'Expend - Guild'!J28+'Expend - Organ'!J28+'Expend - JrChurch'!J28+'Expend - Benevolent'!J28+'Expend - Friday'!J28 -> 0 | ... M28: ='Expend - General'!N28+'Expend - Fabric'!N28+'Expend - FlowerFund'!N28+'Expend - SSchoolFund'!N28+'Expend - ReithMemorial'!N28+'Expend - SfSFund'!N28+'Expend - Guild'!N28+'Expend - Organ'!N28+'Expend - JrChurch'!N28+'Expend - Benevolent'!N28+'Expend - Friday'!N28 -> 0 | N28: =SUM(B28:M28) -> 6657.1 | P28: =N28-O28 -> 6657.1 | W28: =SUM(P28:V28) -> 6657.1 | Y28: =SUMIF('Expend - OverallBUD'!$C$4:$N$4,'Expend - Overall'!$Y$2,'Expend - OverallBUD'!$C28:$N28) -> 6815 | Z28: =Y28-N28 -> 157.9 | AB28: =SUMIF('Expend - OverallPY'!$B$4:$M$4,'Expend - Overall'!$AB$2,'Expend - OverallPY'!$B28:$M28) -> 5631.01 | AC28: =AB28-N28 -> -1026.09 | AD28: =IF(ISERROR((AB28/N28)-1),"-",(AB28/N28)-1) -> -0.15413468
A29: Church Treasurer Salary | B29: ='Expend - General'!C29+'Expend - Fabric'!C29+'Expend - FlowerFund'!C29+'Expend - SSchoolFund'!C29+'Expend - ReithMemorial'!C29+'Expend - SfSFund'!C29+'Expend - Guild'!C29+'Expend - Organ'!C29+'Expend - JrChurch'!C29+'Expend - Benevolent'!C29+'Expend - Friday'!C29 -> 0 | C29: ='Expend - General'!D29+'Expend - Fabric'!D29+'Expend - FlowerFund'!D29+'Expend - SSchoolFund'!D29+'Expend - ReithMemorial'!D29+'Expend - SfSFund'!D29+'Expend - Guild'!D29+'Expend - Organ'!D29+'Expend - JrChurch'!D29+'Expend - Benevolent'!D29+'Expend - Friday'!D29 -> 0 | D29: ='Expend - General'!E29+'Expend - Fabric'!E29+'Expend - FlowerFund'!E29+'Expend - SSchoolFund'!E29+'Expend - ReithMemorial'!E29+'Expend - SfSFund'!E29+'Expend - Guild'!E29+'Expend - Organ'!E29+'Expend - JrChurch'!E29+'Expend - Benevolent'!E29+'Expend - Friday'!E29 -> 0 | E29: ='Expend - General'!F29+'Expend - Fabric'!F29+'Expend - FlowerFund'!F29+'Expend - SSchoolFund'!F29+'Expend - ReithMemorial'!F29+'Expend - SfSFund'!F29+'Expend - Guild'!F29+'Expend - Organ'!F29+'Expend - JrChurch'!F29+'Expend - Benevolent'!F29+'Expend - Friday'!F29 -> 0 | F29: ='Expend - General'!G29+'Expend - Fabric'!G29+'Expend - FlowerFund'!G29+'Expend - SSchoolFund'!G29+'Expend - ReithMemorial'!G29+'Expend - SfSFund'!G29+'Expend - Guild'!G29+'Expend - Organ'!G29+'Expend - JrChurch'!G29+'Expend - Benevolent'!G29+'Expend - Friday'!G29 -> 0 | G29: ='Expend - General'!H29+'Expend - Fabric'!H29+'Expend - FlowerFund'!H29+'Expend - SSchoolFund'!H29+'Expend - ReithMemorial'!H29+'Expend - SfSFund'!H29+'Expend - Guild'!H29+'Expend - Organ'!H29+'Expend - JrChurch'!H29+'Expend - Benevolent'!H29+'Expend - Friday'!H29 -> 0 | H29: ='Expend - General'!I29+'Expend - Fabric'!I29+'Expend - FlowerFund'!I29+'Expend - SSchoolFund'!I29+'Expend - ReithMemorial'!I29+'Expend - SfSFund'!I29+'Expend - Guild'!I29+'Expend - Organ'!I29+'Expend - JrChurch'!I29+'Expend - Benevolent'!I29+'Expend - Friday'!I29 -> 0 | I29: ='Expend - General'!J29+'Expend - Fabric'!J29+'Expend - FlowerFund'!J29+'Expend - SSchoolFund'!J29+'Expend - ReithMemorial'!J29+'Expend - SfSFund'!J29+'Expend - Guild'!J29+'Expend - Organ'!J29+'Expend - JrChurch'!J29+'Expend - Benevolent'!J29+'Expend - Friday'!J29 -> 0 | ... M29: ='Expend - General'!N29+'Expend - Fabric'!N29+'Expend - FlowerFund'!N29+'Expend - SSchoolFund'!N29+'Expend - ReithMemorial'!N29+'Expend - SfSFund'!N29+'Expend - Guild'!N29+'Expend - Organ'!N29+'Expend - JrChurch'!N29+'Expend - Benevolent'!N29+'Expend - Friday'!N29 -> 0 | N29: =SUM(B29:M29) -> 0 | P29: =N29-O29 -> 0 | W29: =SUM(P29:V29) -> 0 | Y29: =SUMIF('Expend - OverallBUD'!$C$4:$N$4,'Expend - Overall'!$Y$2,'Expend - OverallBUD'!$C29:$N29) -> 0 | Z29: =Y29-N29 -> 0 | AB29: =SUMIF('Expend - OverallPY'!$B$4:$M$4,'Expend - Overall'!$AB$2,'Expend - OverallPY'!$B29:$M29) -> 0 | AC29: =AB29-N29 -> 0 | AD29: =IF(ISERROR((AB29/N29)-1),"-",(AB29/N29)-1) -> -
A30: AV Technician | B30: ='Expend - General'!C30+'Expend - Fabric'!C30+'Expend - FlowerFund'!C30+'Expend - SSchoolFund'!C30+'Expend - ReithMemorial'!C30+'Expend - SfSFund'!C30+'Expend - Guild'!C30+'Expend - Organ'!C30+'Expend - JrChurch'!C30+'Expend - Benevolent'!C30+'Expend - Friday'!C30 -> 0 | C30: ='Expend - General'!D30+'Expend - Fabric'!D30+'Expend - FlowerFund'!D30+'Expend - SSchoolFund'!D30+'Expend - ReithMemorial'!D30+'Expend - SfSFund'!D30+'Expend - Guild'!D30+'Expend - Organ'!D30+'Expend - JrChurch'!D30+'Expend - Benevolent'!D30+'Expend - Friday'!D30 -> 0 | D30: ='Expend - General'!E30+'Expend - Fabric'!E30+'Expend - FlowerFund'!E30+'Expend - SSchoolFund'!E30+'Expend - ReithMemorial'!E30+'Expend - SfSFund'!E30+'Expend - Guild'!E30+'Expend - Organ'!E30+'Expend - JrChurch'!E30+'Expend - Benevolent'!E30+'Expend - Friday'!E30 -> 0 | E30: ='Expend - General'!F30+'Expend - Fabric'!F30+'Expend - FlowerFund'!F30+'Expend - SSchoolFund'!F30+'Expend - ReithMemorial'!F30+'Expend - SfSFund'!F30+'Expend - Guild'!F30+'Expend - Organ'!F30+'Expend - JrChurch'!F30+'Expend - Benevolent'!F30+'Expend - Friday'!F30 -> 0 | F30: ='Expend - General'!G30+'Expend - Fabric'!G30+'Expend - FlowerFund'!G30+'Expend - SSchoolFund'!G30+'Expend - ReithMemorial'!G30+'Expend - SfSFund'!G30+'Expend - Guild'!G30+'Expend - Organ'!G30+'Expend - JrChurch'!G30+'Expend - Benevolent'!G30+'Expend - Friday'!G30 -> 0 | G30: ='Expend - General'!H30+'Expend - Fabric'!H30+'Expend - FlowerFund'!H30+'Expend - SSchoolFund'!H30+'Expend - ReithMemorial'!H30+'Expend - SfSFund'!H30+'Expend - Guild'!H30+'Expend - Organ'!H30+'Expend - JrChurch'!H30+'Expend - Benevolent'!H30+'Expend - Friday'!H30 -> 0 | H30: ='Expend - General'!I30+'Expend - Fabric'!I30+'Expend - FlowerFund'!I30+'Expend - SSchoolFund'!I30+'Expend - ReithMemorial'!I30+'Expend - SfSFund'!I30+'Expend - Guild'!I30+'Expend - Organ'!I30+'Expend - JrChurch'!I30+'Expend - Benevolent'!I30+'Expend - Friday'!I30 -> 0 | I30: ='Expend - General'!J30+'Expend - Fabric'!J30+'Expend - FlowerFund'!J30+'Expend - SSchoolFund'!J30+'Expend - ReithMemorial'!J30+'Expend - SfSFund'!J30+'Expend - Guild'!J30+'Expend - Organ'!J30+'Expend - JrChurch'!J30+'Expend - Benevolent'!J30+'Expend - Friday'!J30 -> 0 | ... M30: ='Expend - General'!N30+'Expend - Fabric'!N30+'Expend - FlowerFund'!N30+'Expend - SSchoolFund'!N30+'Expend - ReithMemorial'!N30+'Expend - SfSFund'!N30+'Expend - Guild'!N30+'Expend - Organ'!N30+'Expend - JrChurch'!N30+'Expend - Benevolent'!N30+'Expend - Friday'!N30 -> 0 | N30: =SUM(B30:M30) -> 0 | P30: =N30-O30 -> 0 | W30: =SUM(P30:V30) -> 0 | Y30: =SUMIF('Expend - OverallBUD'!$C$4:$N$4,'Expend - Overall'!$Y$2,'Expend - OverallBUD'!$C30:$N30) -> 0 | Z30: =Y30-N30 -> 0 | AB30: =SUMIF('Expend - OverallPY'!$B$4:$M$4,'Expend - Overall'!$AB$2,'Expend - OverallPY'!$B30:$M30) -> 0 | AC30: =AB30-N30 -> 0 | AD30: =IF(ISERROR((AB30/N30)-1),"-",(AB30/N30)-1) -> -
A31: Childrens Worker Salary | B31: ='Expend - General'!C31+'Expend - Fabric'!C31+'Expend - FlowerFund'!C31+'Expend - SSchoolFund'!C31+'Expend - ReithMemorial'!C31+'Expend - SfSFund'!C31+'Expend - Guild'!C31+'Expend - Organ'!C31+'Expend - JrChurch'!C31+'Expend - Benevolent'!C31+'Expend - Friday'!C31 -> 945.13 | C31: ='Expend - General'!D31+'Expend - Fabric'!D31+'Expend - FlowerFund'!D31+'Expend - SSchoolFund'!D31+'Expend - ReithMemorial'!D31+'Expend - SfSFund'!D31+'Expend - Guild'!D31+'Expend - Organ'!D31+'Expend - JrChurch'!D31+'Expend - Benevolent'!D31+'Expend - Friday'!D31 -> 0 | D31: ='Expend - General'!E31+'Expend - Fabric'!E31+'Expend - FlowerFund'!E31+'Expend - SSchoolFund'!E31+'Expend - ReithMemorial'!E31+'Expend - SfSFund'!E31+'Expend - Guild'!E31+'Expend - Organ'!E31+'Expend - JrChurch'!E31+'Expend - Benevolent'!E31+'Expend - Friday'!E31 -> 945.13 | E31: ='Expend - General'!F31+'Expend - Fabric'!F31+'Expend - FlowerFund'!F31+'Expend - SSchoolFund'!F31+'Expend - ReithMemorial'!F31+'Expend - SfSFund'!F31+'Expend - Guild'!F31+'Expend - Organ'!F31+'Expend - JrChurch'!F31+'Expend - Benevolent'!F31+'Expend - Friday'!F31 -> 1397.41 | F31: ='Expend - General'!G31+'Expend - Fabric'!G31+'Expend - FlowerFund'!G31+'Expend - SSchoolFund'!G31+'Expend - ReithMemorial'!G31+'Expend - SfSFund'!G31+'Expend - Guild'!G31+'Expend - Organ'!G31+'Expend - JrChurch'!G31+'Expend - Benevolent'!G31+'Expend - Friday'!G31 -> 605.65 | G31: ='Expend - General'!H31+'Expend - Fabric'!H31+'Expend - FlowerFund'!H31+'Expend - SSchoolFund'!H31+'Expend - ReithMemorial'!H31+'Expend - SfSFund'!H31+'Expend - Guild'!H31+'Expend - Organ'!H31+'Expend - JrChurch'!H31+'Expend - Benevolent'!H31+'Expend - Friday'!H31 -> 0 | H31: ='Expend - General'!I31+'Expend - Fabric'!I31+'Expend - FlowerFund'!I31+'Expend - SSchoolFund'!I31+'Expend - ReithMemorial'!I31+'Expend - SfSFund'!I31+'Expend - Guild'!I31+'Expend - Organ'!I31+'Expend - JrChurch'!I31+'Expend - Benevolent'!I31+'Expend - Friday'!I31 -> 0 | I31: ='Expend - General'!J31+'Expend - Fabric'!J31+'Expend - FlowerFund'!J31+'Expend - SSchoolFund'!J31+'Expend - ReithMemorial'!J31+'Expend - SfSFund'!J31+'Expend - Guild'!J31+'Expend - Organ'!J31+'Expend - JrChurch'!J31+'Expend - Benevolent'!J31+'Expend - Friday'!J31 -> 0 | ... M31: ='Expend - General'!N31+'Expend - Fabric'!N31+'Expend - FlowerFund'!N31+'Expend - SSchoolFund'!N31+'Expend - ReithMemorial'!N31+'Expend - SfSFund'!N31+'Expend - Guild'!N31+'Expend - Organ'!N31+'Expend - JrChurch'!N31+'Expend - Benevolent'!N31+'Expend - Friday'!N31 -> 0 | N31: =SUM(B31:M31) -> 3893.32 | Y31: =SUMIF('Expend - OverallBUD'!$C$4:$N$4,'Expend - Overall'!$Y$2,'Expend - OverallBUD'!$C31:$N31) -> 5571 | Z31: =Y31-N31 -> 1677.68 | AB31: =SUMIF('Expend - OverallPY'!$B$4:$M$4,'Expend - Overall'!$AB$2,'Expend - OverallPY'!$B31:$M31) -> 4702.02 | AC31: =AB31-N31 -> 808.7 | AD31: =IF(ISERROR((AB31/N31)-1),"-",(AB31/N31)-1) -> 0.20771475
A33: Fabric Repairs & Maintenance | B33: =SUM(B34:B35) -> 8263.73 | C33: =SUM(C34:C35) -> 869.89 | D33: =SUM(D34:D35) -> 19098.32 | E33: =SUM(E34:E35) -> -16600.86 | F33: =SUM(F34:F35) -> 120.67 | G33: =SUM(G34:G35) -> 0 | H33: =SUM(H34:H35) -> 0 | I33: =SUM(I34:I35) -> 0 | ... M33: =SUM(M34:M35) -> 0 | N33: =SUM(B33:M33) -> 11751.75 | O33: =SUM(O34:O35) -> 0 | P33: =N33-O33 -> 11751.75 | W33: =SUM(P33:V33) -> 11751.75 | Y33: =SUM(Y34:Y35) -> 9150 | Z33: =SUM(Z34:Z35) -> -2601.75 | AB33: =SUM(AB34:AB35) -> 3522.15 | AC33: =AB33-N33 -> -8229.6 | AD33: =IF(ISERROR((AB33/N33)-1),"-",(AB33/N33)-1) -> -0.70028719
A34: Church buildings | B34: ='Expend - General'!C35+'Expend - Fabric'!C34+'Expend - FlowerFund'!C34+'Expend - SSchoolFund'!C34+'Expend - ReithMemorial'!C34+'Expend - SfSFund'!C34+'Expend - Guild'!C34+'Expend - Organ'!C34+'Expend - JrChurch'!C34+'Expend - Benevolent'!C34+'Expend - Friday'!C34 -> 8263.73 | C34: ='Expend - General'!D35+'Expend - Fabric'!D34+'Expend - FlowerFund'!D34+'Expend - SSchoolFund'!D34+'Expend - ReithMemorial'!D34+'Expend - SfSFund'!D34+'Expend - Guild'!D34+'Expend - Organ'!D34+'Expend - JrChurch'!D34+'Expend - Benevolent'!D34+'Expend - Friday'!D34 -> 869.89 | D34: ='Expend - General'!E35+'Expend - Fabric'!E34+'Expend - FlowerFund'!E34+'Expend - SSchoolFund'!E34+'Expend - ReithMemorial'!E34+'Expend - SfSFund'!E34+'Expend - Guild'!E34+'Expend - Organ'!E34+'Expend - JrChurch'!E34+'Expend - Benevolent'!E34+'Expend - Friday'!E34 -> 19098.32 | E34: ='Expend - General'!F35+'Expend - Fabric'!F34+'Expend - FlowerFund'!F34+'Expend - SSchoolFund'!F34+'Expend - ReithMemorial'!F34+'Expend - SfSFund'!F34+'Expend - Guild'!F34+'Expend - Organ'!F34+'Expend - JrChurch'!F34+'Expend - Benevolent'!F34+'Expend - Friday'!F34 -> -17692.86 | F34: ='Expend - General'!G35+'Expend - Fabric'!G34+'Expend - FlowerFund'!G34+'Expend - SSchoolFund'!G34+'Expend - ReithMemorial'!G34+'Expend - SfSFund'!G34+'Expend - Guild'!G34+'Expend - Organ'!G34+'Expend - JrChurch'!G34+'Expend - Benevolent'!G34+'Expend - Friday'!G34 -> 120.67 | G34: ='Expend - General'!H35+'Expend - Fabric'!H34+'Expend - FlowerFund'!H34+'Expend - SSchoolFund'!H34+'Expend - ReithMemorial'!H34+'Expend - SfSFund'!H34+'Expend - Guild'!H34+'Expend - Organ'!H34+'Expend - JrChurch'!H34+'Expend - Benevolent'!H34+'Expend - Friday'!H34 -> 0 | H34: ='Expend - General'!I35+'Expend - Fabric'!I34+'Expend - FlowerFund'!I34+'Expend - SSchoolFund'!I34+'Expend - ReithMemorial'!I34+'Expend - SfSFund'!I34+'Expend - Guild'!I34+'Expend - Organ'!I34+'Expend - JrChurch'!I34+'Expend - Benevolent'!I34+'Expend - Friday'!I34 -> 0 | I34: ='Expend - General'!J35+'Expend - Fabric'!J34+'Expend - FlowerFund'!J34+'Expend - SSchoolFund'!J34+'Expend - ReithMemorial'!J34+'Expend - SfSFund'!J34+'Expend - Guild'!J34+'Expend - Organ'!J34+'Expend - JrChurch'!J34+'Expend - Benevolent'!J34+'Expend - Friday'!J34 -> 0 | ... M34: ='Expend - General'!N35+'Expend - Fabric'!N34+'Expend - FlowerFund'!N34+'Expend - SSchoolFund'!N34+'Expend - ReithMemorial'!N34+'Expend - SfSFund'!N34+'Expend - Guild'!N34+'Expend - Organ'!N34+'Expend - JrChurch'!N34+'Expend - Benevolent'!N34+'Expend - Friday'!N34 -> 0 | N34: =SUM(B34:M34) -> 10659.75 | P34: =N34-O34 -> 10659.75 | W34: =SUM(P34:V34) -> 10659.75 | Y34: =SUMIF('Expend - OverallBUD'!$C$4:$N$4,'Expend - Overall'!$Y$2,'Expend - OverallBUD'!$C34:$N34) -> 8150 | Z34: =Y34-N34 -> -2509.75 | AB34: =SUMIF('Expend - OverallPY'!$B$4:$M$4,'Expend - Overall'!$AB$2,'Expend - OverallPY'!$B34:$M34) -> 3522.15 | AC34: =AB34-N34 -> -7137.6 | AD34: =IF(ISERROR((AB34/N34)-1),"-",(AB34/N34)-1) -> -0.66958418
A35: Manse | B35: ='Expend - General'!C36+'Expend - Fabric'!C35+'Expend - FlowerFund'!C35+'Expend - SSchoolFund'!C35+'Expend - ReithMemorial'!C35+'Expend - SfSFund'!C35+'Expend - Guild'!C35+'Expend - Organ'!C35+'Expend - JrChurch'!C35+'Expend - Benevolent'!C35+'Expend - Friday'!C35 -> 0 | C35: ='Expend - General'!D36+'Expend - Fabric'!D35+'Expend - FlowerFund'!D35+'Expend - SSchoolFund'!D35+'Expend - ReithMemorial'!D35+'Expend - SfSFund'!D35+'Expend - Guild'!D35+'Expend - Organ'!D35+'Expend - JrChurch'!D35+'Expend - Benevolent'!D35+'Expend - Friday'!D35 -> 0 | D35: ='Expend - General'!E36+'Expend - Fabric'!E35+'Expend - FlowerFund'!E35+'Expend - SSchoolFund'!E35+'Expend - ReithMemorial'!E35+'Expend - SfSFund'!E35+'Expend - Guild'!E35+'Expend - Organ'!E35+'Expend - JrChurch'!E35+'Expend - Benevolent'!E35+'Expend - Friday'!E35 -> 0 | E35: ='Expend - General'!F36+'Expend - Fabric'!F35+'Expend - FlowerFund'!F35+'Expend - SSchoolFund'!F35+'Expend - ReithMemorial'!F35+'Expend - SfSFund'!F35+'Expend - Guild'!F35+'Expend - Organ'!F35+'Expend - JrChurch'!F35+'Expend - Benevolent'!F35+'Expend - Friday'!F35 -> 1092 | F35: ='Expend - General'!G36+'Expend - Fabric'!G35+'Expend - FlowerFund'!G35+'Expend - SSchoolFund'!G35+'Expend - ReithMemorial'!G35+'Expend - SfSFund'!G35+'Expend - Guild'!G35+'Expend - Organ'!G35+'Expend - JrChurch'!G35+'Expend - Benevolent'!G35+'Expend - Friday'!G35 -> 0 | G35: ='Expend - General'!H36+'Expend - Fabric'!H35+'Expend - FlowerFund'!H35+'Expend - SSchoolFund'!H35+'Expend - ReithMemorial'!H35+'Expend - SfSFund'!H35+'Expend - Guild'!H35+'Expend - Organ'!H35+'Expend - JrChurch'!H35+'Expend - Benevolent'!H35+'Expend - Friday'!H35 -> 0 | H35: ='Expend - General'!I36+'Expend - Fabric'!I35+'Expend - FlowerFund'!I35+'Expend - SSchoolFund'!I35+'Expend - ReithMemorial'!I35+'Expend - SfSFund'!I35+'Expend - Guild'!I35+'Expend - Organ'!I35+'Expend - JrChurch'!I35+'Expend - Benevolent'!I35+'Expend - Friday'!I35 -> 0 | I35: ='Expend - General'!J36+'Expend - Fabric'!J35+'Expend - FlowerFund'!J35+'Expend - SSchoolFund'!J35+'Expend - ReithMemorial'!J35+'Expend - SfSFund'!J35+'Expend - Guild'!J35+'Expend - Organ'!J35+'Expend - JrChurch'!J35+'Expend - Benevolent'!J35+'Expend - Friday'!J35 -> 0 | ... M35: ='Expend - General'!N36+'Expend - Fabric'!N35+'Expend - FlowerFund'!N35+'Expend - SSchoolFund'!N35+'Expend - ReithMemorial'!N35+'Expend - SfSFund'!N35+'Expend - Guild'!N35+'Expend - Organ'!N35+'Expend - JrChurch'!N35+'Expend - Benevolent'!N35+'Expend - Friday'!N35 -> 0 | N35: =SUM(B35:M35) -> 1092 | P35: =N35-O35 -> 1092 | W35: =SUM(P35:V35) -> 1092 | Y35: =SUMIF('Expend - OverallBUD'!$C$4:$N$4,'Expend - Overall'!$Y$2,'Expend - OverallBUD'!$C35:$N35) -> 1000 | Z35: =Y35-N35 -> -92 | AB35: =SUMIF('Expend - OverallPY'!$B$4:$M$4,'Expend - Overall'!$AB$2,'Expend - OverallPY'!$B35:$M35) -> 0 | AC35: =AB35-N35 -> -1092 | AD35: =IF(ISERROR((AB35/N35)-1),"-",(AB35/N35)-1) -> -1
A37: Council Tax | B37: ='Expend - General'!C38+'Expend - Fabric'!C37+'Expend - FlowerFund'!C37+'Expend - SSchoolFund'!C37+'Expend - ReithMemorial'!C37+'Expend - SfSFund'!C37+'Expend - Guild'!C37+'Expend - Organ'!C37+'Expend - JrChurch'!C37+'Expend - Benevolent'!C37+'Expend - Friday'!C37 -> 400 | C37: ='Expend - General'!D38+'Expend - Fabric'!D37+'Expend - FlowerFund'!D37+'Expend - SSchoolFund'!D37+'Expend - ReithMemorial'!D37+'Expend - SfSFund'!D37+'Expend - Guild'!D37+'Expend - Organ'!D37+'Expend - JrChurch'!D37+'Expend - Benevolent'!D37+'Expend - Friday'!D37 -> 0 | D37: ='Expend - General'!E38+'Expend - Fabric'!E37+'Expend - FlowerFund'!E37+'Expend - SSchoolFund'!E37+'Expend - ReithMemorial'!E37+'Expend - SfSFund'!E37+'Expend - Guild'!E37+'Expend - Organ'!E37+'Expend - JrChurch'!E37+'Expend - Benevolent'!E37+'Expend - Friday'!E37 -> 0 | E37: ='Expend - General'!F38+'Expend - Fabric'!F37+'Expend - FlowerFund'!F37+'Expend - SSchoolFund'!F37+'Expend - ReithMemorial'!F37+'Expend - SfSFund'!F37+'Expend - Guild'!F37+'Expend - Organ'!F37+'Expend - JrChurch'!F37+'Expend - Benevolent'!F37+'Expend - Friday'!F37 -> 438.03 | F37: ='Expend - General'!G38+'Expend - Fabric'!G37+'Expend - FlowerFund'!G37+'Expend - SSchoolFund'!G37+'Expend - ReithMemorial'!G37+'Expend - SfSFund'!G37+'Expend - Guild'!G37+'Expend - Organ'!G37+'Expend - JrChurch'!G37+'Expend - Benevolent'!G37+'Expend - Friday'!G37 -> 439 | G37: ='Expend - General'!H38+'Expend - Fabric'!H37+'Expend - FlowerFund'!H37+'Expend - SSchoolFund'!H37+'Expend - ReithMemorial'!H37+'Expend - SfSFund'!H37+'Expend - Guild'!H37+'Expend - Organ'!H37+'Expend - JrChurch'!H37+'Expend - Benevolent'!H37+'Expend - Friday'!H37 -> 0 | H37: ='Expend - General'!I38+'Expend - Fabric'!I37+'Expend - FlowerFund'!I37+'Expend - SSchoolFund'!I37+'Expend - ReithMemorial'!I37+'Expend - SfSFund'!I37+'Expend - Guild'!I37+'Expend - Organ'!I37+'Expend - JrChurch'!I37+'Expend - Benevolent'!I37+'Expend - Friday'!I37 -> 0 | I37: ='Expend - General'!J38+'Expend - Fabric'!J37+'Expend - FlowerFund'!J37+'Expend - SSchoolFund'!J37+'Expend - ReithMemorial'!J37+'Expend - SfSFund'!J37+'Expend - Guild'!J37+'Expend - Organ'!J37+'Expend - JrChurch'!J37+'Expend - Benevolent'!J37+'Expend - Friday'!J37 -> 0 | ... M37: ='Expend - General'!N38+'Expend - Fabric'!N37+'Expend - FlowerFund'!N37+'Expend - SSchoolFund'!N37+'Expend - ReithMemorial'!N37+'Expend - SfSFund'!N37+'Expend - Guild'!N37+'Expend - Organ'!N37+'Expend - JrChurch'!N37+'Expend - Benevolent'!N37+'Expend - Friday'!N37 -> 0 | N37: =SUM(B37:M37) -> 1277.03 | P37: =N37-O37 -> 1277.03 | W37: =SUM(P37:V37) -> 1277.03 | Y37: =SUMIF('Expend - OverallBUD'!$C$4:$N$4,'Expend - Overall'!$Y$2,'Expend - OverallBUD'!$C37:$N37) -> 1240 | Z37: =Y37-N37 -> -37.03 | AB37: =SUMIF('Expend - OverallPY'!$B$4:$M$4,'Expend - Overall'!$AB$2,'Expend - OverallPY'!$B37:$M37) -> 1166.31 | AC37: =AB37-N37 -> -110.72 | AD37: =IF(ISERROR((AB37/N37)-1),"-",(AB37/N37)-1) -> -0.086701174
A38: Other Buildings Costs | B38: =SUM(B39:B41) -> 1837.78 | C38: =SUM(C39:C41) -> 1236.76 | D38: =SUM(D39:D41) -> 2397.94 | E38: =SUM(E39:E41) -> 1889.22 | F38: =SUM(F39:F41) -> 1602.02 | G38: =SUM(G39:G41) -> 0 | H38: =SUM(H39:H41) -> 0 | I38: =SUM(I39:I41) -> 0 | ... M38: =SUM(M39:M41) -> 0 | N38: =SUM(B38:M38) -> 8963.72 | O38: =SUM(O39:O41) -> 0 | P38: =N38-O38 -> 8963.72 | W38: =SUM(P38:V38) -> 8963.72 | Y38: =SUM(Y39:Y41) -> 7360 | Z38: =SUM(Z39:Z41) -> -1603.72 | AB38: =SUM(AB39:AB41) -> 7458.86 | AC38: =AB38-N38 -> -1504.86 | AD38: =IF(ISERROR((AB38/N38)-1),"-",(AB38/N38)-1) -> -0.16788342
A39: Heating and lighting | B39: ='Expend - General'!C40+'Expend - Fabric'!C39+'Expend - FlowerFund'!C39+'Expend - SSchoolFund'!C39+'Expend - ReithMemorial'!C39+'Expend - SfSFund'!C39+'Expend - Guild'!C39+'Expend - Organ'!C39+'Expend - JrChurch'!C39+'Expend - Benevolent'!C39+'Expend - Friday'!C39 -> 1245.65 | C39: ='Expend - General'!D40+'Expend - Fabric'!D39+'Expend - FlowerFund'!D39+'Expend - SSchoolFund'!D39+'Expend - ReithMemorial'!D39+'Expend - SfSFund'!D39+'Expend - Guild'!D39+'Expend - Organ'!D39+'Expend - JrChurch'!D39+'Expend - Benevolent'!D39+'Expend - Friday'!D39 -> 1236.76 | D39: ='Expend - General'!E40+'Expend - Fabric'!E39+'Expend - FlowerFund'!E39+'Expend - SSchoolFund'!E39+'Expend - ReithMemorial'!E39+'Expend - SfSFund'!E39+'Expend - Guild'!E39+'Expend - Organ'!E39+'Expend - JrChurch'!E39+'Expend - Benevolent'!E39+'Expend - Friday'!E39 -> 1213.68 | E39: ='Expend - General'!F40+'Expend - Fabric'!F39+'Expend - FlowerFund'!F39+'Expend - SSchoolFund'!F39+'Expend - ReithMemorial'!F39+'Expend - SfSFund'!F39+'Expend - Guild'!F39+'Expend - Organ'!F39+'Expend - JrChurch'!F39+'Expend - Benevolent'!F39+'Expend - Friday'!F39 -> 1297.09 | F39: ='Expend - General'!G40+'Expend - Fabric'!G39+'Expend - FlowerFund'!G39+'Expend - SSchoolFund'!G39+'Expend - ReithMemorial'!G39+'Expend - SfSFund'!G39+'Expend - Guild'!G39+'Expend - Organ'!G39+'Expend - JrChurch'!G39+'Expend - Benevolent'!G39+'Expend - Friday'!G39 -> 1009.89 | G39: ='Expend - General'!H40+'Expend - Fabric'!H39+'Expend - FlowerFund'!H39+'Expend - SSchoolFund'!H39+'Expend - ReithMemorial'!H39+'Expend - SfSFund'!H39+'Expend - Guild'!H39+'Expend - Organ'!H39+'Expend - JrChurch'!H39+'Expend - Benevolent'!H39+'Expend - Friday'!H39 -> 0 | H39: ='Expend - General'!I40+'Expend - Fabric'!I39+'Expend - FlowerFund'!I39+'Expend - SSchoolFund'!I39+'Expend - ReithMemorial'!I39+'Expend - SfSFund'!I39+'Expend - Guild'!I39+'Expend - Organ'!I39+'Expend - JrChurch'!I39+'Expend - Benevolent'!I39+'Expend - Friday'!I39 -> 0 | I39: ='Expend - General'!J40+'Expend - Fabric'!J39+'Expend - FlowerFund'!J39+'Expend - SSchoolFund'!J39+'Expend - ReithMemorial'!J39+'Expend - SfSFund'!J39+'Expend - Guild'!J39+'Expend - Organ'!J39+'Expend - JrChurch'!J39+'Expend - Benevolent'!J39+'Expend - Friday'!J39 -> 0 | ... M39: ='Expend - General'!N40+'Expend - Fabric'!N39+'Expend - FlowerFund'!N39+'Expend - SSchoolFund'!N39+'Expend - ReithMemorial'!N39+'Expend - SfSFund'!N39+'Expend - Guild'!N39+'Expend - Organ'!N39+'Expend - JrChurch'!N39+'Expend - Benevolent'!N39+'Expend - Friday'!N39 -> 0 | N39: =SUM(B39:M39) -> 6003.07 | P39: =N39-O39 -> 6003.07 | W39: =SUM(P39:V39) -> 6003.07 | Y39: =SUMIF('Expend - OverallBUD'!$C$4:$N$4,'Expend - Overall'!$Y$2,'Expend - OverallBUD'!$C39:$N39) -> 4400 | Z39: =Y39-N39 -> -1603.07 | AB39: =SUMIF('Expend - OverallPY'!$B$4:$M$4,'Expend - Overall'!$AB$2,'Expend - OverallPY'!$B39:$M39) -> 4768.06 | AC39: =AB39-N39 -> -1235.01 | AD39: =IF(ISERROR((AB39/N39)-1),"-",(AB39/N39)-1) -> -0.20572973
A40: Water Rates | B40: ='Expend - General'!C41+'Expend - Fabric'!C40+'Expend - FlowerFund'!C40+'Expend - SSchoolFund'!C40+'Expend - ReithMemorial'!C40+'Expend - SfSFund'!C40+'Expend - Guild'!C40+'Expend - Organ'!C40+'Expend - JrChurch'!C40+'Expend - Benevolent'!C40+'Expend - Friday'!C40 -> 0 | C40: ='Expend - General'!D41+'Expend - Fabric'!D40+'Expend - FlowerFund'!D40+'Expend - SSchoolFund'!D40+'Expend - ReithMemorial'!D40+'Expend - SfSFund'!D40+'Expend - Guild'!D40+'Expend - Organ'!D40+'Expend - JrChurch'!D40+'Expend - Benevolent'!D40+'Expend - Friday'!D40 -> 0 | D40: ='Expend - General'!E41+'Expend - Fabric'!E40+'Expend - FlowerFund'!E40+'Expend - SSchoolFund'!E40+'Expend - ReithMemorial'!E40+'Expend - SfSFund'!E40+'Expend - Guild'!E40+'Expend - Organ'!E40+'Expend - JrChurch'!E40+'Expend - Benevolent'!E40+'Expend - Friday'!E40 -> 0 | E40: ='Expend - General'!F41+'Expend - Fabric'!F40+'Expend - FlowerFund'!F40+'Expend - SSchoolFund'!F40+'Expend - ReithMemorial'!F40+'Expend - SfSFund'!F40+'Expend - Guild'!F40+'Expend - Organ'!F40+'Expend - JrChurch'!F40+'Expend - Benevolent'!F40+'Expend - Friday'!F40 -> 0 | F40: ='Expend - General'!G41+'Expend - Fabric'!G40+'Expend - FlowerFund'!G40+'Expend - SSchoolFund'!G40+'Expend - ReithMemorial'!G40+'Expend - SfSFund'!G40+'Expend - Guild'!G40+'Expend - Organ'!G40+'Expend - JrChurch'!G40+'Expend - Benevolent'!G40+'Expend - Friday'!G40 -> 0 | G40: ='Expend - General'!H41+'Expend - Fabric'!H40+'Expend - FlowerFund'!H40+'Expend - SSchoolFund'!H40+'Expend - ReithMemorial'!H40+'Expend - SfSFund'!H40+'Expend - Guild'!H40+'Expend - Organ'!H40+'Expend - JrChurch'!H40+'Expend - Benevolent'!H40+'Expend - Friday'!H40 -> 0 | H40: ='Expend - General'!I41+'Expend - Fabric'!I40+'Expend - FlowerFund'!I40+'Expend - SSchoolFund'!I40+'Expend - ReithMemorial'!I40+'Expend - SfSFund'!I40+'Expend - Guild'!I40+'Expend - Organ'!I40+'Expend - JrChurch'!I40+'Expend - Benevolent'!I40+'Expend - Friday'!I40 -> 0 | I40: ='Expend - General'!J41+'Expend - Fabric'!J40+'Expend - FlowerFund'!J40+'Expend - SSchoolFund'!J40+'Expend - ReithMemorial'!J40+'Expend - SfSFund'!J40+'Expend - Guild'!J40+'Expend - Organ'!J40+'Expend - JrChurch'!J40+'Expend - Benevolent'!J40+'Expend - Friday'!J40 -> 0 | ... M40: ='Expend - General'!N41+'Expend - Fabric'!N40+'Expend - FlowerFund'!N40+'Expend - SSchoolFund'!N40+'Expend - ReithMemorial'!N40+'Expend - SfSFund'!N40+'Expend - Guild'!N40+'Expend - Organ'!N40+'Expend - JrChurch'!N40+'Expend - Benevolent'!N40+'Expend - Friday'!N40 -> 0 | N40: =SUM(B40:M40) -> 0 | P40: =N40-O40 -> 0 | W40: =SUM(P40:V40) -> 0 | Y40: =SUMIF('Expend - OverallBUD'!$C$4:$N$4,'Expend - Overall'!$Y$2,'Expend - OverallBUD'!$C40:$N40) -> 0 | Z40: =Y40-N40 -> 0 | AB40: =SUMIF('Expend - OverallPY'!$B$4:$M$4,'Expend - Overall'!$AB$2,'Expend - OverallPY'!$B40:$M40) -> 0 | AC40: =AB40-N40 -> 0 | AD40: =IF(ISERROR((AB40/N40)-1),"-",(AB40/N40)-1) -> -
A41: Buildings insurance | B41: ='Expend - General'!C42+'Expend - Fabric'!C41+'Expend - FlowerFund'!C41+'Expend - SSchoolFund'!C41+'Expend - ReithMemorial'!C41+'Expend - SfSFund'!C41+'Expend - Guild'!C41+'Expend - Organ'!C41+'Expend - JrChurch'!C41+'Expend - Benevolent'!C41+'Expend - Friday'!C41 -> 592.13 | C41: ='Expend - General'!D42+'Expend - Fabric'!D41+'Expend - FlowerFund'!D41+'Expend - SSchoolFund'!D41+'Expend - ReithMemorial'!D41+'Expend - SfSFund'!D41+'Expend - Guild'!D41+'Expend - Organ'!D41+'Expend - JrChurch'!D41+'Expend - Benevolent'!D41+'Expend - Friday'!D41 -> 0 | D41: ='Expend - General'!E42+'Expend - Fabric'!E41+'Expend - FlowerFund'!E41+'Expend - SSchoolFund'!E41+'Expend - ReithMemorial'!E41+'Expend - SfSFund'!E41+'Expend - Guild'!E41+'Expend - Organ'!E41+'Expend - JrChurch'!E41+'Expend - Benevolent'!E41+'Expend - Friday'!E41 -> 1184.26 | E41: ='Expend - General'!F42+'Expend - Fabric'!F41+'Expend - FlowerFund'!F41+'Expend - SSchoolFund'!F41+'Expend - ReithMemorial'!F41+'Expend - SfSFund'!F41+'Expend - Guild'!F41+'Expend - Organ'!F41+'Expend - JrChurch'!F41+'Expend - Benevolent'!F41+'Expend - Friday'!F41 -> 592.13 | F41: ='Expend - General'!G42+'Expend - Fabric'!G41+'Expend - FlowerFund'!G41+'Expend - SSchoolFund'!G41+'Expend - ReithMemorial'!G41+'Expend - SfSFund'!G41+'Expend - Guild'!G41+'Expend - Organ'!G41+'Expend - JrChurch'!G41+'Expend - Benevolent'!G41+'Expend - Friday'!G41 -> 592.13 | G41: ='Expend - General'!H42+'Expend - Fabric'!H41+'Expend - FlowerFund'!H41+'Expend - SSchoolFund'!H41+'Expend - ReithMemorial'!H41+'Expend - SfSFund'!H41+'Expend - Guild'!H41+'Expend - Organ'!H41+'Expend - JrChurch'!H41+'Expend - Benevolent'!H41+'Expend - Friday'!H41 -> 0 | H41: ='Expend - General'!I42+'Expend - Fabric'!I41+'Expend - FlowerFund'!I41+'Expend - SSchoolFund'!I41+'Expend - ReithMemorial'!I41+'Expend - SfSFund'!I41+'Expend - Guild'!I41+'Expend - Organ'!I41+'Expend - JrChurch'!I41+'Expend - Benevolent'!I41+'Expend - Friday'!I41 -> 0 | I41: ='Expend - General'!J42+'Expend - Fabric'!J41+'Expend - FlowerFund'!J41+'Expend - SSchoolFund'!J41+'Expend - ReithMemorial'!J41+'Expend - SfSFund'!J41+'Expend - Guild'!J41+'Expend - Organ'!J41+'Expend - JrChurch'!J41+'Expend - Benevolent'!J41+'Expend - Friday'!J41 -> 0 | ... M41: ='Expend - General'!N42+'Expend - Fabric'!N41+'Expend - FlowerFund'!N41+'Expend - SSchoolFund'!N41+'Expend - ReithMemorial'!N41+'Expend - SfSFund'!N41+'Expend - Guild'!N41+'Expend - Organ'!N41+'Expend - JrChurch'!N41+'Expend - Benevolent'!N41+'Expend - Friday'!N41 -> 0 | N41: =SUM(B41:M41) -> 2960.65 | P41: =N41-O41 -> 2960.65 | W41: =SUM(P41:V41) -> 2960.65 | Y41: =SUMIF('Expend - OverallBUD'!$C$4:$N$4,'Expend - Overall'!$Y$2,'Expend - OverallBUD'!$C41:$N41) -> 2960 | Z41: =Y41-N41 -> -0.65 | AB41: =SUMIF('Expend - OverallPY'!$B$4:$M$4,'Expend - Overall'!$AB$2,'Expend - OverallPY'!$B41:$M41) -> 2690.8 | AC41: =AB41-N41 -> -269.85 | AD41: =IF(ISERROR((AB41/N41)-1),"-",(AB41/N41)-1) -> -0.091145525
A43: Church Office Expenses | B43: =SUM(B44:B45) -> 163.14 | C43: =SUM(C44:C45) -> 142.72 | D43: =SUM(D44:D45) -> 59.58 | E43: =SUM(E44:E45) -> 93.76 | F43: =SUM(F44:F45) -> 74.61 | G43: =SUM(G44:G45) -> 0 | H43: =SUM(H44:H45) -> 0 | I43: =SUM(I44:I45) -> 0 | ... M43: =SUM(M44:M45) -> 0 | N43: =SUM(B43:M43) -> 533.81 | O43: =SUM(O44:O45) -> 0 | P43: =N43-O43 -> 533.81 | W43: =SUM(P43:V43) -> 533.81 | Y43: =SUM(Y44:Y45) -> 560 | Z43: =SUM(Z44:Z45) -> 26.19 | AB43: =SUM(AB44:AB45) -> 574.7 | AC43: =AB43-N43 -> 40.89 | AD43: =IF(ISERROR((AB43/N43)-1),"-",(AB43/N43)-1) -> 0.076600288
A44: Telephone and post | B44: ='Expend - General'!C45+'Expend - Fabric'!C44+'Expend - FlowerFund'!C44+'Expend - SSchoolFund'!C44+'Expend - ReithMemorial'!C44+'Expend - SfSFund'!C44+'Expend - Guild'!C44+'Expend - Organ'!C44+'Expend - JrChurch'!C44+'Expend - Benevolent'!C44+'Expend - Friday'!C44 -> 59.96 | C44: ='Expend - General'!D45+'Expend - Fabric'!D44+'Expend - FlowerFund'!D44+'Expend - SSchoolFund'!D44+'Expend - ReithMemorial'!D44+'Expend - SfSFund'!D44+'Expend - Guild'!D44+'Expend - Organ'!D44+'Expend - JrChurch'!D44+'Expend - Benevolent'!D44+'Expend - Friday'!D44 -> 64.5 | D44: ='Expend - General'!E45+'Expend - Fabric'!E44+'Expend - FlowerFund'!E44+'Expend - SSchoolFund'!E44+'Expend - ReithMemorial'!E44+'Expend - SfSFund'!E44+'Expend - Guild'!E44+'Expend - Organ'!E44+'Expend - JrChurch'!E44+'Expend - Benevolent'!E44+'Expend - Friday'!E44 -> 59.58 | E44: ='Expend - General'!F45+'Expend - Fabric'!F44+'Expend - FlowerFund'!F44+'Expend - SSchoolFund'!F44+'Expend - ReithMemorial'!F44+'Expend - SfSFund'!F44+'Expend - Guild'!F44+'Expend - Organ'!F44+'Expend - JrChurch'!F44+'Expend - Benevolent'!F44+'Expend - Friday'!F44 -> 74.27 | F44: ='Expend - General'!G45+'Expend - Fabric'!G44+'Expend - FlowerFund'!G44+'Expend - SSchoolFund'!G44+'Expend - ReithMemorial'!G44+'Expend - SfSFund'!G44+'Expend - Guild'!G44+'Expend - Organ'!G44+'Expend - JrChurch'!G44+'Expend - Benevolent'!G44+'Expend - Friday'!G44 -> 64.61 | G44: ='Expend - General'!H45+'Expend - Fabric'!H44+'Expend - FlowerFund'!H44+'Expend - SSchoolFund'!H44+'Expend - ReithMemorial'!H44+'Expend - SfSFund'!H44+'Expend - Guild'!H44+'Expend - Organ'!H44+'Expend - JrChurch'!H44+'Expend - Benevolent'!H44+'Expend - Friday'!H44 -> 0 | H44: ='Expend - General'!I45+'Expend - Fabric'!I44+'Expend - FlowerFund'!I44+'Expend - SSchoolFund'!I44+'Expend - ReithMemorial'!I44+'Expend - SfSFund'!I44+'Expend - Guild'!I44+'Expend - Organ'!I44+'Expend - JrChurch'!I44+'Expend - Benevolent'!I44+'Expend - Friday'!I44 -> 0 | I44: ='Expend - General'!J45+'Expend - Fabric'!J44+'Expend - FlowerFund'!J44+'Expend - SSchoolFund'!J44+'Expend - ReithMemorial'!J44+'Expend - SfSFund'!J44+'Expend - Guild'!J44+'Expend - Organ'!J44+'Expend - JrChurch'!J44+'Expend - Benevolent'!J44+'Expend - Friday'!J44 -> 0 | ... M44: ='Expend - General'!N45+'Expend - Fabric'!N44+'Expend - FlowerFund'!N44+'Expend - SSchoolFund'!N44+'Expend - ReithMemorial'!N44+'Expend - SfSFund'!N44+'Expend - Guild'!N44+'Expend - Organ'!N44+'Expend - JrChurch'!N44+'Expend - Benevolent'!N44+'Expend - Friday'!N44 -> 0 | N44: =SUM(B44:M44) -> 322.92 | P44: =N44-O44 -> 322.92 | W44: =SUM(P44:V44) -> 322.92 | Y44: =SUMIF('Expend - OverallBUD'!$C$4:$N$4,'Expend - Overall'!$Y$2,'Expend - OverallBUD'!$C44:$N44) -> 310 | Z44: =Y44-N44 -> -12.92 | AB44: =SUMIF('Expend - OverallPY'!$B$4:$M$4,'Expend - Overall'!$AB$2,'Expend - OverallPY'!$B44:$M44) -> 307 | AC44: =AB44-N44 -> -15.92 | AD44: =IF(ISERROR((AB44/N44)-1),"-",(AB44/N44)-1) -> -0.049300136
A45: Print, Stationary and copying | B45: ='Expend - General'!C46+'Expend - Fabric'!C45+'Expend - FlowerFund'!C45+'Expend - SSchoolFund'!C45+'Expend - ReithMemorial'!C45+'Expend - SfSFund'!C45+'Expend - Guild'!C45+'Expend - Organ'!C45+'Expend - JrChurch'!C45+'Expend - Benevolent'!C45+'Expend - Friday'!C45 -> 103.18 | C45: ='Expend - General'!D46+'Expend - Fabric'!D45+'Expend - FlowerFund'!D45+'Expend - SSchoolFund'!D45+'Expend - ReithMemorial'!D45+'Expend - SfSFund'!D45+'Expend - Guild'!D45+'Expend - Organ'!D45+'Expend - JrChurch'!D45+'Expend - Benevolent'!D45+'Expend - Friday'!D45 -> 78.22 | D45: ='Expend - General'!E46+'Expend - Fabric'!E45+'Expend - FlowerFund'!E45+'Expend - SSchoolFund'!E45+'Expend - ReithMemorial'!E45+'Expend - SfSFund'!E45+'Expend - Guild'!E45+'Expend - Organ'!E45+'Expend - JrChurch'!E45+'Expend - Benevolent'!E45+'Expend - Friday'!E45 -> 0 | E45: ='Expend - General'!F46+'Expend - Fabric'!F45+'Expend - FlowerFund'!F45+'Expend - SSchoolFund'!F45+'Expend - ReithMemorial'!F45+'Expend - SfSFund'!F45+'Expend - Guild'!F45+'Expend - Organ'!F45+'Expend - JrChurch'!F45+'Expend - Benevolent'!F45+'Expend - Friday'!F45 -> 19.49 | F45: ='Expend - General'!G46+'Expend - Fabric'!G45+'Expend - FlowerFund'!G45+'Expend - SSchoolFund'!G45+'Expend - ReithMemorial'!G45+'Expend - SfSFund'!G45+'Expend - Guild'!G45+'Expend - Organ'!G45+'Expend - JrChurch'!G45+'Expend - Benevolent'!G45+'Expend - Friday'!G45 -> 10 | G45: ='Expend - General'!H46+'Expend - Fabric'!H45+'Expend - FlowerFund'!H45+'Expend - SSchoolFund'!H45+'Expend - ReithMemorial'!H45+'Expend - SfSFund'!H45+'Expend - Guild'!H45+'Expend - Organ'!H45+'Expend - JrChurch'!H45+'Expend - Benevolent'!H45+'Expend - Friday'!H45 -> 0 | H45: ='Expend - General'!I46+'Expend - Fabric'!I45+'Expend - FlowerFund'!I45+'Expend - SSchoolFund'!I45+'Expend - ReithMemorial'!I45+'Expend - SfSFund'!I45+'Expend - Guild'!I45+'Expend - Organ'!I45+'Expend - JrChurch'!I45+'Expend - Benevolent'!I45+'Expend - Friday'!I45 -> 0 | I45: ='Expend - General'!J46+'Expend - Fabric'!J45+'Expend - FlowerFund'!J45+'Expend - SSchoolFund'!J45+'Expend - ReithMemorial'!J45+'Expend - SfSFund'!J45+'Expend - Guild'!J45+'Expend - Organ'!J45+'Expend - JrChurch'!J45+'Expend - Benevolent'!J45+'Expend - Friday'!J45 -> 0 | ... M45: ='Expend - General'!N46+'Expend - Fabric'!N45+'Expend - FlowerFund'!N45+'Expend - SSchoolFund'!N45+'Expend - ReithMemorial'!N45+'Expend - SfSFund'!N45+'Expend - Guild'!N45+'Expend - Organ'!N45+'Expend - JrChurch'!N45+'Expend - Benevolent'!N45+'Expend - Friday'!N45 -> 0 | N45: =SUM(B45:M45) -> 210.89 | P45: =N45-O45 -> 210.89 | W45: =SUM(P45:V45) -> 210.89 | Y45: =SUMIF('Expend - OverallBUD'!$C$4:$N$4,'Expend - Overall'!$Y$2,'Expend - OverallBUD'!$C45:$N45) -> 250 | Z45: =Y45-N45 -> 39.11 | AB45: =SUMIF('Expend - OverallPY'!$B$4:$M$4,'Expend - Overall'!$AB$2,'Expend - OverallPY'!$B45:$M45) -> 267.7 | AC45: =AB45-N45 -> 56.81 | AD45: =IF(ISERROR((AB45/N45)-1),"-",(AB45/N45)-1) -> 0.26938214
A47: Youth Programme | B47: ='Expend - General'!C48+'Expend - Fabric'!C47+'Expend - FlowerFund'!C47+'Expend - SSchoolFund'!C47+'Expend - ReithMemorial'!C47+'Expend - SfSFund'!C47+'Expend - Guild'!C47+'Expend - Organ'!C47+'Expend - JrChurch'!C47+'Expend - Benevolent'!C47+'Expend - Friday'!C47 -> -747.94 | C47: ='Expend - General'!D48+'Expend - Fabric'!D47+'Expend - FlowerFund'!D47+'Expend - SSchoolFund'!D47+'Expend - ReithMemorial'!D47+'Expend - SfSFund'!D47+'Expend - Guild'!D47+'Expend - Organ'!D47+'Expend - JrChurch'!D47+'Expend - Benevolent'!D47+'Expend - Friday'!D47 -> -931.76 | D47: ='Expend - General'!E48+'Expend - Fabric'!E47+'Expend - FlowerFund'!E47+'Expend - SSchoolFund'!E47+'Expend - ReithMemorial'!E47+'Expend - SfSFund'!E47+'Expend - Guild'!E47+'Expend - Organ'!E47+'Expend - JrChurch'!E47+'Expend - Benevolent'!E47+'Expend - Friday'!E47 -> 649.69 | E47: ='Expend - General'!F48+'Expend - Fabric'!F47+'Expend - FlowerFund'!F47+'Expend - SSchoolFund'!F47+'Expend - ReithMemorial'!F47+'Expend - SfSFund'!F47+'Expend - Guild'!F47+'Expend - Organ'!F47+'Expend - JrChurch'!F47+'Expend - Benevolent'!F47+'Expend - Friday'!F47 -> 2858.26 | F47: ='Expend - General'!G48+'Expend - Fabric'!G47+'Expend - FlowerFund'!G47+'Expend - SSchoolFund'!G47+'Expend - ReithMemorial'!G47+'Expend - SfSFund'!G47+'Expend - Guild'!G47+'Expend - Organ'!G47+'Expend - JrChurch'!G47+'Expend - Benevolent'!G47+'Expend - Friday'!G47 -> 373.44 | G47: ='Expend - General'!H48+'Expend - Fabric'!H47+'Expend - FlowerFund'!H47+'Expend - SSchoolFund'!H47+'Expend - ReithMemorial'!H47+'Expend - SfSFund'!H47+'Expend - Guild'!H47+'Expend - Organ'!H47+'Expend - JrChurch'!H47+'Expend - Benevolent'!H47+'Expend - Friday'!H47 -> 0 | H47: ='Expend - General'!I48+'Expend - Fabric'!I47+'Expend - FlowerFund'!I47+'Expend - SSchoolFund'!I47+'Expend - ReithMemorial'!I47+'Expend - SfSFund'!I47+'Expend - Guild'!I47+'Expend - Organ'!I47+'Expend - JrChurch'!I47+'Expend - Benevolent'!I47+'Expend - Friday'!I47 -> 0 | I47: ='Expend - General'!J48+'Expend - Fabric'!J47+'Expend - FlowerFund'!J47+'Expend - SSchoolFund'!J47+'Expend - ReithMemorial'!J47+'Expend - SfSFund'!J47+'Expend - Guild'!J47+'Expend - Organ'!J47+'Expend - JrChurch'!J47+'Expend - Benevolent'!J47+'Expend - Friday'!J47 -> 0 | ... M47: ='Expend - General'!N48+'Expend - Fabric'!N47+'Expend - FlowerFund'!N47+'Expend - SSchoolFund'!N47+'Expend - ReithMemorial'!N47+'Expend - SfSFund'!N47+'Expend - Guild'!N47+'Expend - Organ'!N47+'Expend - JrChurch'!N47+'Expend - Benevolent'!N47+'Expend - Friday'!N47 -> 0 | N47: =SUM(B47:M47) -> 2201.69 | P47: =N47-O47 -> 2201.69 | W47: =SUM(P47:V47) -> 2201.69 | Y47: =SUMIF('Expend - OverallBUD'!$C$4:$N$4,'Expend - Overall'!$Y$2,'Expend - OverallBUD'!$C47:$N47) -> 1500 | Z47: =Y47-N47 -> -701.69 | AB47: =SUMIF('Expend - OverallPY'!$B$4:$M$4,'Expend - Overall'!$AB$2,'Expend - OverallPY'!$B47:$M47) -> 2820.18 | AC47: =AB47-N47 -> 618.49 | AD47: =IF(ISERROR((AB47/N47)-1),"-",(AB47/N47)-1) -> 0.28091602
A48: Music & IT | B48: =SUM(B49:B51) -> 683.49 | C48: =SUM(C49:C51) -> 190.38 | D48: =SUM(D49:D51) -> 750.9 | E48: =SUM(E49:E51) -> 12.5 | F48: =SUM(F49:F51) -> 12.5 | G48: =SUM(G49:G51) -> 0 | H48: =SUM(H49:H51) -> 0 | I48: =SUM(I49:I51) -> 0 | ... M48: =SUM(M49:M51) -> 0 | N48: =SUM(B48:M48) -> 1649.77 | O48: =SUM(O49:O51) -> 0 | P48: =N48-O48 -> 1649.77 | W48: =SUM(P48:V48) -> 1649.77 | Y48: =SUM(Y49:Y51) -> 1900 | Z48: =SUM(Z49:Z51) -> 250.23 | AB48: =SUM(AB49:AB51) -> 6080.29 | AC48: =AB48-N48 -> 4430.52 | AD48: =IF(ISERROR((AB48/N48)-1),"-",(AB48/N48)-1) -> 2.685538
A49: Instrument maintenance | B49: ='Expend - General'!C50+'Expend - Fabric'!C49+'Expend - FlowerFund'!C49+'Expend - SSchoolFund'!C49+'Expend - ReithMemorial'!C49+'Expend - SfSFund'!C49+'Expend - Guild'!C49+'Expend - Organ'!C49+'Expend - JrChurch'!C49+'Expend - Benevolent'!C49+'Expend - Friday'!C49 -> 0 | C49: ='Expend - General'!D50+'Expend - Fabric'!D49+'Expend - FlowerFund'!D49+'Expend - SSchoolFund'!D49+'Expend - ReithMemorial'!D49+'Expend - SfSFund'!D49+'Expend - Guild'!D49+'Expend - Organ'!D49+'Expend - JrChurch'!D49+'Expend - Benevolent'!D49+'Expend - Friday'!D49 -> 0 | D49: ='Expend - General'!E50+'Expend - Fabric'!E49+'Expend - FlowerFund'!E49+'Expend - SSchoolFund'!E49+'Expend - ReithMemorial'!E49+'Expend - SfSFund'!E49+'Expend - Guild'!E49+'Expend - Organ'!E49+'Expend - JrChurch'!E49+'Expend - Benevolent'!E49+'Expend - Friday'!E49 -> 0 | E49: ='Expend - General'!F50+'Expend - Fabric'!F49+'Expend - FlowerFund'!F49+'Expend - SSchoolFund'!F49+'Expend - ReithMemorial'!F49+'Expend - SfSFund'!F49+'Expend - Guild'!F49+'Expend - Organ'!F49+'Expend - JrChurch'!F49+'Expend - Benevolent'!F49+'Expend - Friday'!F49 -> 0 | F49: ='Expend - General'!G50+'Expend - Fabric'!G49+'Expend - FlowerFund'!G49+'Expend - SSchoolFund'!G49+'Expend - ReithMemorial'!G49+'Expend - SfSFund'!G49+'Expend - Guild'!G49+'Expend - Organ'!G49+'Expend - JrChurch'!G49+'Expend - Benevolent'!G49+'Expend - Friday'!G49 -> 0 | G49: ='Expend - General'!H50+'Expend - Fabric'!H49+'Expend - FlowerFund'!H49+'Expend - SSchoolFund'!H49+'Expend - ReithMemorial'!H49+'Expend - SfSFund'!H49+'Expend - Guild'!H49+'Expend - Organ'!H49+'Expend - JrChurch'!H49+'Expend - Benevolent'!H49+'Expend - Friday'!H49 -> 0 | H49: ='Expend - General'!I50+'Expend - Fabric'!I49+'Expend - FlowerFund'!I49+'Expend - SSchoolFund'!I49+'Expend - ReithMemorial'!I49+'Expend - SfSFund'!I49+'Expend - Guild'!I49+'Expend - Organ'!I49+'Expend - JrChurch'!I49+'Expend - Benevolent'!I49+'Expend - Friday'!I49 -> 0 | I49: ='Expend - General'!J50+'Expend - Fabric'!J49+'Expend - FlowerFund'!J49+'Expend - SSchoolFund'!J49+'Expend - ReithMemorial'!J49+'Expend - SfSFund'!J49+'Expend - Guild'!J49+'Expend - Organ'!J49+'Expend - JrChurch'!J49+'Expend - Benevolent'!J49+'Expend - Friday'!J49 -> 0 | ... M49: ='Expend - General'!N50+'Expend - Fabric'!N49+'Expend - FlowerFund'!N49+'Expend - SSchoolFund'!N49+'Expend - ReithMemorial'!N49+'Expend - SfSFund'!N49+'Expend - Guild'!N49+'Expend - Organ'!N49+'Expend - JrChurch'!N49+'Expend - Benevolent'!N49+'Expend - Friday'!N49 -> 0 | N49: =SUM(B49:M49) -> 0 | P49: =N49-O49 -> 0 | W49: =SUM(P49:V49) -> 0 | Y49: =SUMIF('Expend - OverallBUD'!$C$4:$N$4,'Expend - Overall'!$Y$2,'Expend - OverallBUD'!$C49:$N49) -> 150 | Z49: =Y49-N49 -> 150 | AB49: =SUMIF('Expend - OverallPY'!$B$4:$M$4,'Expend - Overall'!$AB$2,'Expend - OverallPY'!$B49:$M49) -> 0 | AC49: =AB49-N49 -> 0 | AD49: =IF(ISERROR((AB49/N49)-1),"-",(AB49/N49)-1) -> -
A50: Music expenses | B50: ='Expend - General'!C51+'Expend - Fabric'!C50+'Expend - FlowerFund'!C50+'Expend - SSchoolFund'!C50+'Expend - ReithMemorial'!C50+'Expend - SfSFund'!C50+'Expend - Guild'!C50+'Expend - Organ'!C50+'Expend - JrChurch'!C50+'Expend - Benevolent'!C50+'Expend - Friday'!C50 -> 0 | C50: ='Expend - General'!D51+'Expend - Fabric'!D50+'Expend - FlowerFund'!D50+'Expend - SSchoolFund'!D50+'Expend - ReithMemorial'!D50+'Expend - SfSFund'!D50+'Expend - Guild'!D50+'Expend - Organ'!D50+'Expend - JrChurch'!D50+'Expend - Benevolent'!D50+'Expend - Friday'!D50 -> 0 | D50: ='Expend - General'!E51+'Expend - Fabric'!E50+'Expend - FlowerFund'!E50+'Expend - SSchoolFund'!E50+'Expend - ReithMemorial'!E50+'Expend - SfSFund'!E50+'Expend - Guild'!E50+'Expend - Organ'!E50+'Expend - JrChurch'!E50+'Expend - Benevolent'!E50+'Expend - Friday'!E50 -> 738.4 | E50: ='Expend - General'!F51+'Expend - Fabric'!F50+'Expend - FlowerFund'!F50+'Expend - SSchoolFund'!F50+'Expend - ReithMemorial'!F50+'Expend - SfSFund'!F50+'Expend - Guild'!F50+'Expend - Organ'!F50+'Expend - JrChurch'!F50+'Expend - Benevolent'!F50+'Expend - Friday'!F50 -> 0 | F50: ='Expend - General'!G51+'Expend - Fabric'!G50+'Expend - FlowerFund'!G50+'Expend - SSchoolFund'!G50+'Expend - ReithMemorial'!G50+'Expend - SfSFund'!G50+'Expend - Guild'!G50+'Expend - Organ'!G50+'Expend - JrChurch'!G50+'Expend - Benevolent'!G50+'Expend - Friday'!G50 -> 0 | G50: ='Expend - General'!H51+'Expend - Fabric'!H50+'Expend - FlowerFund'!H50+'Expend - SSchoolFund'!H50+'Expend - ReithMemorial'!H50+'Expend - SfSFund'!H50+'Expend - Guild'!H50+'Expend - Organ'!H50+'Expend - JrChurch'!H50+'Expend - Benevolent'!H50+'Expend - Friday'!H50 -> 0 | H50: ='Expend - General'!I51+'Expend - Fabric'!I50+'Expend - FlowerFund'!I50+'Expend - SSchoolFund'!I50+'Expend - ReithMemorial'!I50+'Expend - SfSFund'!I50+'Expend - Guild'!I50+'Expend - Organ'!I50+'Expend - JrChurch'!I50+'Expend - Benevolent'!I50+'Expend - Friday'!I50 -> 0 | I50: ='Expend - General'!J51+'Expend - Fabric'!J50+'Expend - FlowerFund'!J50+'Expend - SSchoolFund'!J50+'Expend - ReithMemorial'!J50+'Expend - SfSFund'!J50+'Expend - Guild'!J50+'Expend - Organ'!J50+'Expend - JrChurch'!J50+'Expend - Benevolent'!J50+'Expend - Friday'!J50 -> 0 | ... M50: ='Expend - General'!N51+'Expend - Fabric'!N50+'Expend - FlowerFund'!N50+'Expend - SSchoolFund'!N50+'Expend - ReithMemorial'!N50+'Expend - SfSFund'!N50+'Expend - Guild'!N50+'Expend - Organ'!N50+'Expend - JrChurch'!N50+'Expend - Benevolent'!N50+'Expend - Friday'!N50 -> 0 | N50: =SUM(B50:M50) -> 738.4 | P50: =N50-O50 -> 738.4 | W50: =SUM(P50:V50) -> 738.4 | Y50: =SUMIF('Expend - OverallBUD'!$C$4:$N$4,'Expend - Overall'!$Y$2,'Expend - OverallBUD'!$C50:$N50) -> 750 | Z50: =Y50-N50 -> 11.6 | AB50: =SUMIF('Expend - OverallPY'!$B$4:$M$4,'Expend - Overall'!$AB$2,'Expend - OverallPY'!$B50:$M50) -> 1284.44 | AC50: =AB50-N50 -> 546.04 | AD50: =IF(ISERROR((AB50/N50)-1),"-",(AB50/N50)-1) -> 0.73949079
A51: IT expenses | B51: ='Expend - General'!C52+'Expend - Fabric'!C52+'Expend - FlowerFund'!C52+'Expend - SSchoolFund'!C52+'Expend - ReithMemorial'!C52+'Expend - SfSFund'!C52+'Expend - Guild'!C52+'Expend - Organ'!C52+'Expend - JrChurch'!C52+'Expend - Benevolent'!C52+'Expend - Friday'!C52 -> 683.49 | C51: ='Expend - General'!D52+'Expend - Fabric'!D52+'Expend - FlowerFund'!D52+'Expend - SSchoolFund'!D52+'Expend - ReithMemorial'!D52+'Expend - SfSFund'!D52+'Expend - Guild'!D52+'Expend - Organ'!D52+'Expend - JrChurch'!D52+'Expend - Benevolent'!D52+'Expend - Friday'!D52 -> 190.38 | D51: ='Expend - General'!E52+'Expend - Fabric'!E52+'Expend - FlowerFund'!E52+'Expend - SSchoolFund'!E52+'Expend - ReithMemorial'!E52+'Expend - SfSFund'!E52+'Expend - Guild'!E52+'Expend - Organ'!E52+'Expend - JrChurch'!E52+'Expend - Benevolent'!E52+'Expend - Friday'!E52 -> 12.5 | E51: ='Expend - General'!F52+'Expend - Fabric'!F52+'Expend - FlowerFund'!F52+'Expend - SSchoolFund'!F52+'Expend - ReithMemorial'!F52+'Expend - SfSFund'!F52+'Expend - Guild'!F52+'Expend - Organ'!F52+'Expend - JrChurch'!F52+'Expend - Benevolent'!F52+'Expend - Friday'!F52 -> 12.5 | F51: ='Expend - General'!G52+'Expend - Fabric'!G52+'Expend - FlowerFund'!G52+'Expend - SSchoolFund'!G52+'Expend - ReithMemorial'!G52+'Expend - SfSFund'!G52+'Expend - Guild'!G52+'Expend - Organ'!G52+'Expend - JrChurch'!G52+'Expend - Benevolent'!G52+'Expend - Friday'!G52 -> 12.5 | G51: ='Expend - General'!H52+'Expend - Fabric'!H52+'Expend - FlowerFund'!H52+'Expend - SSchoolFund'!H52+'Expend - ReithMemorial'!H52+'Expend - SfSFund'!H52+'Expend - Guild'!H52+'Expend - Organ'!H52+'Expend - JrChurch'!H52+'Expend - Benevolent'!H52+'Expend - Friday'!H52 -> 0 | H51: ='Expend - General'!I52+'Expend - Fabric'!I52+'Expend - FlowerFund'!I52+'Expend - SSchoolFund'!I52+'Expend - ReithMemorial'!I52+'Expend - SfSFund'!I52+'Expend - Guild'!I52+'Expend - Organ'!I52+'Expend - JrChurch'!I52+'Expend - Benevolent'!I52+'Expend - Friday'!I52 -> 0 | I51: ='Expend - General'!J52+'Expend - Fabric'!J52+'Expend - FlowerFund'!J52+'Expend - SSchoolFund'!J52+'Expend - ReithMemorial'!J52+'Expend - SfSFund'!J52+'Expend - Guild'!J52+'Expend - Organ'!J52+'Expend - JrChurch'!J52+'Expend - Benevolent'!J52+'Expend - Friday'!J52 -> 0 | ... M51: ='Expend - General'!N52+'Expend - Fabric'!N52+'Expend - FlowerFund'!N52+'Expend - SSchoolFund'!N52+'Expend - ReithMemorial'!N52+'Expend - SfSFund'!N52+'Expend - Guild'!N52+'Expend - Organ'!N52+'Expend - JrChurch'!N52+'Expend - Benevolent'!N52+'Expend - Friday'!N52 -> 0 | N51: =SUM(B51:M51) -> 911.37 | P51: =N51-O51 -> 911.37 | W51: =SUM(P51:V51) -> 911.37 | Y51: =SUMIF('Expend - OverallBUD'!$C$4:$N$4,'Expend - Overall'!$Y$2,'Expend - OverallBUD'!$C51:$N51) -> 1000 | Z51: =Y51-N51 -> 88.63 | AB51: =SUMIF('Expend - OverallPY'!$B$4:$M$4,'Expend - Overall'!$AB$2,'Expend - OverallPY'!$B51:$M51) -> 4795.85 | AC51: =AB51-N51 -> 3884.48 | AD51: =IF(ISERROR((AB51/N51)-1),"-",(AB51/N51)-1) -> 4.2622426
A53: Other Expenses | B53: =SUM(B54:B58) -> 1571.47 | C53: =SUM(C54:C58) -> 3490.71 | D53: =SUM(D54:D58) -> 742.2 | E53: =SUM(E54:E58) -> 737.34 | F53: =SUM(F54:F58) -> 1307.47 | G53: =SUM(G54:G58) -> 0 | H53: =SUM(H54:H58) -> 0 | I53: =SUM(I54:I58) -> 0 | ... M53: =SUM(M54:M58) -> 0 | N53: =SUM(B53:M53) -> 7849.19 | O53: =SUM(O54:O58) -> 0 | P53: =N53-O53 -> 7849.19 | Q53: =SUM(Q54:Q58) -> 0 | R53: =SUM(R54:R58) -> 0 | S53: =SUM(S54:S58) -> 0 | T53: =SUM(T54:T58) -> 0 | U53: =SUM(U54:U58) -> 0 | V53: =SUM(V54:V58) -> 0 | W53: =SUM(P53:V53) -> 7849.19 | Y53: =SUM(Y54:Y58) -> 8065.25 | Z53: =SUM(Z54:Z58) -> 216.06 | AB53: =SUM(AB54:AB58) -> 3799.22 | AC53: =AB53-N53 -> -4049.97 | AD53: =IF(ISERROR((AB53/N53)-1),"-",(AB53/N53)-1) -> -0.51597299
A54: Donations to Outside Organisations | B54: ='Expend - General'!C55+'Expend - Fabric'!C55+'Expend - FlowerFund'!C56+'Expend - SSchoolFund'!C56+'Expend - ReithMemorial'!C56+'Expend - SfSFund'!C56+'Expend - Guild'!C56+'Expend - Organ'!C56+'Expend - JrChurch'!C56+'Expend - Benevolent'!C56+'Expend - Friday'!C56 -> 0 | C54: ='Expend - General'!D55+'Expend - Fabric'!D55+'Expend - FlowerFund'!D56+'Expend - SSchoolFund'!D56+'Expend - ReithMemorial'!D56+'Expend - SfSFund'!D56+'Expend - Guild'!D56+'Expend - Organ'!D56+'Expend - JrChurch'!D56+'Expend - Benevolent'!D56+'Expend - Friday'!D56 -> 0 | D54: ='Expend - General'!E55+'Expend - Fabric'!E55+'Expend - FlowerFund'!E56+'Expend - SSchoolFund'!E56+'Expend - ReithMemorial'!E56+'Expend - SfSFund'!E56+'Expend - Guild'!E56+'Expend - Organ'!E56+'Expend - JrChurch'!E56+'Expend - Benevolent'!E56+'Expend - Friday'!E56 -> 0 | E54: ='Expend - General'!F55+'Expend - Fabric'!F55+'Expend - FlowerFund'!F56+'Expend - SSchoolFund'!F56+'Expend - ReithMemorial'!F56+'Expend - SfSFund'!F56+'Expend - Guild'!F56+'Expend - Organ'!F56+'Expend - JrChurch'!F56+'Expend - Benevolent'!F56+'Expend - Friday'!F56 -> 0 | F54: ='Expend - General'!G55+'Expend - Fabric'!G55+'Expend - FlowerFund'!G56+'Expend - SSchoolFund'!G56+'Expend - ReithMemorial'!G56+'Expend - SfSFund'!G56+'Expend - Guild'!G56+'Expend - Organ'!G56+'Expend - JrChurch'!G56+'Expend - Benevolent'!G56+'Expend - Friday'!G56 -> 0 | G54: ='Expend - General'!H55+'Expend - Fabric'!H55+'Expend - FlowerFund'!H56+'Expend - SSchoolFund'!H56+'Expend - ReithMemorial'!H56+'Expend - SfSFund'!H56+'Expend - Guild'!H56+'Expend - Organ'!H56+'Expend - JrChurch'!H56+'Expend - Benevolent'!H56+'Expend - Friday'!H56 -> 0 | H54: ='Expend - General'!I55+'Expend - Fabric'!I55+'Expend - FlowerFund'!I56+'Expend - SSchoolFund'!I56+'Expend - ReithMemorial'!I56+'Expend - SfSFund'!I56+'Expend - Guild'!I56+'Expend - Organ'!I56+'Expend - JrChurch'!I56+'Expend - Benevolent'!I56+'Expend - Friday'!I56 -> 0 | I54: ='Expend - General'!J55+'Expend - Fabric'!J55+'Expend - FlowerFund'!J56+'Expend - SSchoolFund'!J56+'Expend - ReithMemorial'!J56+'Expend - SfSFund'!J56+'Expend - Guild'!J56+'Expend - Organ'!J56+'Expend - JrChurch'!J56+'Expend - Benevolent'!J56+'Expend - Friday'!J56 -> 0 | ... M54: ='Expend - General'!N55+'Expend - Fabric'!N55+'Expend - FlowerFund'!N56+'Expend - SSchoolFund'!N56+'Expend - ReithMemorial'!N56+'Expend - SfSFund'!N56+'Expend - Guild'!N56+'Expend - Organ'!N56+'Expend - JrChurch'!N56+'Expend - Benevolent'!N56+'Expend - Friday'!N56 -> 0 | N54: =SUM(B54:M54) -> 0 | P54: =N54-O54 -> 0 | W54: =SUM(P54:V54) -> 0 | Y54: =SUMIF('Expend - OverallBUD'!$C$4:$N$4,'Expend - Overall'!$Y$2,'Expend - OverallBUD'!$C54:$N54) -> 0 | Z54: =Y54-N54 -> 0 | AB54: =SUMIF('Expend - OverallPY'!$B$4:$M$4,'Expend - Overall'!$AB$2,'Expend - OverallPY'!$B54:$M54) -> 300 | AC54: =AB54-N54 -> 300 | AD54: =IF(ISERROR((AB54/N54)-1),"-",(AB54/N54)-1) -> -
A55: Other General Expenses | B55: ='Expend - General'!C56+'Expend - Fabric'!C56+'Expend - FlowerFund'!C57+'Expend - SSchoolFund'!C57+'Expend - ReithMemorial'!C57+'Expend - SfSFund'!C57+'Expend - Guild'!C57+'Expend - Organ'!C57+'Expend - JrChurch'!C57+'Expend - Benevolent'!C57+'Expend - Friday'!C57 -> 218.29 | C55: ='Expend - General'!D56+'Expend - Fabric'!D56+'Expend - FlowerFund'!D57+'Expend - SSchoolFund'!D57+'Expend - ReithMemorial'!D57+'Expend - SfSFund'!D57+'Expend - Guild'!D57+'Expend - Organ'!D57+'Expend - JrChurch'!D57+'Expend - Benevolent'!D57+'Expend - Friday'!D57 -> 210.88 | D55: ='Expend - General'!E56+'Expend - Fabric'!E56+'Expend - FlowerFund'!E57+'Expend - SSchoolFund'!E57+'Expend - ReithMemorial'!E57+'Expend - SfSFund'!E57+'Expend - Guild'!E57+'Expend - Organ'!E57+'Expend - JrChurch'!E57+'Expend - Benevolent'!E57+'Expend - Friday'!E57 -> 79.6 | E55: ='Expend - General'!F56+'Expend - Fabric'!F56+'Expend - FlowerFund'!F57+'Expend - SSchoolFund'!F57+'Expend - ReithMemorial'!F57+'Expend - SfSFund'!F57+'Expend - Guild'!F57+'Expend - Organ'!F57+'Expend - JrChurch'!F57+'Expend - Benevolent'!F57+'Expend - Friday'!F57 -> 203.95 | F55: ='Expend - General'!G56+'Expend - Fabric'!G56+'Expend - FlowerFund'!G57+'Expend - SSchoolFund'!G57+'Expend - ReithMemorial'!G57+'Expend - SfSFund'!G57+'Expend - Guild'!G57+'Expend - Organ'!G57+'Expend - JrChurch'!G57+'Expend - Benevolent'!G57+'Expend - Friday'!G57 -> 747.47 | G55: ='Expend - General'!H56+'Expend - Fabric'!H56+'Expend - FlowerFund'!H57+'Expend - SSchoolFund'!H57+'Expend - ReithMemorial'!H57+'Expend - SfSFund'!H57+'Expend - Guild'!H57+'Expend - Organ'!H57+'Expend - JrChurch'!H57+'Expend - Benevolent'!H57+'Expend - Friday'!H57 -> 0 | H55: ='Expend - General'!I56+'Expend - Fabric'!I56+'Expend - FlowerFund'!I57+'Expend - SSchoolFund'!I57+'Expend - ReithMemorial'!I57+'Expend - SfSFund'!I57+'Expend - Guild'!I57+'Expend - Organ'!I57+'Expend - JrChurch'!I57+'Expend - Benevolent'!I57+'Expend - Friday'!I57 -> 0 | I55: ='Expend - General'!J56+'Expend - Fabric'!J56+'Expend - FlowerFund'!J57+'Expend - SSchoolFund'!J57+'Expend - ReithMemorial'!J57+'Expend - SfSFund'!J57+'Expend - Guild'!J57+'Expend - Organ'!J57+'Expend - JrChurch'!J57+'Expend - Benevolent'!J57+'Expend - Friday'!J57 -> 0 | ... M55: ='Expend - General'!N56+'Expend - Fabric'!N56+'Expend - FlowerFund'!N57+'Expend - SSchoolFund'!N57+'Expend - ReithMemorial'!N57+'Expend - SfSFund'!N57+'Expend - Guild'!N57+'Expend - Organ'!N57+'Expend - JrChurch'!N57+'Expend - Benevolent'!N57+'Expend - Friday'!N57 -> 0 | N55: =SUM(B55:M55) -> 1460.19 | P55: =N55-O55 -> 1460.19 | W55: =SUM(P55:V55) -> 1460.19 | Y55: =SUMIF('Expend - OverallBUD'!$C$4:$N$4,'Expend - Overall'!$Y$2,'Expend - OverallBUD'!$C55:$N55) -> 1000 | Z55: =Y55-N55 -> -460.19 | AB55: =SUMIF('Expend - OverallPY'!$B$4:$M$4,'Expend - Overall'!$AB$2,'Expend - OverallPY'!$B55:$M55) -> 967.05 | AC55: =AB55-N55 -> -493.14 | AD55: =IF(ISERROR((AB55/N55)-1),"-",(AB55/N55)-1) -> -0.33772317
A56: Activities by Other Funds | B56: ='Expend - General'!C57+'Expend - Fabric'!C57+'Expend - FlowerFund'!C58+'Expend - SSchoolFund'!C58+'Expend - ReithMemorial'!C58+'Expend - SfSFund'!C58+'Expend - Guild'!C58+'Expend - Organ'!C58+'Expend - JrChurch'!C58+'Expend - Benevolent'!C58+'Expend - Friday'!C58 -> 1330.25 | C56: ='Expend - General'!D57+'Expend - Fabric'!D57+'Expend - FlowerFund'!D58+'Expend - SSchoolFund'!D58+'Expend - ReithMemorial'!D58+'Expend - SfSFund'!D58+'Expend - Guild'!D58+'Expend - Organ'!D58+'Expend - JrChurch'!D58+'Expend - Benevolent'!D58+'Expend - Friday'!D58 -> 3032 | D56: ='Expend - General'!E57+'Expend - Fabric'!E57+'Expend - FlowerFund'!E58+'Expend - SSchoolFund'!E58+'Expend - ReithMemorial'!E58+'Expend - SfSFund'!E58+'Expend - Guild'!E58+'Expend - Organ'!E58+'Expend - JrChurch'!E58+'Expend - Benevolent'!E58+'Expend - Friday'!E58 -> 523 | E56: ='Expend - General'!F57+'Expend - Fabric'!F57+'Expend - FlowerFund'!F58+'Expend - SSchoolFund'!F58+'Expend - ReithMemorial'!F58+'Expend - SfSFund'!F58+'Expend - Guild'!F58+'Expend - Organ'!F58+'Expend - JrChurch'!F58+'Expend - Benevolent'!F58+'Expend - Friday'!F58 -> 120 | F56: ='Expend - General'!G57+'Expend - Fabric'!G57+'Expend - FlowerFund'!G58+'Expend - SSchoolFund'!G58+'Expend - ReithMemorial'!G58+'Expend - SfSFund'!G58+'Expend - Guild'!G58+'Expend - Organ'!G58+'Expend - JrChurch'!G58+'Expend - Benevolent'!G58+'Expend - Friday'!G58 -> 560 | G56: ='Expend - General'!H57+'Expend - Fabric'!H57+'Expend - FlowerFund'!H58+'Expend - SSchoolFund'!H58+'Expend - ReithMemorial'!H58+'Expend - SfSFund'!H58+'Expend - Guild'!H58+'Expend - Organ'!H58+'Expend - JrChurch'!H58+'Expend - Benevolent'!H58+'Expend - Friday'!H58 -> 0 | H56: ='Expend - General'!I57+'Expend - Fabric'!I57+'Expend - FlowerFund'!I58+'Expend - SSchoolFund'!I58+'Expend - ReithMemorial'!I58+'Expend - SfSFund'!I58+'Expend - Guild'!I58+'Expend - Organ'!I58+'Expend - JrChurch'!I58+'Expend - Benevolent'!I58+'Expend - Friday'!I58 -> 0 | I56: ='Expend - General'!J57+'Expend - Fabric'!J57+'Expend - FlowerFund'!J58+'Expend - SSchoolFund'!J58+'Expend - ReithMemorial'!J58+'Expend - SfSFund'!J58+'Expend - Guild'!J58+'Expend - Organ'!J58+'Expend - JrChurch'!J58+'Expend - Benevolent'!J58+'Expend - Friday'!J58 -> 0 | ... M56: ='Expend - General'!N57+'Expend - Fabric'!N57+'Expend - FlowerFund'!N58+'Expend - SSchoolFund'!N58+'Expend - ReithMemorial'!N58+'Expend - SfSFund'!N58+'Expend - Guild'!N58+'Expend - Organ'!N58+'Expend - JrChurch'!N58+'Expend - Benevolent'!N58+'Expend - Friday'!N58 -> 0 | N56: =SUM(B56:M56) -> 5565.25 | P56: =N56-O56 -> 5565.25 | W56: =SUM(P56:V56) -> 5565.25 | Y56: =SUMIF('Expend - OverallBUD'!$C$4:$N$4,'Expend - Overall'!$Y$2,'Expend - OverallBUD'!$C56:$N56) -> 5565.25 | Z56: =Y56-N56 -> 0 | AB56: =SUMIF('Expend - OverallPY'!$B$4:$M$4,'Expend - Overall'!$AB$2,'Expend - OverallPY'!$B56:$M56) -> 1819 | AC56: =AB56-N56 -> -3746.25 | AD56: =IF(ISERROR((AB56/N56)-1),"-",(AB56/N56)-1) -> -0.67315035
A57: Activities by Church Organisations | B57: ='Expend - General'!C58+'Expend - Fabric'!C58+'Expend - FlowerFund'!C59+'Expend - SSchoolFund'!C59+'Expend - ReithMemorial'!C59+'Expend - SfSFund'!C59+'Expend - Guild'!C59+'Expend - Organ'!C59+'Expend - JrChurch'!C59+'Expend - Benevolent'!C59+'Expend - Friday'!C59 -> 0 | C57: ='Expend - General'!D58+'Expend - Fabric'!D58+'Expend - FlowerFund'!D59+'Expend - SSchoolFund'!D59+'Expend - ReithMemorial'!D59+'Expend - SfSFund'!D59+'Expend - Guild'!D59+'Expend - Organ'!D59+'Expend - JrChurch'!D59+'Expend - Benevolent'!D59+'Expend - Friday'!D59 -> 0 | D57: ='Expend - General'!E58+'Expend - Fabric'!E58+'Expend - FlowerFund'!E59+'Expend - SSchoolFund'!E59+'Expend - ReithMemorial'!E59+'Expend - SfSFund'!E59+'Expend - Guild'!E59+'Expend - Organ'!E59+'Expend - JrChurch'!E59+'Expend - Benevolent'!E59+'Expend - Friday'!E59 -> 0 | E57: ='Expend - General'!F58+'Expend - Fabric'!F58+'Expend - FlowerFund'!F59+'Expend - SSchoolFund'!F59+'Expend - ReithMemorial'!F59+'Expend - SfSFund'!F59+'Expend - Guild'!F59+'Expend - Organ'!F59+'Expend - JrChurch'!F59+'Expend - Benevolent'!F59+'Expend - Friday'!F59 -> 0 | F57: ='Expend - General'!G58+'Expend - Fabric'!G58+'Expend - FlowerFund'!G59+'Expend - SSchoolFund'!G59+'Expend - ReithMemorial'!G59+'Expend - SfSFund'!G59+'Expend - Guild'!G59+'Expend - Organ'!G59+'Expend - JrChurch'!G59+'Expend - Benevolent'!G59+'Expend - Friday'!G59 -> 0 | G57: ='Expend - General'!H58+'Expend - Fabric'!H58+'Expend - FlowerFund'!H59+'Expend - SSchoolFund'!H59+'Expend - ReithMemorial'!H59+'Expend - SfSFund'!H59+'Expend - Guild'!H59+'Expend - Organ'!H59+'Expend - JrChurch'!H59+'Expend - Benevolent'!H59+'Expend - Friday'!H59 -> 0 | H57: ='Expend - General'!I58+'Expend - Fabric'!I58+'Expend - FlowerFund'!I59+'Expend - SSchoolFund'!I59+'Expend - ReithMemorial'!I59+'Expend - SfSFund'!I59+'Expend - Guild'!I59+'Expend - Organ'!I59+'Expend - JrChurch'!I59+'Expend - Benevolent'!I59+'Expend - Friday'!I59 -> 0 | I57: ='Expend - General'!J58+'Expend - Fabric'!J58+'Expend - FlowerFund'!J59+'Expend - SSchoolFund'!J59+'Expend - ReithMemorial'!J59+'Expend - SfSFund'!J59+'Expend - Guild'!J59+'Expend - Organ'!J59+'Expend - JrChurch'!J59+'Expend - Benevolent'!J59+'Expend - Friday'!J59 -> 0 | ... M57: ='Expend - General'!N58+'Expend - Fabric'!N58+'Expend - FlowerFund'!N59+'Expend - SSchoolFund'!N59+'Expend - ReithMemorial'!N59+'Expend - SfSFund'!N59+'Expend - Guild'!N59+'Expend - Organ'!N59+'Expend - JrChurch'!N59+'Expend - Benevolent'!N59+'Expend - Friday'!N59 -> 0 | N57: =SUM(B57:M57) -> 0 | P57: =N57-O57 -> 0 | W57: =SUM(P57:V57) -> 0 | Y57: =SUMIF('Expend - OverallBUD'!$C$4:$N$4,'Expend - Overall'!$Y$2,'Expend - OverallBUD'!$C57:$N57) -> 0 | Z57: =Y57-N57 -> 0 | AB57: =SUMIF('Expend - OverallPY'!$B$4:$M$4,'Expend - Overall'!$AB$2,'Expend - OverallPY'!$B57:$M57) -> 0 | AC57: =AB57-N57 -> 0 | AD57: =IF(ISERROR((AB57/N57)-1),"-",(AB57/N57)-1) -> -
A58: Activities by Church Teams | B58: ='Expend - General'!C59+'Expend - Fabric'!C59+'Expend - FlowerFund'!C60+'Expend - SSchoolFund'!C60+'Expend - ReithMemorial'!C60+'Expend - SfSFund'!C60+'Expend - Guild'!C60+'Expend - Organ'!C60+'Expend - JrChurch'!C60+'Expend - Benevolent'!C60 -> 22.93 | C58: ='Expend - General'!D59+'Expend - Fabric'!D59+'Expend - FlowerFund'!D60+'Expend - SSchoolFund'!D60+'Expend - ReithMemorial'!D60+'Expend - SfSFund'!D60+'Expend - Guild'!D60+'Expend - Organ'!D60+'Expend - JrChurch'!D60+'Expend - Benevolent'!D60 -> 247.83 | D58: ='Expend - General'!E59+'Expend - Fabric'!E59+'Expend - FlowerFund'!E60+'Expend - SSchoolFund'!E60+'Expend - ReithMemorial'!E60+'Expend - SfSFund'!E60+'Expend - Guild'!E60+'Expend - Organ'!E60+'Expend - JrChurch'!E60+'Expend - Benevolent'!E60 -> 139.6 | E58: ='Expend - General'!F59+'Expend - Fabric'!F59+'Expend - FlowerFund'!F60+'Expend - SSchoolFund'!F60+'Expend - ReithMemorial'!F60+'Expend - SfSFund'!F60+'Expend - Guild'!F60+'Expend - Organ'!F60+'Expend - JrChurch'!F60+'Expend - Benevolent'!F60 -> 413.39 | F58: ='Expend - General'!G59+'Expend - Fabric'!G59+'Expend - FlowerFund'!G60+'Expend - SSchoolFund'!G60+'Expend - ReithMemorial'!G60+'Expend - SfSFund'!G60+'Expend - Guild'!G60+'Expend - Organ'!G60+'Expend - JrChurch'!G60+'Expend - Benevolent'!G60 -> 0 | G58: ='Expend - General'!H59+'Expend - Fabric'!H59+'Expend - FlowerFund'!H60+'Expend - SSchoolFund'!H60+'Expend - ReithMemorial'!H60+'Expend - SfSFund'!H60+'Expend - Guild'!H60+'Expend - Organ'!H60+'Expend - JrChurch'!H60+'Expend - Benevolent'!H60 -> 0 | H58: ='Expend - General'!I59+'Expend - Fabric'!I59+'Expend - FlowerFund'!I60+'Expend - SSchoolFund'!I60+'Expend - ReithMemorial'!I60+'Expend - SfSFund'!I60+'Expend - Guild'!I60+'Expend - Organ'!I60+'Expend - JrChurch'!I60+'Expend - Benevolent'!I60 -> 0 | I58: ='Expend - General'!J59+'Expend - Fabric'!J59+'Expend - FlowerFund'!J60+'Expend - SSchoolFund'!J60+'Expend - ReithMemorial'!J60+'Expend - SfSFund'!J60+'Expend - Guild'!J60+'Expend - Organ'!J60+'Expend - JrChurch'!J60+'Expend - Benevolent'!J60 -> 0 | ... M58: ='Expend - General'!N59+'Expend - Fabric'!N59+'Expend - FlowerFund'!N60+'Expend - SSchoolFund'!N60+'Expend - ReithMemorial'!N60+'Expend - SfSFund'!N60+'Expend - Guild'!N60+'Expend - Organ'!N60+'Expend - JrChurch'!N60+'Expend - Benevolent'!N60 -> 0 | N58: =SUM(B58:M58) -> 823.75 | P58: =N58-O58 -> 823.75 | W58: =SUM(P58:V58) -> 823.75 | Y58: =SUMIF('Expend - OverallBUD'!$C$4:$N$4,'Expend - Overall'!$Y$2,'Expend - OverallBUD'!$C58:$N58) -> 1500 | Z58: =Y58-N58 -> 676.25 | AB58: =SUMIF('Expend - OverallPY'!$B$4:$M$4,'Expend - Overall'!$AB$2,'Expend - OverallPY'!$B58:$M58) -> 713.17 | AC58: =AB58-N58 -> -110.58 | AD58: =IF(ISERROR((AB58/N58)-1),"-",(AB58/N58)-1) -> -0.13423976
A60: Total Charitable Activities | B60: =B53+B48+B47+B43+B38+B37+B33+B21+B20+B19+B15+B14+B13 -> 18887.24 | C60: =C53+C48+C47+C43+C38+C37+C33+C21+C20+C19+C15+C14+C13 -> 14380.63 | D60: =D53+D48+D47+D43+D38+D37+D33+D21+D20+D19+D15+D14+D13 -> 43084.35 | E60: =E53+E48+E47+E43+E38+E37+E33+E21+E20+E19+E15+E14+E13 -> 3269.31 | F60: =F53+F48+F47+F43+F38+F37+F33+F21+F20+F19+F15+F14+F13 -> 16745.33 | G60: =G53+G48+G47+G43+G38+G37+G33+G21+G20+G19+G15+G14+G13 -> 0 | H60: =H53+H48+H47+H43+H38+H37+H33+H21+H20+H19+H15+H14+H13 -> 0 | I60: =I53+I48+I47+I43+I38+I37+I33+I21+I20+I19+I15+I14+I13 -> 0 | ... W60: =W53+W48+W47+W43+W38+W37+W33+W21+W20+W19+W15+W14+W13 -> 96366.86 | Y60: =Y53+Y48+Y47+Y43+Y38+Y37+Y33+Y21+Y20+Y19+Y15+Y14+Y13 -> 93748.65 | Z60: =Z53+Z48+Z47+Z43+Z38+Z37+Z33+Z21+Z20+Z19+Z15+Z14+Z13 -> -2618.21 | AB60: =AB53+AB48+AB47+AB43+AB38+AB37+AB33+AB21+AB20+AB19+AB15+AB14+AB13 -> 83753.61 | AC60: =AC53+AC48+AC47+AC43+AC38+AC37+AC33+AC21+AC20+AC19+AC15+AC14+AC13 -> -12613.25 | AD60: =IF(ISERROR((AB60/N60)-1),"-",(AB60/N60)-1) -> -0.13088784
A62: Total Expenses | B62: =B60+B10 -> 18887.24 | C62: =C60+C10 -> 14380.63 | D62: =D60+D10 -> 43084.35 | E62: =E60+E10 -> 3269.31 | F62: =F60+F10 -> 16745.33 | G62: =G60+G10 -> 0 | H62: =H60+H10 -> 0 | I62: =I60+I10 -> 0 | ... W62: =W60+W10 -> 96366.86 | Y62: =Y60+Y10 -> 93748.65 | Z62: =Z60+Z10 -> -2618.21 | AB62: =AB60+AB10 -> 83753.61 | AC62: =AC60+AC10 -> -12613.25 | AD62: =IF(ISERROR((AB62/N62)-1),"-",(AB62/N62)-1) -> -0.13088784
O63: =108.41+63705+657+219.39+978+1500+4101.8+248.37+8227.34+9611.67+15223.85+972.29+1033.11+1300.09+18131.37+621+2607.17+2307.6+666.6+4299.34+1491.03+496.22+4496.86+170+3034.09+270+1268+910+2980.71+240+38+9787.43 -> 161701.74

Sheet Income - General
A1: Banchory-Ternan West Parish Church
A2: Income & Expenditure Statement
A3: ='Income - Overall'!A3 -> 46173
A4: GENERAL FUND: INCOME
B6: N/L Code | C6: Jan | D6: Feb | E6: Mar | F6: Apr | G6: May | H6: Jun | I6: Jul | J6: Aug | K6: Sep | L6: Oct | M6: Nov | N6: Dec | O6: Tot
A7: Incoming Resources from Generated Funds
A8: Voluntary Income
A9: Offerings
A10: Gift Aid Standing Orders | B10: 0101 | C10: 5873 | D10: 6113 | E10: 6308 | F10: 6178 | G10: 7273.41 | O10: =SUM(C10:N10) -> 31745.41
A11: Non Gift Aid standing | B11: 0102 | C11: 502 | D11: 452 | E11: 470 | F11: 457 | G11: 457 | O11: =SUM(C11:N11) -> 2338
A12: Gift Aid Declarations | B12: 0105 | C12: 470.62 | D12: 514.53 | E12: 606.8 | O12: =SUM(C12:N12) -> 1591.95
A13: WFO Scheme | B13: 0110 | O13: =SUM(C13:N13) -> 0
A14: Open Plate | B14: 0115 | C14: 469.66 | D14: 597.41 | E14: 300.5 | F14: 579.59 | G14: 494.4 | O14: =SUM(C14:N14) -> 2441.56
A15: Other Offerings | B15: 0119 | F15: 118.73 | G15: 3034.41 | O15: =SUM(C15:N15) -> 3153.14
A16: Total Offerings | C16: =SUM(C10:C14) -> 7315.28 | D16: =SUM(D10:D14) -> 7676.94 | E16: =SUM(E10:E14) -> 7685.3 | F16: =SUM(F10:F15) -> 7333.32 | G16: =SUM(G10:G15) -> 11259.22 | H16: =SUM(H10:H15) -> 0 | I16: =SUM(I10:I15) -> 0 | J16: =SUM(J10:J15) -> 0 | K16: =SUM(K10:K15) -> 0 | L16: =SUM(L10:L15) -> 0 | M16: =SUM(M10:M15) -> 0 | ... O16: =SUM(O10:O15) -> 41270.06
A18: Offerings (Local Ministry)
A19: Gift Aid Standing Orders | B19: 0103 | C19: 1918 | D19: 2291.72 | E19: 1628 | F19: 2303 | G19: 1283 | O19: =SUM(C19:N19) -> 9423.72
A20: Non Gift Aid standing | B20: 0104 | C20: 530.31 | D20: 224.31 | E20: 924.31 | F20: 524.31 | G20: 566.5 | O20: =SUM(C20:N20) -> 2769.74
A21: Gift Aid Declarations | B21: 0106 | O21: =SUM(C21:N21) -> 0
A22: WFO Scheme | B22: 0111 | O22: =SUM(C22:N22) -> 0
A23: Total Offerings (Local Ministry) | C23: =SUM(C19:C22) -> 2448.31 | D23: =SUM(D19:D22) -> 2516.03 | E23: =SUM(E19:E22) -> 2552.31 | F23: =SUM(F19:F22) -> 2827.31 | G23: =SUM(G19:G22) -> 1849.5 | H23: =SUM(H19:H22) -> 0 | I23: =SUM(I19:I22) -> 0 | J23: =SUM(J19:J22) -> 0 | ... O23: =SUM(O19:O22) -> 12193.46
A25: Tax Recovered on Gift Aid
A26: Tax Recovered on Gift Aid | B26: 0120 | E26: 7935.48 | F26: 2015.53 | G26: 2142.75 | O26: =SUM(C26:N26) -> 12093.76
A27: Total Tax Recovered on Gift Aid | C27: =SUM(C26:C26) -> 0 | D27: =SUM(D26:D26) -> 0 | E27: =SUM(E26:E26) -> 7935.48 | F27: =SUM(F26:F26) -> 2015.53 | G27: =SUM(G26:G26) -> 2142.75 | H27: =SUM(H26:H26) -> 0 | I27: =SUM(I26:I26) -> 0 | J27: =SUM(J26:J26) -> 0 | K27: =SUM(K26:K26) -> 0 | L27: =SUM(M26:M26) -> 0 | M27: =SUM(M26:M26) -> 0 | N27: =SUM(N26:N26) -> 0 | O27: =SUM(O26:O26) -> 12093.76
A29: Legacies
A30: Legacies | B30: 0130 | O30: =SUM(C30:N30) -> 0
A31: Total Legacies | C31: =SUM(C30) -> 0 | D31: =SUM(D30) -> 0 | E31: =SUM(E30) -> 0 | F31: =SUM(F30) -> 0 | G31: =SUM(G30) -> 0 | H31: =SUM(H30) -> 0 | I31: =SUM(I30) -> 0 | J31: =SUM(J30) -> 0 | ... O31: =SUM(O30) -> 0
A33: Other Donations
A34: Donations to Other Funds | B34: 0193; 0199 | C34: 1220.25 | M34: 0 | N34: 0 | O34: =SUM(C34:N34) -> 1220.25
A35: Donations to Church Organisations | B35: 0195 | O35: =SUM(C35:N35) -> 0
A36: Funds Generated by Church Organisations | B36: 0280 | O36: =SUM(C36:N36) -> 0
A37: Total Other Donations | C37: =SUM(C34:C36) -> 1220.25 | D37: =SUM(D34:D36) -> 0 | E37: =SUM(E34:E36) -> 0 | F37: =SUM(F34:F36) -> 0 | G37: =SUM(G34:G36) -> 0 | H37: =SUM(H34:H36) -> 0 | I37: =SUM(I34:I36) -> 0 | J37: =SUM(J34:J36) -> 0 | ... O37: =SUM(O34:O36) -> 1220.25
A39: Total Voluntary Income | C39: =C37+C31+C27+C16+C23 -> 10983.84 | D39: =D37+D31+D27+D16+D23 -> 10192.97 | E39: =E37+E31+E27+E16+E23 -> 18173.09 | F39: =F37+F31+F27+F16+F23 -> 12176.16 | G39: =G37+G31+G27+G16+G23 -> 15251.47 | H39: =H37+H31+H27+H16+H23 -> 0 | I39: =I37+I31+I27+I16+I23 -> 0 | J39: =J37+J31+J27+J16+J23 -> 0 | ... O39: =O37+O31+O27+O16+O23 -> 66777.53
A41: Activities for Generating Funds
A42: Use of Premises | B42: 0201 | C42: 1057.8 | D42: 1351.5 | E42: 1586.75 | F42: 1695 | G42: 1840.25 | O42: =SUM(C42:N42) -> 7531.3
A43: Total Activities for Generating Funds | C43: =SUM(C42) -> 1057.8 | D43: =SUM(D42) -> 1351.5 | E43: =SUM(E42) -> 1586.75 | F43: =SUM(F42) -> 1695 | G43: =SUM(G42) -> 1840.25 | H43: =SUM(H42) -> 0 | I43: =SUM(I42) -> 0 | J43: =SUM(J42) -> 0 | ... O43: =SUM(O42) -> 7531.3
A45: Investment Income
A46: Deposit Interest | B46: 0301; 0305 | F46: 2544.92 | G46: 1133.19 | O46: =SUM(C46:N46) -> 3678.11
A47: Bank Interest | B47: 0320; 0325 | C47: 33.84 | D47: 22.42 | E47: 17.4 | F47: 12.34 | G47: 19.05 | O47: =SUM(C47:N47) -> 105.05
A48: Total Investment Income | C48: =SUM(C46:C47) -> 33.84 | D48: =SUM(D46:D47) -> 22.42 | E48: =SUM(E46:E47) -> 17.4 | F48: =SUM(F46:F47) -> 2557.26 | G48: =SUM(G46:G47) -> 1152.24 | H48: =SUM(H46:H47) -> 0 | I48: =SUM(I46:I47) -> 0 | J48: =SUM(J46:J47) -> 0 | ... O48: =SUM(O46:O47) -> 3783.16
A50: Total Incoming Resources from Generated Funds | C50: =C48+C43+C39 -> 12075.48 | D50: =D48+D43+D39 -> 11566.89 | E50: =E48+E43+E39 -> 19777.24 | F50: =F48+F43+F39 -> 16428.42 | G50: =G48+G43+G39 -> 18243.96 | H50: =H48+H43+H39 -> 0 | I50: =I48+I43+I39 -> 0 | J50: =J48+J43+J39 -> 0 | ... O50: =O48+O43+O39 -> 78091.99
A52: Incoming Resources from Charitable Activities
A53: Weddings and Funerals | B53: 0401 | C53: 310 | O53: =SUM(C53:N53) -> 310
A54: Christmas Card Delivery (net) | B54: 0403 | O54: =SUM(C54:N54) -> 0
A55: Other Charitable Activities | B55: 0410 | O55: =SUM(C55:N55) -> 0
A56: Other voluntary income | B56: 0190 | O56: =SUM(C56:N56) -> 0
A57: Church Weekend Away | O57: =SUM(C57:N57) -> 0
A58: Activities by Church Organisations | B58: 0140; 0210; 0450; 0900 | O58: =SUM(C58:N58) -> 0
A59: Total Incoming Resources from Charitable Activities | C59: =SUM(C53:C58) -> 310 | D59: =SUM(D53:D58) -> 0 | E59: =SUM(E53:E58) -> 0 | F59: =SUM(F53:F58) -> 0 | G59: =SUM(G53:G58) -> 0 | H59: =SUM(H53:H58) -> 0 | I59: =SUM(I53:I58) -> 0 | J59: =SUM(J53:J58) -> 0 | ... O59: =SUM(O53:O58) -> 310
A61: Total Incoming Resources | C61: =C50+C59 -> 12385.48 | D61: =D50+D59 -> 11566.89 | E61: =E50+E59 -> 19777.24 | F61: =F50+F59 -> 16428.42 | G61: =G50+G59 -> 18243.96 | H61: =H50+H59 -> 0 | I61: =I50+I59 -> 0 | J61: =J50+J59 -> 0 | ... O61: =O50+O59 -> 78401.99
A63: NET IMPACT ON FUND | C63: =C61-'Expend - General'!C63 -> 1761.97 | D63: =D61-'Expend - General'!D63 -> -1943.85 | E63: =E61-'Expend - General'!E63 -> -4208.79 | F63: =F61-'Expend - General'!F63 -> -3441.75 | G63: =G61-'Expend - General'!G63 -> 1619.3 | H63: =H61-'Expend - General'!H63 -> 0 | I63: =I61-'Expend - General'!I63 -> 0 | J63: =J61-'Expend - General'!J63 -> 0 | ... O63: =O61-'Expend - General'!O63 -> -6213.12

Sheet Expend - General
A1: Banchory-Ternan West Parish Church
A2: Income & Expenditure Statement
A3: ='Income - Overall'!A3 -> 46173
A4: GENERAL FUND: EXPENDITURE
B6: N/L Code | C6: Jan | D6: Feb | E6: Mar | F6: Apr | G6: May | H6: Jun | I6: Jul | J6: Aug | K6: Sep | L6: Oct | M6: Nov | N6: Dec | O6: Tot
A7: Costs of Generating Funds
A8: Offering Envelopes | B8: 1002 | O8: =SUM(C8:N8) -> 0
A9: Stewardship Campaign Costs | O9: =SUM(C9:N9) -> 0
A10: Total Costs of Generating Funds | C10: =SUM(C8:C9) -> 0 | D10: =SUM(D8:D9) -> 0 | E10: =SUM(E8:E9) -> 0 | F10: =SUM(F8:F9) -> 0 | G10: =SUM(G8:G9) -> 0 | H10: =SUM(H8:H9) -> 0 | I10: =SUM(I8:I9) -> 0 | J10: =SUM(J8:J9) -> 0 | ... O10: =SUM(O8:O9) -> 0
A12: Charitable Activities
A13: Ministries and Mission Allocation | B13: 1201 | D13: 6400.1 | E13: 6400.1 | F13: 6400.1 | G13: 6400.1 | O13: =SUM(C13:N13) -> 25600.4
A14: Prebytery Dues | B14: 1205 | E14: 3367 | O14: =SUM(C14:N14) -> 3367
A15: Minister's Expenses | B15: …see below… | C15: =SUM(C16:C17) -> 287.5 | D15: =SUM(D16:D17) -> 11.5 | E15: =SUM(E16:E17) -> 11.5 | F15: =SUM(F16:F17) -> 379.5 | G15: =SUM(G16:G17) -> 11.5 | H15: =SUM(H16:H17) -> 0 | I15: =SUM(I16:I17) -> 0 | J15: =SUM(J16:J17) -> 0 | ... N15: =SUM(N16:N17) -> 0 | O15: =SUM(C15:N15) -> 701.5
A16: Telephone | B16: 1420 | C16: 11.5 | D16: 11.5 | E16: 11.5 | F16: 11.5 | G16: 11.5 | O16: =SUM(C16:N16) -> 57.5
A17: Travel | B17: 1440 | C17: 276 | F17: 368 | O17: =SUM(C17:N17) -> 644
A19: Ministerial Assistance | B19: 1500 | O19: =SUM(C19:N19) -> 0
A20: Pulpit Supply | B20: 1600 | O20: =SUM(C20:N20) -> 0
A21: Other Salary Costs | B21: …see below… | C21: =SUM(C22:C32) -> 6428.07 | D21: =SUM(D22:D32) -> 2970.33 | E21: =SUM(E22:E32) -> 9607.12 | F21: =SUM(F22:F32) -> 7061.46 | G21: =SUM(G22:G32) -> 6404.02 | H21: =SUM(H22:H32) -> 0 | I21: =SUM(I22:I32) -> 0 | J21: =SUM(J22:J32) -> 0 | ... O21: =SUM(O22:O32) -> 32471
A22: Organist Salary | B22: 1710 | O22: =SUM(C22:N22) -> 0
A23: Cleaner Salary | B23: 1720 | C23: 524 | E23: 1048.4 | F23: 599.6 | G23: 559.6 | O23: =SUM(C23:N23) -> 2731.6
A24: Pension Payments | B24: 1725 | C24: 351.47 | D24: 351.47 | E24: 395.15 | F24: 323.25 | G24: 295.39 | O24: =SUM(C24:N24) -> 1716.73
A25: Church Officer Salary | B25: 1730 | O25: =SUM(C25:N25) -> 0
A26: Church Secretary Salary | B26: 1740 | C26: 1379.58 | D26: 1379.59 | E26: 1460.98 | F26: 1407.81 | G26: 1407.61 | O26: =SUM(C26:N26) -> 7035.57
A27: Youth Worker Salary | B27: 1750 / 1725 | C27: 1988.63 | E27: 4270.16 | F27: 2089.05 | G27: 2088.84 | O27: =SUM(C27:N27) -> 10436.68
A28: Inland Revenue (PAYE) | B28: 1760 | C28: 1239.26 | D28: 1239.27 | E28: 1487.3 | F28: 1244.34 | G28: 1446.93 | O28: =SUM(C28:N28) -> 6657.1
A29: Church Treasurer Salary | B29: 1770 | O29: =SUM(C29:N29) -> 0
A30: AV Technician | B30: 1765 | O30: =SUM(C30:N30) -> 0
A31: Childrens Worker Salary | B31: 1755 | C31: 945.13 | E31: 945.13 | F31: 1397.41 | G31: 605.65 | O31: =SUM(C31:N31) -> 3893.32
A32: Media Coordinator | B32: 1755 | O32: =SUM(C32:N32) -> 0
A34: Fabric Repairs & Maintenance | B34: …see below… | C34: =SUM(C35:C36) -> 0 | D34: =SUM(D35:D36) -> 0 | E34: =SUM(E35:E36) -> 0 | F34: =SUM(F35:F36) -> 0 | G34: =SUM(G35:G36) -> 0 | H34: =SUM(H35:H36) -> 0 | I34: =SUM(I35:I36) -> 0 | J34: =SUM(J35:J36) -> 0 | ... N34: =SUM(N35:N36) -> 0 | O34: =SUM(C34:N34) -> 0
A35: Church buildings | B35: 1820 | O35: =SUM(C35:N35) -> 0
A36: Manse | B36: 1840 | O36: =SUM(C36:N36) -> 0
A38: Council Tax | B38: 1900 | C38: 400 | F38: 438.03 | G38: 439 | O38: =SUM(C38:N38) -> 1277.03
A39: Other Buildings Costs | B39: …see below… | C39: =SUM(C40:C42) -> 1837.78 | D39: =SUM(D40:D42) -> 1236.76 | E39: =SUM(E40:E42) -> 2397.94 | F39: =SUM(F40:F42) -> 1889.22 | G39: =SUM(G40:G42) -> 1602.02 | H39: =SUM(H40:H42) -> 0 | I39: =SUM(I40:I42) -> 0 | J39: =SUM(J40:J42) -> 0 | ... N39: =SUM(N40:N42) -> 0 | O39: =SUM(C39:N39) -> 8963.72
A40: Heating and lighting | B40: 2020 | C40: 1245.65 | D40: 1236.76 | E40: 1213.68 | F40: 1297.09 | G40: 1009.89 | O40: =SUM(C40:N40) -> 6003.07
A41: Water Rates | B41: 2030 | O41: =SUM(C41:N41) -> 0
A42: Buildings insurance | B42: 2040 | C42: 592.13 | E42: 1184.26 | F42: 592.13 | G42: 592.13 | O42: =SUM(C42:N42) -> 2960.65
A44: Church Office Expenses | B44: …see below… | C44: =SUM(C45:C46) -> 163.14 | D44: =SUM(D45:D46) -> 142.72 | E44: =SUM(E45:E46) -> 59.58 | F44: =SUM(F45:F46) -> 93.76 | G44: =SUM(G45:G46) -> 74.61 | H44: =SUM(H45:H46) -> 0 | I44: =SUM(I45:I46) -> 0 | J44: =SUM(J45:J46) -> 0 | ... N44: =SUM(N45:N46) -> 0 | O44: =SUM(C44:N44) -> 533.81
A45: Telephone and post | B45: 2120 | C45: 59.96 | D45: 64.5 | E45: 59.58 | F45: 74.27 | G45: 64.61 | O45: =SUM(C45:N45) -> 322.92
A46: Print, Stationery and copying | B46: 2140 | C46: 103.18 | D46: 78.22 | F46: 19.49 | G46: 10 | O46: =SUM(C46:N46) -> 210.89
A47: e
A48: Youth Programme | B48: 1520 | C48: -747.94 | D48: -931.76 | E48: 649.69 | F48: 2858.26 | G48: 373.44 | O48: =SUM(C48:N48) -> 2201.69
A49: Music & IT | B49: …see below… | C49: =SUM(C50:C52) -> 683.49 | D49: =SUM(D50:D52) -> 190.38 | E49: =SUM(E50:E52) -> 750.9 | F49: =SUM(F50:F52) -> 12.5 | G49: =SUM(G50:G52) -> 12.5 | H49: =SUM(H50:H52) -> 0 | I49: =SUM(I50:I52) -> 0 | J49: =SUM(J50:J52) -> 0 | ... N49: =SUM(N50:N52) -> 0 | O49: =SUM(C49:N49) -> 1649.77
A50: Instrument maintenance | B50: 2220 | O50: =SUM(C50:N50) -> 0
A51: Music expenses | B51: 2230 | E51: 738.4 | O51: =SUM(C51:N51) -> 738.4
A52: IT expenses | B52: 2250 | C52: 683.49 | D52: 190.38 | E52: 12.5 | F52: 12.5 | G52: 12.5 | O52: =SUM(C52:N52) -> 911.37
A54: Other Expenses | C54: =SUM(C55:C59) -> 1571.47 | D54: =SUM(D55:D59) -> 3490.71 | E54: =SUM(E55:E59) -> 742.2 | F54: =SUM(F55:F59) -> 737.34 | G54: =SUM(G55:G59) -> 1307.47 | H54: =SUM(H55:H59) -> 0 | I54: =SUM(I55:I59) -> 0 | J54: =SUM(J55:J59) -> 0 | ... N54: =SUM(N55:N59) -> 0 | O54: =SUM(C54:N54) -> 7849.19
A55: Donations to Outside Organisations | B55: 2400 | O55: =SUM(C55:N55) -> 0
A56: Other General Expenses | B56: 2500 | C56: 218.29 | D56: 210.88 | E56: 79.6 | F56: 203.95 | G56: 747.47 | O56: =SUM(C56:N56) -> 1460.19
A57: Activities by Other Funds | B57: 2580 | C57: 1330.25 | D57: 3032 | E57: 523 | F57: 120 | G57: 560 | O57: =SUM(C57:N57) -> 5565.25
A58: Activities by Church Organisations | B58: 2590 | O58: =SUM(C58:N58) -> 0
A59: Activities by Church Teams** | B59: 2200 | C59: 22.93 | D59: 247.83 | E59: 139.6 | F59: 413.39 | O59: =SUM(C59:N59) -> 823.75
A61: Total Charitable Activities | C61: =C54+C49+C48+C44+C39+C38+C34+C21+C20+C19+C15+C14+C13 -> 10623.51 | D61: =D54+D49+D48+D44+D39+D38+D34+D21+D20+D19+D15+D14+D13 -> 13510.74 | E61: =E54+E49+E48+E44+E39+E38+E34+E21+E20+E19+E15+E14+E13 -> 23986.03 | F61: =F54+F49+F48+F44+F39+F38+F34+F21+F20+F19+F15+F14+F13 -> 19870.17 | G61: =G54+G49+G48+G44+G39+G38+G34+G21+G20+G19+G15+G14+G13 -> 16624.66 | H61: =H54+H49+H48+H44+H39+H38+H34+H21+H20+H19+H15+H14+H13 -> 0 | I61: =I54+I49+I48+I44+I39+I38+I34+I21+I20+I19+I15+I14+I13 -> 0 | J61: =J54+J49+J48+J44+J39+J38+J34+J21+J20+J19+J15+J14+J13 -> 0 | ... O61: =O54+O49+O48+O44+O39+O38+O34+O21+O20+O19+O15+O14+O13 -> 84615.11
A63: Total Expenses | C63: =C61+C10 -> 10623.51 | D63: =D61+D10 -> 13510.74 | E63: =E61+E10 -> 23986.03 | F63: =F61+F10 -> 19870.17 | G63: =G61+G10 -> 16624.66 | H63: =H61+H10 -> 0 | I63: =I61+I10 -> 0 | J63: =J61+J10 -> 0 | ... O63: =O61+O10 -> 84615.11

Sheet FundSummary
A1: Banchory-Ternan West Parish Church | C1: End | D1: Endowment Fund. Only income from fund can be distributed. | AL1: Des. | AM1: Designated Fund. No restriction on use. However, practice is to utilise where it is
A2: Fund Analysis | C2: Res | D2: Restricted Fund. Funds must be used for designated purpose. | AM2: allocated at time of receipt.
A3: ='Income - Overall'!A3 -> 46173
B4: Per Accounts Filed for 2021 | G4: Per System | M4: Variance | T4: Movement | Y4: Per System | AE4: Variance | AL4: Balance at Period End | AQ4: Per System | AW4: Variance
B5: End | C5: Res | D5: Des | E5: Sub-Total | F5: Total | G5: End | H5: Res | I5: Des | J5: Sub-Total | K5: Next Level | L5: Total | M5: End | N5: Res | O5: Des | P5: Sub-Total | Q5: Next Level | R5: Total | T5: End | U5: Res | V5: Des | W5: Sub-Total | X5: Total | Y5: End | Z5: Res | AA5: Des | AB5: Sub-Total | AC5: Next Level | AD5: Total | AE5: End | AF5: Res | AG5: Des | AH5: Total | AI5: Next Level | AJ5: Total | AL5: End | AM5: Res | AN5: Des | AO5: Sub-Total | AP5: Total | AQ5: End | AR5: Res | AS5: Des | AT5: Sub-Total | AU5: Next Level | AV5: Total | AW5: End | AX5: Res | AY5: Des | AZ5: Sub-Total | BA5: Next Level | BB5: Total | BD5: Purposes of the Funds
A6: Adam Farm Servants' | B6: 39.51 | C6: 0.5 | D6: 0 | E6: 40.01 | F6: 40.01 | Q6: #REF! | R6: #REF! | W6: 0 | X6: 0 | AB6: =SUM(Y6:AA6) -> 0 | AD6: =SUM(AB6:AC6) -> 0 | AE6: =Y6-T6 -> 0 | AF6: =Z6-U6 -> 0 | AG6: =AA6-V6 -> 0 | AH6: =SUM(AE6:AG6) -> 0 | AI6: =AC6-#REF! -> #REF! | AJ6: =SUM(AH6:AI6) -> #REF! | AL6: =B6+T6 -> 39.51 | AM6: =C6+U6 -> 0.5 | AN6: =D6+V6 -> 0 | AO6: =SUM(AL6:AN6) -> 40.01 | AP6: =SUM(AO6:AO6) -> 40.01 | AQ6: =G6+Y6 -> 0 | AR6: =H6+Z6 -> 0 | AS6: =I6+AA6 -> 0 | AT6: =SUM(AQ6:AS6) -> 0 | AU6: =K6+AC6 -> 0 | AV6: =SUM(AT6:AU6) -> 0 | AW6: =AQ6-AL6 -> -39.51 | AX6: =AR6-AM6 -> -0.5 | AY6: =AS6-AN6 -> 0 | AZ6: =AT6-AO6 -> -40.01 | BA6: =Q6+AI6 -> #REF! | BB6: =SUM(AZ6:BA6) -> #REF! | BD6: Benevolent Fund purposes
A7: Adam Gravestone | B7: 10.87 | C7: 612.58 | D7: 0 | E7: 623.45 | F7: 623.45 | Q7: #REF! | R7: #REF! | W7: 0 | X7: 0 | AB7: =SUM(Y7:AA7) -> 0 | AD7: =SUM(AB7:AC7) -> 0 | AE7: =Y7-T7 -> 0 | AF7: =Z7-U7 -> 0 | AG7: =AA7-V7 -> 0 | AH7: =SUM(AE7:AG7) -> 0 | AI7: =AC7-#REF! -> #REF! | AJ7: =SUM(AH7:AI7) -> #REF! | AL7: =B7+T7 -> 10.87 | AM7: =C7+U7 -> 612.58 | AN7: =D7+V7 -> 0 | AO7: =SUM(AL7:AN7) -> 623.45 | AP7: =SUM(AO7:AO7) -> 623.45 | AQ7: =G7+Y7 -> 0 | AR7: =H7+Z7 -> 0 | AS7: =I7+AA7 -> 0 | AT7: =SUM(AQ7:AS7) -> 0 | AU7: =K7+AC7 -> 0 | AV7: =SUM(AT7:AU7) -> 0 | AW7: =AQ7-AL7 -> -10.87 | AX7: =AR7-AM7 -> -612.58 | AY7: =AS7-AN7 -> 0 | AZ7: =AT7-AO7 -> -623.45 | BA7: =Q7+AI7 -> #REF! | BB7: =SUM(AZ7:BA7) -> #REF! | BD7: Upkeep of gravestones in Old Banchory Cemetery
A8: Aldersyde | B8: 1231.48 | C8: 4.97 | D8: 0 | E8: 1236.45 | F8: 1236.45 | Q8: #REF! | R8: #REF! | W8: 0 | X8: 0 | AB8: =SUM(Y8:AA8) -> 0 | AD8: =SUM(AB8:AC8) -> 0 | AE8: =Y8-T8 -> 0 | AF8: =Z8-U8 -> 0 | AG8: =AA8-V8 -> 0 | AH8: =SUM(AE8:AG8) -> 0 | AI8: =AC8-#REF! -> #REF! | AJ8: =SUM(AH8:AI8) -> #REF! | AL8: =B8+T8 -> 1231.48 | AM8: =C8+U8 -> 4.97 | AN8: =D8+V8 -> 0 | AO8: =SUM(AL8:AN8) -> 1236.45 | AP8: =SUM(AO8:AO8) -> 1236.45 | AQ8: =G8+Y8 -> 0 | AR8: =H8+Z8 -> 0 | AS8: =I8+AA8 -> 0 | AT8: =SUM(AQ8:AS8) -> 0 | AU8: =K8+AC8 -> 0 | AV8: =SUM(AT8:AU8) -> 0 | AW8: =AQ8-AL8 -> -1231.48 | AX8: =AR8-AM8 -> -4.97 | AY8: =AS8-AN8 -> 0 | AZ8: =AT8-AO8 -> -1236.45 | BA8: =Q8+AI8 -> #REF! | BB8: =SUM(AZ8:BA8) -> #REF! | BD8: Minister's Pension fund
A9: Benevolent End | B9: 18575.22 | C9: -109.07 | D9: 240 | E9: 18706.15 | F9: 18706.15 | Q9: #REF! | R9: #REF! | W9: 0 | X9: 0 | AB9: =SUM(Y9:AA9) -> 0 | AD9: =SUM(AB9:AC9) -> 0 | AE9: =Y9-T9 -> 0 | AF9: =Z9-U9 -> 0 | AG9: =AA9-V9 -> 0 | AH9: =SUM(AE9:AG9) -> 0 | AI9: =AC9-#REF! -> #REF! | AJ9: =SUM(AH9:AI9) -> #REF! | AL9: =B9+T9 -> 18575.22 | AM9: =C9+U9 -> -109.07 | AN9: =D9+V9 -> 240 | AO9: =SUM(AL9:AN9) -> 18706.15 | AP9: =SUM(AO9:AO9) -> 18706.15 | AQ9: =G9+Y9 -> 0 | AR9: =H9+Z9 -> 0 | AS9: =I9+AA9 -> 0 | AT9: =SUM(AQ9:AS9) -> 0 | AU9: =K9+AC9 -> 0 | AV9: =SUM(AT9:AU9) -> 0 | AW9: =AQ9-AL9 -> -18575.22 | AX9: =AR9-AM9 -> 109.07 | AY9: =AS9-AN9 -> -240 | AZ9: =AT9-AO9 -> -18706.15 | BA9: =Q9+AI9 -> #REF! | BB9: =SUM(AZ9:BA9) -> #REF! | BD9: Distribution amongst the poor of the Parish at Minister's discretion
A10: J Low Gravestone | B10: 500 | C10: 0 | D10: 0 | E10: 500 | F10: 500 | Q10: #REF! | R10: #REF! | W10: 0 | X10: 0 | AB10: =SUM(Y10:AA10) -> 0 | AD10: =SUM(AB10:AC10) -> 0 | AE10: =Y10-T10 -> 0 | AF10: =Z10-U10 -> 0 | AG10: =AA10-V10 -> 0 | AH10: =SUM(AE10:AG10) -> 0 | AI10: =AC10-#REF! -> #REF! | AJ10: =SUM(AH10:AI10) -> #REF! | AL10: =B10+T10 -> 500 | AM10: =C10+U10 -> 0 | AN10: =D10+V10 -> 0 | AO10: =SUM(AL10:AN10) -> 500 | AP10: =SUM(AO10:AO10) -> 500 | AQ10: =G10+Y10 -> 0 | AR10: =H10+Z10 -> 0 | AS10: =I10+AA10 -> 0 | AT10: =SUM(AQ10:AS10) -> 0 | AU10: =K10+AC10 -> 0 | AV10: =SUM(AT10:AU10) -> 0 | AW10: =AQ10-AL10 -> -500 | AX10: =AR10-AM10 -> 0 | AY10: =AS10-AN10 -> 0 | AZ10: =AT10-AO10 -> -500 | BA10: =Q10+AI10 -> #REF! | BB10: =SUM(AZ10:BA10) -> #REF! | BD10: Upkeep of gravestones in Old Banchory Cemetery
A11: Lynnwood | B11: 1609.49 | C11: 6.2 | D11: 0 | E11: 1615.69 | F11: 1615.69 | Q11: #REF! | R11: #REF! | W11: 0 | X11: 0 | AB11: =SUM(Y11:AA11) -> 0 | AD11: =SUM(AB11:AC11) -> 0 | AE11: =Y11-T11 -> 0 | AF11: =Z11-U11 -> 0 | AG11: =AA11-V11 -> 0 | AH11: =SUM(AE11:AG11) -> 0 | AI11: =AC11-#REF! -> #REF! | AJ11: =SUM(AH11:AI11) -> #REF! | AL11: =B11+T11 -> 1609.49 | AM11: =C11+U11 -> 6.2 | AN11: =D11+V11 -> 0 | AO11: =SUM(AL11:AN11) -> 1615.69 | AP11: =SUM(AO11:AO11) -> 1615.69 | AQ11: =G11+Y11 -> 0 | AR11: =H11+Z11 -> 0 | AS11: =I11+AA11 -> 0 | AT11: =SUM(AQ11:AS11) -> 0 | AU11: =K11+AC11 -> 0 | AV11: =SUM(AT11:AU11) -> 0 | AW11: =AQ11-AL11 -> -1609.49 | AX11: =AR11-AM11 -> -6.2 | AY11: =AS11-AN11 -> 0 | AZ11: =AT11-AO11 -> -1615.69 | BA11: =Q11+AI11 -> #REF! | BB11: =SUM(AZ11:BA11) -> #REF! | BD11: Minister's Stipend fund
A12: McDonald | B12: 50 | C12: 3.2 | D12: 0 | E12: 53.2 | F12: 53.2 | Q12: #REF! | R12: #REF! | W12: 0 | X12: 0 | AB12: =SUM(Y12:AA12) -> 0 | AD12: =SUM(AB12:AC12) -> 0 | AE12: =Y12-T12 -> 0 | AF12: =Z12-U12 -> 0 | AG12: =AA12-V12 -> 0 | AH12: =SUM(AE12:AG12) -> 0 | AI12: =AC12-#REF! -> #REF! | AJ12: =SUM(AH12:AI12) -> #REF! | AL12: =B12+T12 -> 50 | AM12: =C12+U12 -> 3.2 | AN12: =D12+V12 -> 0 | AO12: =SUM(AL12:AN12) -> 53.2 | AP12: =SUM(AO12:AO12) -> 53.2 | AQ12: =G12+Y12 -> 0 | AR12: =H12+Z12 -> 0 | AS12: =I12+AA12 -> 0 | AT12: =SUM(AQ12:AS12) -> 0 | AU12: =K12+AC12 -> 0 | AV12: =SUM(AT12:AU12) -> 0 | AW12: =AQ12-AL12 -> -50 | AX12: =AR12-AM12 -> -3.2 | AY12: =AS12-AN12 -> 0 | AZ12: =AT12-AO12 -> -53.2 | BA12: =Q12+AI12 -> #REF! | BB12: =SUM(AZ12:BA12) -> #REF! | BD12: General Fund purposes
A13: McIntosh | B13: 59.23 | C13: 3.87 | D13: 0 | E13: 63.1 | F13: 63.1 | Q13: #REF! | R13: #REF! | W13: 0 | X13: 0 | AB13: =SUM(Y13:AA13) -> 0 | AD13: =SUM(AB13:AC13) -> 0 | AE13: =Y13-T13 -> 0 | AF13: =Z13-U13 -> 0 | AG13: =AA13-V13 -> 0 | AH13: =SUM(AE13:AG13) -> 0 | AI13: =AC13-#REF! -> #REF! | AJ13: =SUM(AH13:AI13) -> #REF! | AL13: =B13+T13 -> 59.23 | AM13: =C13+U13 -> 3.87 | AN13: =D13+V13 -> 0 | AO13: =SUM(AL13:AN13) -> 63.1 | AP13: =SUM(AO13:AO13) -> 63.1 | AQ13: =G13+Y13 -> 0 | AR13: =H13+Z13 -> 0 | AS13: =I13+AA13 -> 0 | AT13: =SUM(AQ13:AS13) -> 0 | AU13: =K13+AC13 -> 0 | AV13: =SUM(AT13:AU13) -> 0 | AW13: =AQ13-AL13 -> -59.23 | AX13: =AR13-AM13 -> -3.87 | AY13: =AS13-AN13 -> 0 | AZ13: =AT13-AO13 -> -63.1 | BA13: =Q13+AI13 -> #REF! | BB13: =SUM(AZ13:BA13) -> #REF! | BD13: Providing flowers in the Church on the first Sunday of January
A14: Paterson | B14: 1000 | C14: -6 | D14: 0 | E14: 994 | F14: 994 | Q14: #REF! | R14: #REF! | W14: 0 | X14: 0 | AB14: =SUM(Y14:AA14) -> 0 | AD14: =SUM(AB14:AC14) -> 0 | AE14: =Y14-T14 -> 0 | AF14: =Z14-U14 -> 0 | AG14: =AA14-V14 -> 0 | AH14: =SUM(AE14:AG14) -> 0 | AI14: =AC14-#REF! -> #REF! | AJ14: =SUM(AH14:AI14) -> #REF! | AL14: =B14+T14 -> 1000 | AM14: =C14+U14 -> -6 | AN14: =D14+V14 -> 0 | AO14: =SUM(AL14:AN14) -> 994 | AP14: =SUM(AO14:AO14) -> 994 | AQ14: =G14+Y14 -> 0 | AR14: =H14+Z14 -> 0 | AS14: =I14+AA14 -> 0 | AT14: =SUM(AQ14:AS14) -> 0 | AU14: =K14+AC14 -> 0 | AV14: =SUM(AT14:AU14) -> 0 | AW14: =AQ14-AL14 -> -1000 | AX14: =AR14-AM14 -> 6 | AY14: =AS14-AN14 -> 0 | AZ14: =AT14-AO14 -> -994 | BA14: =Q14+AI14 -> #REF! | BB14: =SUM(AZ14:BA14) -> #REF! | BD14: Upkeep of the Fabric of the Church
A15: Ronald Stephen Memorial | B15: 20000 | C15: 0 | D15: 0 | E15: 20000 | F15: 20000 | Q15: #REF! | R15: #REF! | W15: 0 | X15: 0 | AB15: =SUM(Y15:AA15) -> 0 | AD15: =SUM(AB15:AC15) -> 0 | AE15: =Y15-T15 -> 0 | AF15: =Z15-U15 -> 0 | AG15: =AA15-V15 -> 0 | AH15: =SUM(AE15:AG15) -> 0 | AI15: =AC15-#REF! -> #REF! | AJ15: =SUM(AH15:AI15) -> #REF! | AL15: =B15+T15 -> 20000 | AM15: =C15+U15 -> 0 | AN15: =D15+V15 -> 0 | AO15: =SUM(AL15:AN15) -> 20000 | AP15: =SUM(AO15:AO15) -> 20000 | AQ15: =G15+Y15 -> 0 | AR15: =H15+Z15 -> 0 | AS15: =I15+AA15 -> 0 | AT15: =SUM(AQ15:AS15) -> 0 | AU15: =K15+AC15 -> 0 | AV15: =SUM(AT15:AU15) -> 0 | AW15: =AQ15-AL15 -> -20000 | AX15: =AR15-AM15 -> 0 | AY15: =AS15-AN15 -> 0 | AZ15: =AT15-AO15 -> -20000 | BA15: =Q15+AI15 -> #REF! | BB15: =SUM(AZ15:BA15) -> #REF! | BD15: Fabric repairs to outside and inside of Church and outside of Manse
A16: Scorgie | B16: 50 | C16: 478.69 | D16: 0 | E16: 528.69 | F16: 528.69 | Q16: #REF! | R16: #REF! | W16: 0 | X16: 0 | AB16: =SUM(Y16:AA16) -> 0 | AD16: =SUM(AB16:AC16) -> 0 | AE16: =Y16-T16 -> 0 | AF16: =Z16-U16 -> 0 | AG16: =AA16-V16 -> 0 | AH16: =SUM(AE16:AG16) -> 0 | AI16: =AC16-#REF! -> #REF! | AJ16: =SUM(AH16:AI16) -> #REF! | AL16: =B16+T16 -> 50 | AM16: =C16+U16 -> 478.69 | AN16: =D16+V16 -> 0 | AO16: =SUM(AL16:AN16) -> 528.69 | AP16: =SUM(AO16:AO16) -> 528.69 | AQ16: =G16+Y16 -> 0 | AR16: =H16+Z16 -> 0 | AS16: =I16+AA16 -> 0 | AT16: =SUM(AQ16:AS16) -> 0 | AU16: =K16+AC16 -> 0 | AV16: =SUM(AT16:AU16) -> 0 | AW16: =AQ16-AL16 -> -50 | AX16: =AR16-AM16 -> -478.69 | AY16: =AS16-AN16 -> 0 | AZ16: =AT16-AO16 -> -528.69 | BA16: =Q16+AI16 -> #REF! | BB16: =SUM(AZ16:BA16) -> #REF! | BD16: Upkeep of gravestones in Old Banchory Cemetery
